Workbook

Sheet TH_CN
A1: BẢNG TỔNG HỢP CÔNG NỢ NĂM 2025
B2: TỔNG CÔNG NỢ | C2: =SUM(C$5:C$21) -> 1137998919 | D2: =SUM(D$5:D$21) -> 1581898383 | E2: =SUM(E$5:E$21) -> 502535149 | F2: =SUM(F$5:F$21) -> 410217321 | G2: =SUM(G$5:G$21) -> 304216594 | H2: =SUM(H$5:H$21) -> 482561458 | I2: =SUM(I$5:I$21) -> 407473250 | J2: =SUM(J$5:J$21) -> 503415011 | ... N2: =SUM(N$5:N$21) -> 459942164
A4: NHÓM KHÁCH HÀNG | B4: TÊN NHÓM KHÁCH HÀNG | C4: 46053 | D4: =EOMONTH(C4,1) -> 46081 | E4: =EOMONTH(D4,1) -> 46112 | F4: =EOMONTH(E4,1) -> 46142 | G4: =EOMONTH(F4,1) -> 46173 | H4: =EOMONTH(G4,1) -> 46203 | I4: =EOMONTH(H4,1) -> 46234 | J4: =EOMONTH(I4,1) -> 46265 | K4: =EOMONTH(J4,1) -> 46295 | ... N4: =EOMONTH(M4,1) -> 46387
A5: MEGA | B5: CÔNG TY TNHH MM MEGA MARKET (VIỆT NAM) | C5: =SUMIFS('Báo cáo'!$O:$O,'Báo cáo'!$AD:$AD,$A5,'Báo cáo'!$Z:$Z,"<="&C$4)+SUMIFS('Báo cáo'!$P:$P,'Báo cáo'!$AD:$AD,$A5,'Báo cáo'!$Z:$Z,"<="&C$4)-SUMIFS('Báo cáo'!$Q:$Q,'Báo cáo'!$AD:$AD,$A5,'Báo cáo'!$AA:$AA,"<="&C$4) -> 1137998919 | D5: =SUMIFS('Báo cáo'!$O:$O,'Báo cáo'!$AD:$AD,$A5,'Báo cáo'!$Z:$Z,"<="&D$4)+SUMIFS('Báo cáo'!$P:$P,'Báo cáo'!$AD:$AD,$A5,'Báo cáo'!$Z:$Z,"<="&D$4)-SUMIFS('Báo cáo'!$Q:$Q,'Báo cáo'!$AD:$AD,$A5,'Báo cáo'!$AA:$AA,"<="&D$4) -> 1581898383 | E5: =SUMIFS('Báo cáo'!$O:$O,'Báo cáo'!$AD:$AD,$A5,'Báo cáo'!$Z:$Z,"<="&E$4)+SUMIFS('Báo cáo'!$P:$P,'Báo cáo'!$AD:$AD,$A5,'Báo cáo'!$Z:$Z,"<="&E$4)-SUMIFS('Báo cáo'!$Q:$Q,'Báo cáo'!$AD:$AD,$A5,'Báo cáo'!$AA:$AA,"<="&E$4) -> 502535149 | F5: =SUMIFS('Báo cáo'!$O:$O,'Báo cáo'!$AD:$AD,$A5,'Báo cáo'!$Z:$Z,"<="&F$4)+SUMIFS('Báo cáo'!$P:$P,'Báo cáo'!$AD:$AD,$A5,'Báo cáo'!$Z:$Z,"<="&F$4)-SUMIFS('Báo cáo'!$Q:$Q,'Báo cáo'!$AD:$AD,$A5,'Báo cáo'!$AA:$AA,"<="&F$4) -> 410217321 | G5: =SUMIFS('Báo cáo'!$O:$O,'Báo cáo'!$AD:$AD,$A5,'Báo cáo'!$Z:$Z,"<="&G$4)+SUMIFS('Báo cáo'!$P:$P,'Báo cáo'!$AD:$AD,$A5,'Báo cáo'!$Z:$Z,"<="&G$4)-SUMIFS('Báo cáo'!$Q:$Q,'Báo cáo'!$AD:$AD,$A5,'Báo cáo'!$AA:$AA,"<="&G$4) -> 304216594 | H5: =SUMIFS('Báo cáo'!$O:$O,'Báo cáo'!$AD:$AD,$A5,'Báo cáo'!$Z:$Z,"<="&H$4)+SUMIFS('Báo cáo'!$P:$P,'Báo cáo'!$AD:$AD,$A5,'Báo cáo'!$Z:$Z,"<="&H$4)-SUMIFS('Báo cáo'!$Q:$Q,'Báo cáo'!$AD:$AD,$A5,'Báo cáo'!$AA:$AA,"<="&H$4) -> 482561458 | I5: =SUMIFS('Báo cáo'!$O:$O,'Báo cáo'!$AD:$AD,$A5,'Báo cáo'!$Z:$Z,"<="&I$4)+SUMIFS('Báo cáo'!$P:$P,'Báo cáo'!$AD:$AD,$A5,'Báo cáo'!$Z:$Z,"<="&I$4)-SUMIFS('Báo cáo'!$Q:$Q,'Báo cáo'!$AD:$AD,$A5,'Báo cáo'!$AA:$AA,"<="&I$4) -> 407473250 | J5: =SUMIFS('Báo cáo'!$O:$O,'Báo cáo'!$AD:$AD,$A5,'Báo cáo'!$Z:$Z,"<="&J$4)+SUMIFS('Báo cáo'!$P:$P,'Báo cáo'!$AD:$AD,$A5,'Báo cáo'!$Z:$Z,"<="&J$4)-SUMIFS('Báo cáo'!$Q:$Q,'Báo cáo'!$AD:$AD,$A5,'Báo cáo'!$AA:$AA,"<="&J$4) -> 503415011 | ... N5: =SUMIFS('Báo cáo'!$O:$O,'Báo cáo'!$AD:$AD,$A5,'Báo cáo'!$Z:$Z,"<="&N$4)+SUMIFS('Báo cáo'!$P:$P,'Báo cáo'!$AD:$AD,$A5,'Báo cáo'!$Z:$Z,"<="&N$4)-SUMIFS('Báo cáo'!$Q:$Q,'Báo cáo'!$AD:$AD,$A5,'Báo cáo'!$AA:$AA,"<="&N$4) -> 459942164
C6: =SUMIFS('Báo cáo'!$O:$O,'Báo cáo'!$AD:$AD,$A6,'Báo cáo'!$Z:$Z,"<="&C$4)+SUMIFS('Báo cáo'!$P:$P,'Báo cáo'!$AD:$AD,$A6,'Báo cáo'!$Z:$Z,"<="&C$4)-SUMIFS('Báo cáo'!$Q:$Q,'Báo cáo'!$AD:$AD,$A6,'Báo cáo'!$AA:$AA,"<="&C$4) -> 0 | D6: =SUMIFS('Báo cáo'!$O:$O,'Báo cáo'!$AD:$AD,$A6,'Báo cáo'!$Z:$Z,"<="&D$4)+SUMIFS('Báo cáo'!$P:$P,'Báo cáo'!$AD:$AD,$A6,'Báo cáo'!$Z:$Z,"<="&D$4)-SUMIFS('Báo cáo'!$Q:$Q,'Báo cáo'!$AD:$AD,$A6,'Báo cáo'!$AA:$AA,"<="&D$4) -> 0 | E6: =SUMIFS('Báo cáo'!$O:$O,'Báo cáo'!$AD:$AD,$A6,'Báo cáo'!$Z:$Z,"<="&E$4)+SUMIFS('Báo cáo'!$P:$P,'Báo cáo'!$AD:$AD,$A6,'Báo cáo'!$Z:$Z,"<="&E$4)-SUMIFS('Báo cáo'!$Q:$Q,'Báo cáo'!$AD:$AD,$A6,'Báo cáo'!$AA:$AA,"<="&E$4) -> 0 | F6: =SUMIFS('Báo cáo'!$O:$O,'Báo cáo'!$AD:$AD,$A6,'Báo cáo'!$Z:$Z,"<="&F$4)+SUMIFS('Báo cáo'!$P:$P,'Báo cáo'!$AD:$AD,$A6,'Báo cáo'!$Z:$Z,"<="&F$4)-SUMIFS('Báo cáo'!$Q:$Q,'Báo cáo'!$AD:$AD,$A6,'Báo cáo'!$AA:$AA,"<="&F$4) -> 0 | G6: =SUMIFS('Báo cáo'!$O:$O,'Báo cáo'!$AD:$AD,$A6,'Báo cáo'!$Z:$Z,"<="&G$4)+SUMIFS('Báo cáo'!$P:$P,'Báo cáo'!$AD:$AD,$A6,'Báo cáo'!$Z:$Z,"<="&G$4)-SUMIFS('Báo cáo'!$Q:$Q,'Báo cáo'!$AD:$AD,$A6,'Báo cáo'!$AA:$AA,"<="&G$4) -> 0 | H6: =SUMIFS('Báo cáo'!$O:$O,'Báo cáo'!$AD:$AD,$A6,'Báo cáo'!$Z:$Z,"<="&H$4)+SUMIFS('Báo cáo'!$P:$P,'Báo cáo'!$AD:$AD,$A6,'Báo cáo'!$Z:$Z,"<="&H$4)-SUMIFS('Báo cáo'!$Q:$Q,'Báo cáo'!$AD:$AD,$A6,'Báo cáo'!$AA:$AA,"<="&H$4) -> 0 | I6: =SUMIFS('Báo cáo'!$O:$O,'Báo cáo'!$AD:$AD,$A6,'Báo cáo'!$Z:$Z,"<="&I$4)+SUMIFS('Báo cáo'!$P:$P,'Báo cáo'!$AD:$AD,$A6,'Báo cáo'!$Z:$Z,"<="&I$4)-SUMIFS('Báo cáo'!$Q:$Q,'Báo cáo'!$AD:$AD,$A6,'Báo cáo'!$AA:$AA,"<="&I$4) -> 0 | J6: =SUMIFS('Báo cáo'!$O:$O,'Báo cáo'!$AD:$AD,$A6,'Báo cáo'!$Z:$Z,"<="&J$4)+SUMIFS('Báo cáo'!$P:$P,'Báo cáo'!$AD:$AD,$A6,'Báo cáo'!$Z:$Z,"<="&J$4)-SUMIFS('Báo cáo'!$Q:$Q,'Báo cáo'!$AD:$AD,$A6,'Báo cáo'!$AA:$AA,"<="&J$4) -> 0 | ... N6: =SUMIFS('Báo cáo'!$O:$O,'Báo cáo'!$AD:$AD,$A6,'Báo cáo'!$Z:$Z,"<="&N$4)+SUMIFS('Báo cáo'!$P:$P,'Báo cáo'!$AD:$AD,$A6,'Báo cáo'!$Z:$Z,"<="&N$4)-SUMIFS('Báo cáo'!$Q:$Q,'Báo cáo'!$AD:$AD,$A6,'Báo cáo'!$AA:$AA,"<="&N$4) -> 0
C7: =SUMIFS('Báo cáo'!$O:$O,'Báo cáo'!$AD:$AD,$A7,'Báo cáo'!$Z:$Z,"<="&C$4)+SUMIFS('Báo cáo'!$P:$P,'Báo cáo'!$AD:$AD,$A7,'Báo cáo'!$Z:$Z,"<="&C$4)-SUMIFS('Báo cáo'!$Q:$Q,'Báo cáo'!$AD:$AD,$A7,'Báo cáo'!$AA:$AA,"<="&C$4) -> 0 | D7: =SUMIFS('Báo cáo'!$O:$O,'Báo cáo'!$AD:$AD,$A7,'Báo cáo'!$Z:$Z,"<="&D$4)+SUMIFS('Báo cáo'!$P:$P,'Báo cáo'!$AD:$AD,$A7,'Báo cáo'!$Z:$Z,"<="&D$4)-SUMIFS('Báo cáo'!$Q:$Q,'Báo cáo'!$AD:$AD,$A7,'Báo cáo'!$AA:$AA,"<="&D$4) -> 0 | E7: =SUMIFS('Báo cáo'!$O:$O,'Báo cáo'!$AD:$AD,$A7,'Báo cáo'!$Z:$Z,"<="&E$4)+SUMIFS('Báo cáo'!$P:$P,'Báo cáo'!$AD:$AD,$A7,'Báo cáo'!$Z:$Z,"<="&E$4)-SUMIFS('Báo cáo'!$Q:$Q,'Báo cáo'!$AD:$AD,$A7,'Báo cáo'!$AA:$AA,"<="&E$4) -> 0 | F7: =SUMIFS('Báo cáo'!$O:$O,'Báo cáo'!$AD:$AD,$A7,'Báo cáo'!$Z:$Z,"<="&F$4)+SUMIFS('Báo cáo'!$P:$P,'Báo cáo'!$AD:$AD,$A7,'Báo cáo'!$Z:$Z,"<="&F$4)-SUMIFS('Báo cáo'!$Q:$Q,'Báo cáo'!$AD:$AD,$A7,'Báo cáo'!$AA:$AA,"<="&F$4) -> 0 | G7: =SUMIFS('Báo cáo'!$O:$O,'Báo cáo'!$AD:$AD,$A7,'Báo cáo'!$Z:$Z,"<="&G$4)+SUMIFS('Báo cáo'!$P:$P,'Báo cáo'!$AD:$AD,$A7,'Báo cáo'!$Z:$Z,"<="&G$4)-SUMIFS('Báo cáo'!$Q:$Q,'Báo cáo'!$AD:$AD,$A7,'Báo cáo'!$AA:$AA,"<="&G$4) -> 0 | H7: =SUMIFS('Báo cáo'!$O:$O,'Báo cáo'!$AD:$AD,$A7,'Báo cáo'!$Z:$Z,"<="&H$4)+SUMIFS('Báo cáo'!$P:$P,'Báo cáo'!$AD:$AD,$A7,'Báo cáo'!$Z:$Z,"<="&H$4)-SUMIFS('Báo cáo'!$Q:$Q,'Báo cáo'!$AD:$AD,$A7,'Báo cáo'!$AA:$AA,"<="&H$4) -> 0 | I7: =SUMIFS('Báo cáo'!$O:$O,'Báo cáo'!$AD:$AD,$A7,'Báo cáo'!$Z:$Z,"<="&I$4)+SUMIFS('Báo cáo'!$P:$P,'Báo cáo'!$AD:$AD,$A7,'Báo cáo'!$Z:$Z,"<="&I$4)-SUMIFS('Báo cáo'!$Q:$Q,'Báo cáo'!$AD:$AD,$A7,'Báo cáo'!$AA:$AA,"<="&I$4) -> 0 | J7: =SUMIFS('Báo cáo'!$O:$O,'Báo cáo'!$AD:$AD,$A7,'Báo cáo'!$Z:$Z,"<="&J$4)+SUMIFS('Báo cáo'!$P:$P,'Báo cáo'!$AD:$AD,$A7,'Báo cáo'!$Z:$Z,"<="&J$4)-SUMIFS('Báo cáo'!$Q:$Q,'Báo cáo'!$AD:$AD,$A7,'Báo cáo'!$AA:$AA,"<="&J$4) -> 0 | ... N7: =SUMIFS('Báo cáo'!$O:$O,'Báo cáo'!$AD:$AD,$A7,'Báo cáo'!$Z:$Z,"<="&N$4)+SUMIFS('Báo cáo'!$P:$P,'Báo cáo'!$AD:$AD,$A7,'Báo cáo'!$Z:$Z,"<="&N$4)-SUMIFS('Báo cáo'!$Q:$Q,'Báo cáo'!$AD:$AD,$A7,'Báo cáo'!$AA:$AA,"<="&N$4) -> 0
C8: =SUMIFS('Báo cáo'!$O:$O,'Báo cáo'!$AD:$AD,$A8,'Báo cáo'!$Z:$Z,"<="&C$4)+SUMIFS('Báo cáo'!$P:$P,'Báo cáo'!$AD:$AD,$A8,'Báo cáo'!$Z:$Z,"<="&C$4)-SUMIFS('Báo cáo'!$Q:$Q,'Báo cáo'!$AD:$AD,$A8,'Báo cáo'!$AA:$AA,"<="&C$4) -> 0 | D8: =SUMIFS('Báo cáo'!$O:$O,'Báo cáo'!$AD:$AD,$A8,'Báo cáo'!$Z:$Z,"<="&D$4)+SUMIFS('Báo cáo'!$P:$P,'Báo cáo'!$AD:$AD,$A8,'Báo cáo'!$Z:$Z,"<="&D$4)-SUMIFS('Báo cáo'!$Q:$Q,'Báo cáo'!$AD:$AD,$A8,'Báo cáo'!$AA:$AA,"<="&D$4) -> 0 | E8: =SUMIFS('Báo cáo'!$O:$O,'Báo cáo'!$AD:$AD,$A8,'Báo cáo'!$Z:$Z,"<="&E$4)+SUMIFS('Báo cáo'!$P:$P,'Báo cáo'!$AD:$AD,$A8,'Báo cáo'!$Z:$Z,"<="&E$4)-SUMIFS('Báo cáo'!$Q:$Q,'Báo cáo'!$AD:$AD,$A8,'Báo cáo'!$AA:$AA,"<="&E$4) -> 0 | F8: =SUMIFS('Báo cáo'!$O:$O,'Báo cáo'!$AD:$AD,$A8,'Báo cáo'!$Z:$Z,"<="&F$4)+SUMIFS('Báo cáo'!$P:$P,'Báo cáo'!$AD:$AD,$A8,'Báo cáo'!$Z:$Z,"<="&F$4)-SUMIFS('Báo cáo'!$Q:$Q,'Báo cáo'!$AD:$AD,$A8,'Báo cáo'!$AA:$AA,"<="&F$4) -> 0 | G8: =SUMIFS('Báo cáo'!$O:$O,'Báo cáo'!$AD:$AD,$A8,'Báo cáo'!$Z:$Z,"<="&G$4)+SUMIFS('Báo cáo'!$P:$P,'Báo cáo'!$AD:$AD,$A8,'Báo cáo'!$Z:$Z,"<="&G$4)-SUMIFS('Báo cáo'!$Q:$Q,'Báo cáo'!$AD:$AD,$A8,'Báo cáo'!$AA:$AA,"<="&G$4) -> 0 | H8: =SUMIFS('Báo cáo'!$O:$O,'Báo cáo'!$AD:$AD,$A8,'Báo cáo'!$Z:$Z,"<="&H$4)+SUMIFS('Báo cáo'!$P:$P,'Báo cáo'!$AD:$AD,$A8,'Báo cáo'!$Z:$Z,"<="&H$4)-SUMIFS('Báo cáo'!$Q:$Q,'Báo cáo'!$AD:$AD,$A8,'Báo cáo'!$AA:$AA,"<="&H$4) -> 0 | I8: =SUMIFS('Báo cáo'!$O:$O,'Báo cáo'!$AD:$AD,$A8,'Báo cáo'!$Z:$Z,"<="&I$4)+SUMIFS('Báo cáo'!$P:$P,'Báo cáo'!$AD:$AD,$A8,'Báo cáo'!$Z:$Z,"<="&I$4)-SUMIFS('Báo cáo'!$Q:$Q,'Báo cáo'!$AD:$AD,$A8,'Báo cáo'!$AA:$AA,"<="&I$4) -> 0 | J8: =SUMIFS('Báo cáo'!$O:$O,'Báo cáo'!$AD:$AD,$A8,'Báo cáo'!$Z:$Z,"<="&J$4)+SUMIFS('Báo cáo'!$P:$P,'Báo cáo'!$AD:$AD,$A8,'Báo cáo'!$Z:$Z,"<="&J$4)-SUMIFS('Báo cáo'!$Q:$Q,'Báo cáo'!$AD:$AD,$A8,'Báo cáo'!$AA:$AA,"<="&J$4) -> 0 | ... N8: =SUMIFS('Báo cáo'!$O:$O,'Báo cáo'!$AD:$AD,$A8,'Báo cáo'!$Z:$Z,"<="&N$4)+SUMIFS('Báo cáo'!$P:$P,'Báo cáo'!$AD:$AD,$A8,'Báo cáo'!$Z:$Z,"<="&N$4)-SUMIFS('Báo cáo'!$Q:$Q,'Báo cáo'!$AD:$AD,$A8,'Báo cáo'!$AA:$AA,"<="&N$4) -> 0
C9: =SUMIFS('Báo cáo'!$O:$O,'Báo cáo'!$AD:$AD,$A9,'Báo cáo'!$Z:$Z,"<="&C$4)+SUMIFS('Báo cáo'!$P:$P,'Báo cáo'!$AD:$AD,$A9,'Báo cáo'!$Z:$Z,"<="&C$4)-SUMIFS('Báo cáo'!$Q:$Q,'Báo cáo'!$AD:$AD,$A9,'Báo cáo'!$AA:$AA,"<="&C$4) -> 0 | D9: =SUMIFS('Báo cáo'!$O:$O,'Báo cáo'!$AD:$AD,$A9,'Báo cáo'!$Z:$Z,"<="&D$4)+SUMIFS('Báo cáo'!$P:$P,'Báo cáo'!$AD:$AD,$A9,'Báo cáo'!$Z:$Z,"<="&D$4)-SUMIFS('Báo cáo'!$Q:$Q,'Báo cáo'!$AD:$AD,$A9,'Báo cáo'!$AA:$AA,"<="&D$4) -> 0 | E9: =SUMIFS('Báo cáo'!$O:$O,'Báo cáo'!$AD:$AD,$A9,'Báo cáo'!$Z:$Z,"<="&E$4)+SUMIFS('Báo cáo'!$P:$P,'Báo cáo'!$AD:$AD,$A9,'Báo cáo'!$Z:$Z,"<="&E$4)-SUMIFS('Báo cáo'!$Q:$Q,'Báo cáo'!$AD:$AD,$A9,'Báo cáo'!$AA:$AA,"<="&E$4) -> 0 | F9: =SUMIFS('Báo cáo'!$O:$O,'Báo cáo'!$AD:$AD,$A9,'Báo cáo'!$Z:$Z,"<="&F$4)+SUMIFS('Báo cáo'!$P:$P,'Báo cáo'!$AD:$AD,$A9,'Báo cáo'!$Z:$Z,"<="&F$4)-SUMIFS('Báo cáo'!$Q:$Q,'Báo cáo'!$AD:$AD,$A9,'Báo cáo'!$AA:$AA,"<="&F$4) -> 0 | G9: =SUMIFS('Báo cáo'!$O:$O,'Báo cáo'!$AD:$AD,$A9,'Báo cáo'!$Z:$Z,"<="&G$4)+SUMIFS('Báo cáo'!$P:$P,'Báo cáo'!$AD:$AD,$A9,'Báo cáo'!$Z:$Z,"<="&G$4)-SUMIFS('Báo cáo'!$Q:$Q,'Báo cáo'!$AD:$AD,$A9,'Báo cáo'!$AA:$AA,"<="&G$4) -> 0 | H9: =SUMIFS('Báo cáo'!$O:$O,'Báo cáo'!$AD:$AD,$A9,'Báo cáo'!$Z:$Z,"<="&H$4)+SUMIFS('Báo cáo'!$P:$P,'Báo cáo'!$AD:$AD,$A9,'Báo cáo'!$Z:$Z,"<="&H$4)-SUMIFS('Báo cáo'!$Q:$Q,'Báo cáo'!$AD:$AD,$A9,'Báo cáo'!$AA:$AA,"<="&H$4) -> 0 | I9: =SUMIFS('Báo cáo'!$O:$O,'Báo cáo'!$AD:$AD,$A9,'Báo cáo'!$Z:$Z,"<="&I$4)+SUMIFS('Báo cáo'!$P:$P,'Báo cáo'!$AD:$AD,$A9,'Báo cáo'!$Z:$Z,"<="&I$4)-SUMIFS('Báo cáo'!$Q:$Q,'Báo cáo'!$AD:$AD,$A9,'Báo cáo'!$AA:$AA,"<="&I$4) -> 0 | J9: =SUMIFS('Báo cáo'!$O:$O,'Báo cáo'!$AD:$AD,$A9,'Báo cáo'!$Z:$Z,"<="&J$4)+SUMIFS('Báo cáo'!$P:$P,'Báo cáo'!$AD:$AD,$A9,'Báo cáo'!$Z:$Z,"<="&J$4)-SUMIFS('Báo cáo'!$Q:$Q,'Báo cáo'!$AD:$AD,$A9,'Báo cáo'!$AA:$AA,"<="&J$4) -> 0 | ... N9: =SUMIFS('Báo cáo'!$O:$O,'Báo cáo'!$AD:$AD,$A9,'Báo cáo'!$Z:$Z,"<="&N$4)+SUMIFS('Báo cáo'!$P:$P,'Báo cáo'!$AD:$AD,$A9,'Báo cáo'!$Z:$Z,"<="&N$4)-SUMIFS('Báo cáo'!$Q:$Q,'Báo cáo'!$AD:$AD,$A9,'Báo cáo'!$AA:$AA,"<="&N$4) -> 0
C10: =SUMIFS('Báo cáo'!$O:$O,'Báo cáo'!$AD:$AD,$A10,'Báo cáo'!$Z:$Z,"<="&C$4)+SUMIFS('Báo cáo'!$P:$P,'Báo cáo'!$AD:$AD,$A10,'Báo cáo'!$Z:$Z,"<="&C$4)-SUMIFS('Báo cáo'!$Q:$Q,'Báo cáo'!$AD:$AD,$A10,'Báo cáo'!$AA:$AA,"<="&C$4) -> 0 | D10: =SUMIFS('Báo cáo'!$O:$O,'Báo cáo'!$AD:$AD,$A10,'Báo cáo'!$Z:$Z,"<="&D$4)+SUMIFS('Báo cáo'!$P:$P,'Báo cáo'!$AD:$AD,$A10,'Báo cáo'!$Z:$Z,"<="&D$4)-SUMIFS('Báo cáo'!$Q:$Q,'Báo cáo'!$AD:$AD,$A10,'Báo cáo'!$AA:$AA,"<="&D$4) -> 0 | E10: =SUMIFS('Báo cáo'!$O:$O,'Báo cáo'!$AD:$AD,$A10,'Báo cáo'!$Z:$Z,"<="&E$4)+SUMIFS('Báo cáo'!$P:$P,'Báo cáo'!$AD:$AD,$A10,'Báo cáo'!$Z:$Z,"<="&E$4)-SUMIFS('Báo cáo'!$Q:$Q,'Báo cáo'!$AD:$AD,$A10,'Báo cáo'!$AA:$AA,"<="&E$4) -> 0 | F10: =SUMIFS('Báo cáo'!$O:$O,'Báo cáo'!$AD:$AD,$A10,'Báo cáo'!$Z:$Z,"<="&F$4)+SUMIFS('Báo cáo'!$P:$P,'Báo cáo'!$AD:$AD,$A10,'Báo cáo'!$Z:$Z,"<="&F$4)-SUMIFS('Báo cáo'!$Q:$Q,'Báo cáo'!$AD:$AD,$A10,'Báo cáo'!$AA:$AA,"<="&F$4) -> 0 | G10: =SUMIFS('Báo cáo'!$O:$O,'Báo cáo'!$AD:$AD,$A10,'Báo cáo'!$Z:$Z,"<="&G$4)+SUMIFS('Báo cáo'!$P:$P,'Báo cáo'!$AD:$AD,$A10,'Báo cáo'!$Z:$Z,"<="&G$4)-SUMIFS('Báo cáo'!$Q:$Q,'Báo cáo'!$AD:$AD,$A10,'Báo cáo'!$AA:$AA,"<="&G$4) -> 0 | H10: =SUMIFS('Báo cáo'!$O:$O,'Báo cáo'!$AD:$AD,$A10,'Báo cáo'!$Z:$Z,"<="&H$4)+SUMIFS('Báo cáo'!$P:$P,'Báo cáo'!$AD:$AD,$A10,'Báo cáo'!$Z:$Z,"<="&H$4)-SUMIFS('Báo cáo'!$Q:$Q,'Báo cáo'!$AD:$AD,$A10,'Báo cáo'!$AA:$AA,"<="&H$4) -> 0 | I10: =SUMIFS('Báo cáo'!$O:$O,'Báo cáo'!$AD:$AD,$A10,'Báo cáo'!$Z:$Z,"<="&I$4)+SUMIFS('Báo cáo'!$P:$P,'Báo cáo'!$AD:$AD,$A10,'Báo cáo'!$Z:$Z,"<="&I$4)-SUMIFS('Báo cáo'!$Q:$Q,'Báo cáo'!$AD:$AD,$A10,'Báo cáo'!$AA:$AA,"<="&I$4) -> 0 | J10: =SUMIFS('Báo cáo'!$O:$O,'Báo cáo'!$AD:$AD,$A10,'Báo cáo'!$Z:$Z,"<="&J$4)+SUMIFS('Báo cáo'!$P:$P,'Báo cáo'!$AD:$AD,$A10,'Báo cáo'!$Z:$Z,"<="&J$4)-SUMIFS('Báo cáo'!$Q:$Q,'Báo cáo'!$AD:$AD,$A10,'Báo cáo'!$AA:$AA,"<="&J$4) -> 0 | ... N10: =SUMIFS('Báo cáo'!$O:$O,'Báo cáo'!$AD:$AD,$A10,'Báo cáo'!$Z:$Z,"<="&N$4)+SUMIFS('Báo cáo'!$P:$P,'Báo cáo'!$AD:$AD,$A10,'Báo cáo'!$Z:$Z,"<="&N$4)-SUMIFS('Báo cáo'!$Q:$Q,'Báo cáo'!$AD:$AD,$A10,'Báo cáo'!$AA:$AA,"<="&N$4) -> 0
C11: =SUMIFS('Báo cáo'!$O:$O,'Báo cáo'!$AD:$AD,$A11,'Báo cáo'!$Z:$Z,"<="&C$4)+SUMIFS('Báo cáo'!$P:$P,'Báo cáo'!$AD:$AD,$A11,'Báo cáo'!$Z:$Z,"<="&C$4)-SUMIFS('Báo cáo'!$Q:$Q,'Báo cáo'!$AD:$AD,$A11,'Báo cáo'!$AA:$AA,"<="&C$4) -> 0 | D11: =SUMIFS('Báo cáo'!$O:$O,'Báo cáo'!$AD:$AD,$A11,'Báo cáo'!$Z:$Z,"<="&D$4)+SUMIFS('Báo cáo'!$P:$P,'Báo cáo'!$AD:$AD,$A11,'Báo cáo'!$Z:$Z,"<="&D$4)-SUMIFS('Báo cáo'!$Q:$Q,'Báo cáo'!$AD:$AD,$A11,'Báo cáo'!$AA:$AA,"<="&D$4) -> 0 | E11: =SUMIFS('Báo cáo'!$O:$O,'Báo cáo'!$AD:$AD,$A11,'Báo cáo'!$Z:$Z,"<="&E$4)+SUMIFS('Báo cáo'!$P:$P,'Báo cáo'!$AD:$AD,$A11,'Báo cáo'!$Z:$Z,"<="&E$4)-SUMIFS('Báo cáo'!$Q:$Q,'Báo cáo'!$AD:$AD,$A11,'Báo cáo'!$AA:$AA,"<="&E$4) -> 0 | F11: =SUMIFS('Báo cáo'!$O:$O,'Báo cáo'!$AD:$AD,$A11,'Báo cáo'!$Z:$Z,"<="&F$4)+SUMIFS('Báo cáo'!$P:$P,'Báo cáo'!$AD:$AD,$A11,'Báo cáo'!$Z:$Z,"<="&F$4)-SUMIFS('Báo cáo'!$Q:$Q,'Báo cáo'!$AD:$AD,$A11,'Báo cáo'!$AA:$AA,"<="&F$4) -> 0 | G11: =SUMIFS('Báo cáo'!$O:$O,'Báo cáo'!$AD:$AD,$A11,'Báo cáo'!$Z:$Z,"<="&G$4)+SUMIFS('Báo cáo'!$P:$P,'Báo cáo'!$AD:$AD,$A11,'Báo cáo'!$Z:$Z,"<="&G$4)-SUMIFS('Báo cáo'!$Q:$Q,'Báo cáo'!$AD:$AD,$A11,'Báo cáo'!$AA:$AA,"<="&G$4) -> 0 | H11: =SUMIFS('Báo cáo'!$O:$O,'Báo cáo'!$AD:$AD,$A11,'Báo cáo'!$Z:$Z,"<="&H$4)+SUMIFS('Báo cáo'!$P:$P,'Báo cáo'!$AD:$AD,$A11,'Báo cáo'!$Z:$Z,"<="&H$4)-SUMIFS('Báo cáo'!$Q:$Q,'Báo cáo'!$AD:$AD,$A11,'Báo cáo'!$AA:$AA,"<="&H$4) -> 0 | I11: =SUMIFS('Báo cáo'!$O:$O,'Báo cáo'!$AD:$AD,$A11,'Báo cáo'!$Z:$Z,"<="&I$4)+SUMIFS('Báo cáo'!$P:$P,'Báo cáo'!$AD:$AD,$A11,'Báo cáo'!$Z:$Z,"<="&I$4)-SUMIFS('Báo cáo'!$Q:$Q,'Báo cáo'!$AD:$AD,$A11,'Báo cáo'!$AA:$AA,"<="&I$4) -> 0 | J11: =SUMIFS('Báo cáo'!$O:$O,'Báo cáo'!$AD:$AD,$A11,'Báo cáo'!$Z:$Z,"<="&J$4)+SUMIFS('Báo cáo'!$P:$P,'Báo cáo'!$AD:$AD,$A11,'Báo cáo'!$Z:$Z,"<="&J$4)-SUMIFS('Báo cáo'!$Q:$Q,'Báo cáo'!$AD:$AD,$A11,'Báo cáo'!$AA:$AA,"<="&J$4) -> 0 | ... N11: =SUMIFS('Báo cáo'!$O:$O,'Báo cáo'!$AD:$AD,$A11,'Báo cáo'!$Z:$Z,"<="&N$4)+SUMIFS('Báo cáo'!$P:$P,'Báo cáo'!$AD:$AD,$A11,'Báo cáo'!$Z:$Z,"<="&N$4)-SUMIFS('Báo cáo'!$Q:$Q,'Báo cáo'!$AD:$AD,$A11,'Báo cáo'!$AA:$AA,"<="&N$4) -> 0
C12: =SUMIFS('Báo cáo'!$O:$O,'Báo cáo'!$AD:$AD,$A12,'Báo cáo'!$Z:$Z,"<="&C$4)+SUMIFS('Báo cáo'!$P:$P,'Báo cáo'!$AD:$AD,$A12,'Báo cáo'!$Z:$Z,"<="&C$4)-SUMIFS('Báo cáo'!$Q:$Q,'Báo cáo'!$AD:$AD,$A12,'Báo cáo'!$AA:$AA,"<="&C$4) -> 0 | D12: =SUMIFS('Báo cáo'!$O:$O,'Báo cáo'!$AD:$AD,$A12,'Báo cáo'!$Z:$Z,"<="&D$4)+SUMIFS('Báo cáo'!$P:$P,'Báo cáo'!$AD:$AD,$A12,'Báo cáo'!$Z:$Z,"<="&D$4)-SUMIFS('Báo cáo'!$Q:$Q,'Báo cáo'!$AD:$AD,$A12,'Báo cáo'!$AA:$AA,"<="&D$4) -> 0 | E12: =SUMIFS('Báo cáo'!$O:$O,'Báo cáo'!$AD:$AD,$A12,'Báo cáo'!$Z:$Z,"<="&E$4)+SUMIFS('Báo cáo'!$P:$P,'Báo cáo'!$AD:$AD,$A12,'Báo cáo'!$Z:$Z,"<="&E$4)-SUMIFS('Báo cáo'!$Q:$Q,'Báo cáo'!$AD:$AD,$A12,'Báo cáo'!$AA:$AA,"<="&E$4) -> 0 | F12: =SUMIFS('Báo cáo'!$O:$O,'Báo cáo'!$AD:$AD,$A12,'Báo cáo'!$Z:$Z,"<="&F$4)+SUMIFS('Báo cáo'!$P:$P,'Báo cáo'!$AD:$AD,$A12,'Báo cáo'!$Z:$Z,"<="&F$4)-SUMIFS('Báo cáo'!$Q:$Q,'Báo cáo'!$AD:$AD,$A12,'Báo cáo'!$AA:$AA,"<="&F$4) -> 0 | G12: =SUMIFS('Báo cáo'!$O:$O,'Báo cáo'!$AD:$AD,$A12,'Báo cáo'!$Z:$Z,"<="&G$4)+SUMIFS('Báo cáo'!$P:$P,'Báo cáo'!$AD:$AD,$A12,'Báo cáo'!$Z:$Z,"<="&G$4)-SUMIFS('Báo cáo'!$Q:$Q,'Báo cáo'!$AD:$AD,$A12,'Báo cáo'!$AA:$AA,"<="&G$4) -> 0 | H12: =SUMIFS('Báo cáo'!$O:$O,'Báo cáo'!$AD:$AD,$A12,'Báo cáo'!$Z:$Z,"<="&H$4)+SUMIFS('Báo cáo'!$P:$P,'Báo cáo'!$AD:$AD,$A12,'Báo cáo'!$Z:$Z,"<="&H$4)-SUMIFS('Báo cáo'!$Q:$Q,'Báo cáo'!$AD:$AD,$A12,'Báo cáo'!$AA:$AA,"<="&H$4) -> 0 | I12: =SUMIFS('Báo cáo'!$O:$O,'Báo cáo'!$AD:$AD,$A12,'Báo cáo'!$Z:$Z,"<="&I$4)+SUMIFS('Báo cáo'!$P:$P,'Báo cáo'!$AD:$AD,$A12,'Báo cáo'!$Z:$Z,"<="&I$4)-SUMIFS('Báo cáo'!$Q:$Q,'Báo cáo'!$AD:$AD,$A12,'Báo cáo'!$AA:$AA,"<="&I$4) -> 0 | J12: =SUMIFS('Báo cáo'!$O:$O,'Báo cáo'!$AD:$AD,$A12,'Báo cáo'!$Z:$Z,"<="&J$4)+SUMIFS('Báo cáo'!$P:$P,'Báo cáo'!$AD:$AD,$A12,'Báo cáo'!$Z:$Z,"<="&J$4)-SUMIFS('Báo cáo'!$Q:$Q,'Báo cáo'!$AD:$AD,$A12,'Báo cáo'!$AA:$AA,"<="&J$4) -> 0 | ... N12: =SUMIFS('Báo cáo'!$O:$O,'Báo cáo'!$AD:$AD,$A12,'Báo cáo'!$Z:$Z,"<="&N$4)+SUMIFS('Báo cáo'!$P:$P,'Báo cáo'!$AD:$AD,$A12,'Báo cáo'!$Z:$Z,"<="&N$4)-SUMIFS('Báo cáo'!$Q:$Q,'Báo cáo'!$AD:$AD,$A12,'Báo cáo'!$AA:$AA,"<="&N$4) -> 0
C13: =SUMIFS('Báo cáo'!$O:$O,'Báo cáo'!$AD:$AD,$A13,'Báo cáo'!$Z:$Z,"<="&C$4)+SUMIFS('Báo cáo'!$P:$P,'Báo cáo'!$AD:$AD,$A13,'Báo cáo'!$Z:$Z,"<="&C$4)-SUMIFS('Báo cáo'!$Q:$Q,'Báo cáo'!$AD:$AD,$A13,'Báo cáo'!$AA:$AA,"<="&C$4) -> 0 | D13: =SUMIFS('Báo cáo'!$O:$O,'Báo cáo'!$AD:$AD,$A13,'Báo cáo'!$Z:$Z,"<="&D$4)+SUMIFS('Báo cáo'!$P:$P,'Báo cáo'!$AD:$AD,$A13,'Báo cáo'!$Z:$Z,"<="&D$4)-SUMIFS('Báo cáo'!$Q:$Q,'Báo cáo'!$AD:$AD,$A13,'Báo cáo'!$AA:$AA,"<="&D$4) -> 0 | E13: =SUMIFS('Báo cáo'!$O:$O,'Báo cáo'!$AD:$AD,$A13,'Báo cáo'!$Z:$Z,"<="&E$4)+SUMIFS('Báo cáo'!$P:$P,'Báo cáo'!$AD:$AD,$A13,'Báo cáo'!$Z:$Z,"<="&E$4)-SUMIFS('Báo cáo'!$Q:$Q,'Báo cáo'!$AD:$AD,$A13,'Báo cáo'!$AA:$AA,"<="&E$4) -> 0 | F13: =SUMIFS('Báo cáo'!$O:$O,'Báo cáo'!$AD:$AD,$A13,'Báo cáo'!$Z:$Z,"<="&F$4)+SUMIFS('Báo cáo'!$P:$P,'Báo cáo'!$AD:$AD,$A13,'Báo cáo'!$Z:$Z,"<="&F$4)-SUMIFS('Báo cáo'!$Q:$Q,'Báo cáo'!$AD:$AD,$A13,'Báo cáo'!$AA:$AA,"<="&F$4) -> 0 | G13: =SUMIFS('Báo cáo'!$O:$O,'Báo cáo'!$AD:$AD,$A13,'Báo cáo'!$Z:$Z,"<="&G$4)+SUMIFS('Báo cáo'!$P:$P,'Báo cáo'!$AD:$AD,$A13,'Báo cáo'!$Z:$Z,"<="&G$4)-SUMIFS('Báo cáo'!$Q:$Q,'Báo cáo'!$AD:$AD,$A13,'Báo cáo'!$AA:$AA,"<="&G$4) -> 0 | H13: =SUMIFS('Báo cáo'!$O:$O,'Báo cáo'!$AD:$AD,$A13,'Báo cáo'!$Z:$Z,"<="&H$4)+SUMIFS('Báo cáo'!$P:$P,'Báo cáo'!$AD:$AD,$A13,'Báo cáo'!$Z:$Z,"<="&H$4)-SUMIFS('Báo cáo'!$Q:$Q,'Báo cáo'!$AD:$AD,$A13,'Báo cáo'!$AA:$AA,"<="&H$4) -> 0 | I13: =SUMIFS('Báo cáo'!$O:$O,'Báo cáo'!$AD:$AD,$A13,'Báo cáo'!$Z:$Z,"<="&I$4)+SUMIFS('Báo cáo'!$P:$P,'Báo cáo'!$AD:$AD,$A13,'Báo cáo'!$Z:$Z,"<="&I$4)-SUMIFS('Báo cáo'!$Q:$Q,'Báo cáo'!$AD:$AD,$A13,'Báo cáo'!$AA:$AA,"<="&I$4) -> 0 | J13: =SUMIFS('Báo cáo'!$O:$O,'Báo cáo'!$AD:$AD,$A13,'Báo cáo'!$Z:$Z,"<="&J$4)+SUMIFS('Báo cáo'!$P:$P,'Báo cáo'!$AD:$AD,$A13,'Báo cáo'!$Z:$Z,"<="&J$4)-SUMIFS('Báo cáo'!$Q:$Q,'Báo cáo'!$AD:$AD,$A13,'Báo cáo'!$AA:$AA,"<="&J$4) -> 0 | ... N13: =SUMIFS('Báo cáo'!$O:$O,'Báo cáo'!$AD:$AD,$A13,'Báo cáo'!$Z:$Z,"<="&N$4)+SUMIFS('Báo cáo'!$P:$P,'Báo cáo'!$AD:$AD,$A13,'Báo cáo'!$Z:$Z,"<="&N$4)-SUMIFS('Báo cáo'!$Q:$Q,'Báo cáo'!$AD:$AD,$A13,'Báo cáo'!$AA:$AA,"<="&N$4) -> 0
C14: =SUMIFS('Báo cáo'!$O:$O,'Báo cáo'!$AD:$AD,$A14,'Báo cáo'!$Z:$Z,"<="&C$4)+SUMIFS('Báo cáo'!$P:$P,'Báo cáo'!$AD:$AD,$A14,'Báo cáo'!$Z:$Z,"<="&C$4)-SUMIFS('Báo cáo'!$Q:$Q,'Báo cáo'!$AD:$AD,$A14,'Báo cáo'!$AA:$AA,"<="&C$4) -> 0 | D14: =SUMIFS('Báo cáo'!$O:$O,'Báo cáo'!$AD:$AD,$A14,'Báo cáo'!$Z:$Z,"<="&D$4)+SUMIFS('Báo cáo'!$P:$P,'Báo cáo'!$AD:$AD,$A14,'Báo cáo'!$Z:$Z,"<="&D$4)-SUMIFS('Báo cáo'!$Q:$Q,'Báo cáo'!$AD:$AD,$A14,'Báo cáo'!$AA:$AA,"<="&D$4) -> 0 | E14: =SUMIFS('Báo cáo'!$O:$O,'Báo cáo'!$AD:$AD,$A14,'Báo cáo'!$Z:$Z,"<="&E$4)+SUMIFS('Báo cáo'!$P:$P,'Báo cáo'!$AD:$AD,$A14,'Báo cáo'!$Z:$Z,"<="&E$4)-SUMIFS('Báo cáo'!$Q:$Q,'Báo cáo'!$AD:$AD,$A14,'Báo cáo'!$AA:$AA,"<="&E$4) -> 0 | F14: =SUMIFS('Báo cáo'!$O:$O,'Báo cáo'!$AD:$AD,$A14,'Báo cáo'!$Z:$Z,"<="&F$4)+SUMIFS('Báo cáo'!$P:$P,'Báo cáo'!$AD:$AD,$A14,'Báo cáo'!$Z:$Z,"<="&F$4)-SUMIFS('Báo cáo'!$Q:$Q,'Báo cáo'!$AD:$AD,$A14,'Báo cáo'!$AA:$AA,"<="&F$4) -> 0 | G14: =SUMIFS('Báo cáo'!$O:$O,'Báo cáo'!$AD:$AD,$A14,'Báo cáo'!$Z:$Z,"<="&G$4)+SUMIFS('Báo cáo'!$P:$P,'Báo cáo'!$AD:$AD,$A14,'Báo cáo'!$Z:$Z,"<="&G$4)-SUMIFS('Báo cáo'!$Q:$Q,'Báo cáo'!$AD:$AD,$A14,'Báo cáo'!$AA:$AA,"<="&G$4) -> 0 | H14: =SUMIFS('Báo cáo'!$O:$O,'Báo cáo'!$AD:$AD,$A14,'Báo cáo'!$Z:$Z,"<="&H$4)+SUMIFS('Báo cáo'!$P:$P,'Báo cáo'!$AD:$AD,$A14,'Báo cáo'!$Z:$Z,"<="&H$4)-SUMIFS('Báo cáo'!$Q:$Q,'Báo cáo'!$AD:$AD,$A14,'Báo cáo'!$AA:$AA,"<="&H$4) -> 0 | I14: =SUMIFS('Báo cáo'!$O:$O,'Báo cáo'!$AD:$AD,$A14,'Báo cáo'!$Z:$Z,"<="&I$4)+SUMIFS('Báo cáo'!$P:$P,'Báo cáo'!$AD:$AD,$A14,'Báo cáo'!$Z:$Z,"<="&I$4)-SUMIFS('Báo cáo'!$Q:$Q,'Báo cáo'!$AD:$AD,$A14,'Báo cáo'!$AA:$AA,"<="&I$4) -> 0 | J14: =SUMIFS('Báo cáo'!$O:$O,'Báo cáo'!$AD:$AD,$A14,'Báo cáo'!$Z:$Z,"<="&J$4)+SUMIFS('Báo cáo'!$P:$P,'Báo cáo'!$AD:$AD,$A14,'Báo cáo'!$Z:$Z,"<="&J$4)-SUMIFS('Báo cáo'!$Q:$Q,'Báo cáo'!$AD:$AD,$A14,'Báo cáo'!$AA:$AA,"<="&J$4) -> 0 | ... N14: =SUMIFS('Báo cáo'!$O:$O,'Báo cáo'!$AD:$AD,$A14,'Báo cáo'!$Z:$Z,"<="&N$4)+SUMIFS('Báo cáo'!$P:$P,'Báo cáo'!$AD:$AD,$A14,'Báo cáo'!$Z:$Z,"<="&N$4)-SUMIFS('Báo cáo'!$Q:$Q,'Báo cáo'!$AD:$AD,$A14,'Báo cáo'!$AA:$AA,"<="&N$4) -> 0
C15: =SUMIFS('Báo cáo'!$O:$O,'Báo cáo'!$AD:$AD,$A15,'Báo cáo'!$Z:$Z,"<="&C$4)+SUMIFS('Báo cáo'!$P:$P,'Báo cáo'!$AD:$AD,$A15,'Báo cáo'!$Z:$Z,"<="&C$4)-SUMIFS('Báo cáo'!$Q:$Q,'Báo cáo'!$AD:$AD,$A15,'Báo cáo'!$AA:$AA,"<="&C$4) -> 0 | D15: =SUMIFS('Báo cáo'!$O:$O,'Báo cáo'!$AD:$AD,$A15,'Báo cáo'!$Z:$Z,"<="&D$4)+SUMIFS('Báo cáo'!$P:$P,'Báo cáo'!$AD:$AD,$A15,'Báo cáo'!$Z:$Z,"<="&D$4)-SUMIFS('Báo cáo'!$Q:$Q,'Báo cáo'!$AD:$AD,$A15,'Báo cáo'!$AA:$AA,"<="&D$4) -> 0 | E15: =SUMIFS('Báo cáo'!$O:$O,'Báo cáo'!$AD:$AD,$A15,'Báo cáo'!$Z:$Z,"<="&E$4)+SUMIFS('Báo cáo'!$P:$P,'Báo cáo'!$AD:$AD,$A15,'Báo cáo'!$Z:$Z,"<="&E$4)-SUMIFS('Báo cáo'!$Q:$Q,'Báo cáo'!$AD:$AD,$A15,'Báo cáo'!$AA:$AA,"<="&E$4) -> 0 | F15: =SUMIFS('Báo cáo'!$O:$O,'Báo cáo'!$AD:$AD,$A15,'Báo cáo'!$Z:$Z,"<="&F$4)+SUMIFS('Báo cáo'!$P:$P,'Báo cáo'!$AD:$AD,$A15,'Báo cáo'!$Z:$Z,"<="&F$4)-SUMIFS('Báo cáo'!$Q:$Q,'Báo cáo'!$AD:$AD,$A15,'Báo cáo'!$AA:$AA,"<="&F$4) -> 0 | G15: =SUMIFS('Báo cáo'!$O:$O,'Báo cáo'!$AD:$AD,$A15,'Báo cáo'!$Z:$Z,"<="&G$4)+SUMIFS('Báo cáo'!$P:$P,'Báo cáo'!$AD:$AD,$A15,'Báo cáo'!$Z:$Z,"<="&G$4)-SUMIFS('Báo cáo'!$Q:$Q,'Báo cáo'!$AD:$AD,$A15,'Báo cáo'!$AA:$AA,"<="&G$4) -> 0 | H15: =SUMIFS('Báo cáo'!$O:$O,'Báo cáo'!$AD:$AD,$A15,'Báo cáo'!$Z:$Z,"<="&H$4)+SUMIFS('Báo cáo'!$P:$P,'Báo cáo'!$AD:$AD,$A15,'Báo cáo'!$Z:$Z,"<="&H$4)-SUMIFS('Báo cáo'!$Q:$Q,'Báo cáo'!$AD:$AD,$A15,'Báo cáo'!$AA:$AA,"<="&H$4) -> 0 | I15: =SUMIFS('Báo cáo'!$O:$O,'Báo cáo'!$AD:$AD,$A15,'Báo cáo'!$Z:$Z,"<="&I$4)+SUMIFS('Báo cáo'!$P:$P,'Báo cáo'!$AD:$AD,$A15,'Báo cáo'!$Z:$Z,"<="&I$4)-SUMIFS('Báo cáo'!$Q:$Q,'Báo cáo'!$AD:$AD,$A15,'Báo cáo'!$AA:$AA,"<="&I$4) -> 0 | J15: =SUMIFS('Báo cáo'!$O:$O,'Báo cáo'!$AD:$AD,$A15,'Báo cáo'!$Z:$Z,"<="&J$4)+SUMIFS('Báo cáo'!$P:$P,'Báo cáo'!$AD:$AD,$A15,'Báo cáo'!$Z:$Z,"<="&J$4)-SUMIFS('Báo cáo'!$Q:$Q,'Báo cáo'!$AD:$AD,$A15,'Báo cáo'!$AA:$AA,"<="&J$4) -> 0 | ... N15: =SUMIFS('Báo cáo'!$O:$O,'Báo cáo'!$AD:$AD,$A15,'Báo cáo'!$Z:$Z,"<="&N$4)+SUMIFS('Báo cáo'!$P:$P,'Báo cáo'!$AD:$AD,$A15,'Báo cáo'!$Z:$Z,"<="&N$4)-SUMIFS('Báo cáo'!$Q:$Q,'Báo cáo'!$AD:$AD,$A15,'Báo cáo'!$AA:$AA,"<="&N$4) -> 0
C16: =SUMIFS('Báo cáo'!$O:$O,'Báo cáo'!$AD:$AD,$A16,'Báo cáo'!$Z:$Z,"<="&C$4)+SUMIFS('Báo cáo'!$P:$P,'Báo cáo'!$AD:$AD,$A16,'Báo cáo'!$Z:$Z,"<="&C$4)-SUMIFS('Báo cáo'!$Q:$Q,'Báo cáo'!$AD:$AD,$A16,'Báo cáo'!$AA:$AA,"<="&C$4) -> 0 | D16: =SUMIFS('Báo cáo'!$O:$O,'Báo cáo'!$AD:$AD,$A16,'Báo cáo'!$Z:$Z,"<="&D$4)+SUMIFS('Báo cáo'!$P:$P,'Báo cáo'!$AD:$AD,$A16,'Báo cáo'!$Z:$Z,"<="&D$4)-SUMIFS('Báo cáo'!$Q:$Q,'Báo cáo'!$AD:$AD,$A16,'Báo cáo'!$AA:$AA,"<="&D$4) -> 0 | E16: =SUMIFS('Báo cáo'!$O:$O,'Báo cáo'!$AD:$AD,$A16,'Báo cáo'!$Z:$Z,"<="&E$4)+SUMIFS('Báo cáo'!$P:$P,'Báo cáo'!$AD:$AD,$A16,'Báo cáo'!$Z:$Z,"<="&E$4)-SUMIFS('Báo cáo'!$Q:$Q,'Báo cáo'!$AD:$AD,$A16,'Báo cáo'!$AA:$AA,"<="&E$4) -> 0 | F16: =SUMIFS('Báo cáo'!$O:$O,'Báo cáo'!$AD:$AD,$A16,'Báo cáo'!$Z:$Z,"<="&F$4)+SUMIFS('Báo cáo'!$P:$P,'Báo cáo'!$AD:$AD,$A16,'Báo cáo'!$Z:$Z,"<="&F$4)-SUMIFS('Báo cáo'!$Q:$Q,'Báo cáo'!$AD:$AD,$A16,'Báo cáo'!$AA:$AA,"<="&F$4) -> 0 | G16: =SUMIFS('Báo cáo'!$O:$O,'Báo cáo'!$AD:$AD,$A16,'Báo cáo'!$Z:$Z,"<="&G$4)+SUMIFS('Báo cáo'!$P:$P,'Báo cáo'!$AD:$AD,$A16,'Báo cáo'!$Z:$Z,"<="&G$4)-SUMIFS('Báo cáo'!$Q:$Q,'Báo cáo'!$AD:$AD,$A16,'Báo cáo'!$AA:$AA,"<="&G$4) -> 0 | H16: =SUMIFS('Báo cáo'!$O:$O,'Báo cáo'!$AD:$AD,$A16,'Báo cáo'!$Z:$Z,"<="&H$4)+SUMIFS('Báo cáo'!$P:$P,'Báo cáo'!$AD:$AD,$A16,'Báo cáo'!$Z:$Z,"<="&H$4)-SUMIFS('Báo cáo'!$Q:$Q,'Báo cáo'!$AD:$AD,$A16,'Báo cáo'!$AA:$AA,"<="&H$4) -> 0 | I16: =SUMIFS('Báo cáo'!$O:$O,'Báo cáo'!$AD:$AD,$A16,'Báo cáo'!$Z:$Z,"<="&I$4)+SUMIFS('Báo cáo'!$P:$P,'Báo cáo'!$AD:$AD,$A16,'Báo cáo'!$Z:$Z,"<="&I$4)-SUMIFS('Báo cáo'!$Q:$Q,'Báo cáo'!$AD:$AD,$A16,'Báo cáo'!$AA:$AA,"<="&I$4) -> 0 | J16: =SUMIFS('Báo cáo'!$O:$O,'Báo cáo'!$AD:$AD,$A16,'Báo cáo'!$Z:$Z,"<="&J$4)+SUMIFS('Báo cáo'!$P:$P,'Báo cáo'!$AD:$AD,$A16,'Báo cáo'!$Z:$Z,"<="&J$4)-SUMIFS('Báo cáo'!$Q:$Q,'Báo cáo'!$AD:$AD,$A16,'Báo cáo'!$AA:$AA,"<="&J$4) -> 0 | ... N16: =SUMIFS('Báo cáo'!$O:$O,'Báo cáo'!$AD:$AD,$A16,'Báo cáo'!$Z:$Z,"<="&N$4)+SUMIFS('Báo cáo'!$P:$P,'Báo cáo'!$AD:$AD,$A16,'Báo cáo'!$Z:$Z,"<="&N$4)-SUMIFS('Báo cáo'!$Q:$Q,'Báo cáo'!$AD:$AD,$A16,'Báo cáo'!$AA:$AA,"<="&N$4) -> 0
C17: =SUMIFS('Báo cáo'!$O:$O,'Báo cáo'!$AD:$AD,$A17,'Báo cáo'!$Z:$Z,"<="&C$4)+SUMIFS('Báo cáo'!$P:$P,'Báo cáo'!$AD:$AD,$A17,'Báo cáo'!$Z:$Z,"<="&C$4)-SUMIFS('Báo cáo'!$Q:$Q,'Báo cáo'!$AD:$AD,$A17,'Báo cáo'!$AA:$AA,"<="&C$4) -> 0 | D17: =SUMIFS('Báo cáo'!$O:$O,'Báo cáo'!$AD:$AD,$A17,'Báo cáo'!$Z:$Z,"<="&D$4)+SUMIFS('Báo cáo'!$P:$P,'Báo cáo'!$AD:$AD,$A17,'Báo cáo'!$Z:$Z,"<="&D$4)-SUMIFS('Báo cáo'!$Q:$Q,'Báo cáo'!$AD:$AD,$A17,'Báo cáo'!$AA:$AA,"<="&D$4) -> 0 | E17: =SUMIFS('Báo cáo'!$O:$O,'Báo cáo'!$AD:$AD,$A17,'Báo cáo'!$Z:$Z,"<="&E$4)+SUMIFS('Báo cáo'!$P:$P,'Báo cáo'!$AD:$AD,$A17,'Báo cáo'!$Z:$Z,"<="&E$4)-SUMIFS('Báo cáo'!$Q:$Q,'Báo cáo'!$AD:$AD,$A17,'Báo cáo'!$AA:$AA,"<="&E$4) -> 0 | F17: =SUMIFS('Báo cáo'!$O:$O,'Báo cáo'!$AD:$AD,$A17,'Báo cáo'!$Z:$Z,"<="&F$4)+SUMIFS('Báo cáo'!$P:$P,'Báo cáo'!$AD:$AD,$A17,'Báo cáo'!$Z:$Z,"<="&F$4)-SUMIFS('Báo cáo'!$Q:$Q,'Báo cáo'!$AD:$AD,$A17,'Báo cáo'!$AA:$AA,"<="&F$4) -> 0 | G17: =SUMIFS('Báo cáo'!$O:$O,'Báo cáo'!$AD:$AD,$A17,'Báo cáo'!$Z:$Z,"<="&G$4)+SUMIFS('Báo cáo'!$P:$P,'Báo cáo'!$AD:$AD,$A17,'Báo cáo'!$Z:$Z,"<="&G$4)-SUMIFS('Báo cáo'!$Q:$Q,'Báo cáo'!$AD:$AD,$A17,'Báo cáo'!$AA:$AA,"<="&G$4) -> 0 | H17: =SUMIFS('Báo cáo'!$O:$O,'Báo cáo'!$AD:$AD,$A17,'Báo cáo'!$Z:$Z,"<="&H$4)+SUMIFS('Báo cáo'!$P:$P,'Báo cáo'!$AD:$AD,$A17,'Báo cáo'!$Z:$Z,"<="&H$4)-SUMIFS('Báo cáo'!$Q:$Q,'Báo cáo'!$AD:$AD,$A17,'Báo cáo'!$AA:$AA,"<="&H$4) -> 0 | I17: =SUMIFS('Báo cáo'!$O:$O,'Báo cáo'!$AD:$AD,$A17,'Báo cáo'!$Z:$Z,"<="&I$4)+SUMIFS('Báo cáo'!$P:$P,'Báo cáo'!$AD:$AD,$A17,'Báo cáo'!$Z:$Z,"<="&I$4)-SUMIFS('Báo cáo'!$Q:$Q,'Báo cáo'!$AD:$AD,$A17,'Báo cáo'!$AA:$AA,"<="&I$4) -> 0 | J17: =SUMIFS('Báo cáo'!$O:$O,'Báo cáo'!$AD:$AD,$A17,'Báo cáo'!$Z:$Z,"<="&J$4)+SUMIFS('Báo cáo'!$P:$P,'Báo cáo'!$AD:$AD,$A17,'Báo cáo'!$Z:$Z,"<="&J$4)-SUMIFS('Báo cáo'!$Q:$Q,'Báo cáo'!$AD:$AD,$A17,'Báo cáo'!$AA:$AA,"<="&J$4) -> 0 | ... N17: =SUMIFS('Báo cáo'!$O:$O,'Báo cáo'!$AD:$AD,$A17,'Báo cáo'!$Z:$Z,"<="&N$4)+SUMIFS('Báo cáo'!$P:$P,'Báo cáo'!$AD:$AD,$A17,'Báo cáo'!$Z:$Z,"<="&N$4)-SUMIFS('Báo cáo'!$Q:$Q,'Báo cáo'!$AD:$AD,$A17,'Báo cáo'!$AA:$AA,"<="&N$4) -> 0
... C21: =SUMIFS('Báo cáo'!$O:$O,'Báo cáo'!$AD:$AD,$A21,'Báo cáo'!$Z:$Z,"<="&C$4)+SUMIFS('Báo cáo'!$P:$P,'Báo cáo'!$AD:$AD,$A21,'Báo cáo'!$Z:$Z,"<="&C$4)-SUMIFS('Báo cáo'!$Q:$Q,'Báo cáo'!$AD:$AD,$A21,'Báo cáo'!$AA:$AA,"<="&C$4) -> 0 | D21: =SUMIFS('Báo cáo'!$O:$O,'Báo cáo'!$AD:$AD,$A21,'Báo cáo'!$Z:$Z,"<="&D$4)+SUMIFS('Báo cáo'!$P:$P,'Báo cáo'!$AD:$AD,$A21,'Báo cáo'!$Z:$Z,"<="&D$4)-SUMIFS('Báo cáo'!$Q:$Q,'Báo cáo'!$AD:$AD,$A21,'Báo cáo'!$AA:$AA,"<="&D$4) -> 0 | E21: =SUMIFS('Báo cáo'!$O:$O,'Báo cáo'!$AD:$AD,$A21,'Báo cáo'!$Z:$Z,"<="&E$4)+SUMIFS('Báo cáo'!$P:$P,'Báo cáo'!$AD:$AD,$A21,'Báo cáo'!$Z:$Z,"<="&E$4)-SUMIFS('Báo cáo'!$Q:$Q,'Báo cáo'!$AD:$AD,$A21,'Báo cáo'!$AA:$AA,"<="&E$4) -> 0 | F21: =SUMIFS('Báo cáo'!$O:$O,'Báo cáo'!$AD:$AD,$A21,'Báo cáo'!$Z:$Z,"<="&F$4)+SUMIFS('Báo cáo'!$P:$P,'Báo cáo'!$AD:$AD,$A21,'Báo cáo'!$Z:$Z,"<="&F$4)-SUMIFS('Báo cáo'!$Q:$Q,'Báo cáo'!$AD:$AD,$A21,'Báo cáo'!$AA:$AA,"<="&F$4) -> 0 | G21: =SUMIFS('Báo cáo'!$O:$O,'Báo cáo'!$AD:$AD,$A21,'Báo cáo'!$Z:$Z,"<="&G$4)+SUMIFS('Báo cáo'!$P:$P,'Báo cáo'!$AD:$AD,$A21,'Báo cáo'!$Z:$Z,"<="&G$4)-SUMIFS('Báo cáo'!$Q:$Q,'Báo cáo'!$AD:$AD,$A21,'Báo cáo'!$AA:$AA,"<="&G$4) -> 0 | H21: =SUMIFS('Báo cáo'!$O:$O,'Báo cáo'!$AD:$AD,$A21,'Báo cáo'!$Z:$Z,"<="&H$4)+SUMIFS('Báo cáo'!$P:$P,'Báo cáo'!$AD:$AD,$A21,'Báo cáo'!$Z:$Z,"<="&H$4)-SUMIFS('Báo cáo'!$Q:$Q,'Báo cáo'!$AD:$AD,$A21,'Báo cáo'!$AA:$AA,"<="&H$4) -> 0 | I21: =SUMIFS('Báo cáo'!$O:$O,'Báo cáo'!$AD:$AD,$A21,'Báo cáo'!$Z:$Z,"<="&I$4)+SUMIFS('Báo cáo'!$P:$P,'Báo cáo'!$AD:$AD,$A21,'Báo cáo'!$Z:$Z,"<="&I$4)-SUMIFS('Báo cáo'!$Q:$Q,'Báo cáo'!$AD:$AD,$A21,'Báo cáo'!$AA:$AA,"<="&I$4) -> 0 | J21: =SUMIFS('Báo cáo'!$O:$O,'Báo cáo'!$AD:$AD,$A21,'Báo cáo'!$Z:$Z,"<="&J$4)+SUMIFS('Báo cáo'!$P:$P,'Báo cáo'!$AD:$AD,$A21,'Báo cáo'!$Z:$Z,"<="&J$4)-SUMIFS('Báo cáo'!$Q:$Q,'Báo cáo'!$AD:$AD,$A21,'Báo cáo'!$AA:$AA,"<="&J$4) -> 0 | ... N21: =SUMIFS('Báo cáo'!$O:$O,'Báo cáo'!$AD:$AD,$A21,'Báo cáo'!$Z:$Z,"<="&N$4)+SUMIFS('Báo cáo'!$P:$P,'Báo cáo'!$AD:$AD,$A21,'Báo cáo'!$Z:$Z,"<="&N$4)-SUMIFS('Báo cáo'!$Q:$Q,'Báo cáo'!$AD:$AD,$A21,'Báo cáo'!$AA:$AA,"<="&N$4) -> 0

Sheet Báo cáo
A1: CHI TIẾT CÔNG NỢ PHẢI THU THEO HÓA ĐƠN | J1: 46289 | K1: = | L1: Khách dư 5đ | M1: Khách thiếu 5đ | Q1: =+SUBTOTAL(9,$Q$3:$Q$1048576) -> 3721380406 | R1: =+SUBTOTAL(9,$R$3:$R$1048576) -> 459942164
A2: Tài khoản: 131; Tháng 9 năm 2025
A3: Mã khách hàng | B3: Tên Khách hàng | C3: Ngày hạch toán | D3: Số chứng từ | E3: Ngày hóa đơn | F3: Số hóa đơn | G3: Diễn giải | H3: Tiền hàng | I3: Tiền chiết khấu | J3: Tiền VAT | K3: Tổng giá trị | L3: Phân loại | M3: Ngày Thanh toán | N3: Chứng từ Thanh toán | O3: Số còn phải thu ĐK | P3: Giá Trị HD sau CK | Q3: Số tiền đã thu | R3: Số còn phải thu | S3: Ngày tính CN | T3: Số ngày được nợ | U3: Hạn thanh toán | V3: Số ngày nợ còn lại | W3: Nhóm nợ trước hạn | X3: Số ngày quá hạn | Y3: Nhóm nợ quá hạn | Z3: Tháng HĐ | AA3: Tháng Thanh toán | AB3: Ghi chú | AC3: Trạng Thái ghi sổ | AD3: NHÓM KHÁCH HÀNG | AE3: TÊN NHÓM KHÁCH HÀNG | AF3: Nhân viên sale | AG3: Column1 | AH3: Ngày
A4: MEGA-014 | B4: CHI NHÁNH CÔNG TY TNHH MM MEGA MARKET (VIỆT NAM) TẠI TỈNH ĐẮK LẮK | C4: 45964 | D4: BH2373596 | E4: 45964 | F4: 00074333 | G4: TC27662892 | H4: 426560 | I4: 0 | J4: 34125 | K4: 460685 | L4: Tồn đầu kỳ | M4: 46034 | O4: =IF(Table1[[#This Row],[Phân loại]]="Tồn đầu kỳ",Table1[[#This Row],[Tổng giá trị]],0) -> 460685 | P4: =IF(Table1[[#This Row],[Số còn phải thu ĐK]]<>0,0,IF(Table1[[#This Row],[Phân loại]]="Bán hàng",Table1[[#This Row],[Tổng giá trị]],-Table1[[#This Row],[Tổng giá trị]])) -> 0 | Q4: =IF(M4<>"",IF(O4<>0,O4,P4),0) -> 460685 | R4: =Table1[[#This Row],[Số còn phải thu ĐK]]+Table1[[#This Row],[Giá Trị HD sau CK]]-Table1[[#This Row],[Số tiền đã thu]] -> 0 | S4: =IF(Table1[[#This Row],[Ngày hóa đơn]]<>"",Table1[[#This Row],[Ngày hóa đơn]],IF(Table1[[#This Row],[Ngày hạch toán]]<>"",Table1[[#This Row],[Ngày hạch toán]],"")) -> 45964 | U4: =IF(Table1[[#This Row],[Ngày tính CN]]="","",S4+T4) -> 45964 | V4: =IF(Table1[[#This Row],[Hạn thanh toán]]="","",IF((U4-NOW())<0,0,(U4-NOW()))) -> 0 | X4: =IF(OR(U4="",R4=0),"",IF((U4-NOW())<0,-(U4-NOW()),0)) | Y4: =IF(R4=0,"Đã thanh toán",IF(X4="","",IF(X4<=0,"Chưa đến hạn thanh toán",IF(X4<=30,"Nợ quá hạn 30 ngày",IF(X4<=60,"Nợ quá hạn từ 30 ngày đến 60 ngày",IF(X4<=90,"Nợ quá hạn từ 60 ngày đến 90 ngày",IF(X4<=120,"Nợ quá hạn từ 90 ngày đến 120 ngày","Nợ quá hạn hơn 120 ngày có khả năng mất thanh toán"))))))) -> Đã thanh toán | Z4: =IF(S4="","",S4) -> 45964 | AA4: =IF(M4="","",M4) -> 46034 | AD4: =VLOOKUP($A4,MA_KH!$A:$Q,MA_KH!O$1,0) -> MEGA | AE4: =VLOOKUP($A4,MA_KH!$A:$Q,MA_KH!P$1,0) -> CÔNG TY TNHH MM MEGA MARKET (VIỆT NAM) | AG4: =(Table1[[#This Row],[Số hóa đơn]])&IF(OR(Table1[[#This Row],[Phân loại]]="Hàng trả",Table1[[#This Row],[Phân loại]]="Giảm công nợ"),-Table1[[#This Row],[Tổng giá trị]],Table1[[#This Row],[Tổng giá trị]]) -> 00074333460685 | AH4: =_xlfn.XLOOKUP(Table1[[#This Row],[Column1]],'Chi tiết tt Mega gửi'!P:P,'Chi tiết tt Mega gửi'!N:N) -> #N/A
A5: MEGA-014 | B5: CHI NHÁNH CÔNG TY TNHH MM MEGA MARKET (VIỆT NAM) TẠI TỈNH ĐẮK LẮK | C5: 45974 | D5: BH2375585 | E5: 45974 | F5: 00076891 | G5: TC27666571 | H5: 4323320 | I5: 0 | J5: 345866 | K5: 4669186 | L5: Tồn đầu kỳ | M5: 46048 | O5: =IF(Table1[[#This Row],[Phân loại]]="Tồn đầu kỳ",Table1[[#This Row],[Tổng giá trị]],0) -> 4669186 | P5: =IF(Table1[[#This Row],[Số còn phải thu ĐK]]<>0,0,IF(Table1[[#This Row],[Phân loại]]="Bán hàng",Table1[[#This Row],[Tổng giá trị]],-Table1[[#This Row],[Tổng giá trị]])) -> 0 | Q5: =IF(M5<>"",IF(O5<>0,O5,P5),0) -> 4669186 | R5: =Table1[[#This Row],[Số còn phải thu ĐK]]+Table1[[#This Row],[Giá Trị HD sau CK]]-Table1[[#This Row],[Số tiền đã thu]] -> 0 | S5: =IF(Table1[[#This Row],[Ngày hóa đơn]]<>"",Table1[[#This Row],[Ngày hóa đơn]],IF(Table1[[#This Row],[Ngày hạch toán]]<>"",Table1[[#This Row],[Ngày hạch toán]],"")) -> 45974 | U5: =IF(Table1[[#This Row],[Ngày tính CN]]="","",S5+T5) -> 45974 | V5: =IF(Table1[[#This Row],[Hạn thanh toán]]="","",IF((U5-NOW())<0,0,(U5-NOW()))) -> 0 | X5: =IF(OR(U5="",R5=0),"",IF((U5-NOW())<0,-(U5-NOW()),0)) | Y5: =IF(R5=0,"Đã thanh toán",IF(X5="","",IF(X5<=0,"Chưa đến hạn thanh toán",IF(X5<=30,"Nợ quá hạn 30 ngày",IF(X5<=60,"Nợ quá hạn từ 30 ngày đến 60 ngày",IF(X5<=90,"Nợ quá hạn từ 60 ngày đến 90 ngày",IF(X5<=120,"Nợ quá hạn từ 90 ngày đến 120 ngày","Nợ quá hạn hơn 120 ngày có khả năng mất thanh toán"))))))) -> Đã thanh toán | Z5: =IF(S5="","",S5) -> 45974 | AA5: =IF(M5="","",M5) -> 46048 | AD5: =VLOOKUP($A5,MA_KH!$A:$Q,MA_KH!O$1,0) -> MEGA | AE5: =VLOOKUP($A5,MA_KH!$A:$Q,MA_KH!P$1,0) -> CÔNG TY TNHH MM MEGA MARKET (VIỆT NAM) | AG5: =(Table1[[#This Row],[Số hóa đơn]])&IF(OR(Table1[[#This Row],[Phân loại]]="Hàng trả",Table1[[#This Row],[Phân loại]]="Giảm công nợ"),-Table1[[#This Row],[Tổng giá trị]],Table1[[#This Row],[Tổng giá trị]]) -> 000768914669186 | AH5: =_xlfn.XLOOKUP(Table1[[#This Row],[Column1]],'Chi tiết tt Mega gửi'!P:P,'Chi tiết tt Mega gửi'!N:N) -> #N/A
A6: MEGA-011 | B6: CHI NHÁNH CÔNG TY TNHH MM MEGA MARKET (VIỆT NAM) TẠI THÀNH PHỐ NHA TRANG | C6: 45974 | D6: BH2375586 | E6: 45974 | F6: 00076892 | G6: TC25647386 | H6: 2751120 | I6: 0 | J6: 220090 | K6: 2971210 | L6: Tồn đầu kỳ | M6: 46034 | O6: =IF(Table1[[#This Row],[Phân loại]]="Tồn đầu kỳ",Table1[[#This Row],[Tổng giá trị]],0) -> 2971210 | P6: =IF(Table1[[#This Row],[Số còn phải thu ĐK]]<>0,0,IF(Table1[[#This Row],[Phân loại]]="Bán hàng",Table1[[#This Row],[Tổng giá trị]],-Table1[[#This Row],[Tổng giá trị]])) -> 0 | Q6: =IF(M6<>"",IF(O6<>0,O6,P6),0) -> 2971210 | R6: =Table1[[#This Row],[Số còn phải thu ĐK]]+Table1[[#This Row],[Giá Trị HD sau CK]]-Table1[[#This Row],[Số tiền đã thu]] -> 0 | S6: =IF(Table1[[#This Row],[Ngày hóa đơn]]<>"",Table1[[#This Row],[Ngày hóa đơn]],IF(Table1[[#This Row],[Ngày hạch toán]]<>"",Table1[[#This Row],[Ngày hạch toán]],"")) -> 45974 | U6: =IF(Table1[[#This Row],[Ngày tính CN]]="","",S6+T6) -> 45974 | V6: =IF(Table1[[#This Row],[Hạn thanh toán]]="","",IF((U6-NOW())<0,0,(U6-NOW()))) -> 0 | X6: =IF(OR(U6="",R6=0),"",IF((U6-NOW())<0,-(U6-NOW()),0)) | Y6: =IF(R6=0,"Đã thanh toán",IF(X6="","",IF(X6<=0,"Chưa đến hạn thanh toán",IF(X6<=30,"Nợ quá hạn 30 ngày",IF(X6<=60,"Nợ quá hạn từ 30 ngày đến 60 ngày",IF(X6<=90,"Nợ quá hạn từ 60 ngày đến 90 ngày",IF(X6<=120,"Nợ quá hạn từ 90 ngày đến 120 ngày","Nợ quá hạn hơn 120 ngày có khả năng mất thanh toán"))))))) -> Đã thanh toán | Z6: =IF(S6="","",S6) -> 45974 | AA6: =IF(M6="","",M6) -> 46034 | AD6: =VLOOKUP($A6,MA_KH!$A:$Q,MA_KH!O$1,0) -> MEGA | AE6: =VLOOKUP($A6,MA_KH!$A:$Q,MA_KH!P$1,0) -> CÔNG TY TNHH MM MEGA MARKET (VIỆT NAM) | AG6: =(Table1[[#This Row],[Số hóa đơn]])&IF(OR(Table1[[#This Row],[Phân loại]]="Hàng trả",Table1[[#This Row],[Phân loại]]="Giảm công nợ"),-Table1[[#This Row],[Tổng giá trị]],Table1[[#This Row],[Tổng giá trị]]) -> 000768922971210 | AH6: =_xlfn.XLOOKUP(Table1[[#This Row],[Column1]],'Chi tiết tt Mega gửi'!P:P,'Chi tiết tt Mega gửi'!N:N) -> #N/A
A7: MEGA-009 | B7: CHI NHÁNH CÔNG TY TNHH MM MEGA MARKET (VIỆT NAM) TẠI TỈNH BÀ RỊA - VŨNG TÀU | C7: 45974 | D7: BH2375588 | E7: 45974 | F7: 00076894 | G7: TC22666530 | H7: 1375560 | I7: 0 | J7: 110045 | K7: 1485605 | L7: Tồn đầu kỳ | M7: 46048 | O7: =IF(Table1[[#This Row],[Phân loại]]="Tồn đầu kỳ",Table1[[#This Row],[Tổng giá trị]],0) -> 1485605 | P7: =IF(Table1[[#This Row],[Số còn phải thu ĐK]]<>0,0,IF(Table1[[#This Row],[Phân loại]]="Bán hàng",Table1[[#This Row],[Tổng giá trị]],-Table1[[#This Row],[Tổng giá trị]])) -> 0 | Q7: =IF(M7<>"",IF(O7<>0,O7,P7),0) -> 1485605 | R7: =Table1[[#This Row],[Số còn phải thu ĐK]]+Table1[[#This Row],[Giá Trị HD sau CK]]-Table1[[#This Row],[Số tiền đã thu]] -> 0 | S7: =IF(Table1[[#This Row],[Ngày hóa đơn]]<>"",Table1[[#This Row],[Ngày hóa đơn]],IF(Table1[[#This Row],[Ngày hạch toán]]<>"",Table1[[#This Row],[Ngày hạch toán]],"")) -> 45974 | U7: =IF(Table1[[#This Row],[Ngày tính CN]]="","",S7+T7) -> 45974 | V7: =IF(Table1[[#This Row],[Hạn thanh toán]]="","",IF((U7-NOW())<0,0,(U7-NOW()))) -> 0 | X7: =IF(OR(U7="",R7=0),"",IF((U7-NOW())<0,-(U7-NOW()),0)) | Y7: =IF(R7=0,"Đã thanh toán",IF(X7="","",IF(X7<=0,"Chưa đến hạn thanh toán",IF(X7<=30,"Nợ quá hạn 30 ngày",IF(X7<=60,"Nợ quá hạn từ 30 ngày đến 60 ngày",IF(X7<=90,"Nợ quá hạn từ 60 ngày đến 90 ngày",IF(X7<=120,"Nợ quá hạn từ 90 ngày đến 120 ngày","Nợ quá hạn hơn 120 ngày có khả năng mất thanh toán"))))))) -> Đã thanh toán | Z7: =IF(S7="","",S7) -> 45974 | AA7: =IF(M7="","",M7) -> 46048 | AD7: =VLOOKUP($A7,MA_KH!$A:$Q,MA_KH!O$1,0) -> MEGA | AE7: =VLOOKUP($A7,MA_KH!$A:$Q,MA_KH!P$1,0) -> CÔNG TY TNHH MM MEGA MARKET (VIỆT NAM) | AG7: =(Table1[[#This Row],[Số hóa đơn]])&IF(OR(Table1[[#This Row],[Phân loại]]="Hàng trả",Table1[[#This Row],[Phân loại]]="Giảm công nợ"),-Table1[[#This Row],[Tổng giá trị]],Table1[[#This Row],[Tổng giá trị]]) -> 000768941485605 | AH7: =_xlfn.XLOOKUP(Table1[[#This Row],[Column1]],'Chi tiết tt Mega gửi'!P:P,'Chi tiết tt Mega gửi'!N:N) -> #N/A
A8: MEGA-004 | B8: CHI NHÁNH CÔNG TY TNHH MM MEGA MARKET (VIỆT NAM) TẠI THÀNH PHỐ ĐÀ NẴNG | C8: 45974 | D8: BH2375589 | E8: 45974 | F8: 00076895 | G8: TC17315074 | H8: 1982380 | I8: 0 | J8: 158590 | K8: 2140970 | L8: Tồn đầu kỳ | M8: 46048 | O8: =IF(Table1[[#This Row],[Phân loại]]="Tồn đầu kỳ",Table1[[#This Row],[Tổng giá trị]],0) -> 2140970 | P8: =IF(Table1[[#This Row],[Số còn phải thu ĐK]]<>0,0,IF(Table1[[#This Row],[Phân loại]]="Bán hàng",Table1[[#This Row],[Tổng giá trị]],-Table1[[#This Row],[Tổng giá trị]])) -> 0 | Q8: =IF(M8<>"",IF(O8<>0,O8,P8),0) -> 2140970 | R8: =Table1[[#This Row],[Số còn phải thu ĐK]]+Table1[[#This Row],[Giá Trị HD sau CK]]-Table1[[#This Row],[Số tiền đã thu]] -> 0 | S8: =IF(Table1[[#This Row],[Ngày hóa đơn]]<>"",Table1[[#This Row],[Ngày hóa đơn]],IF(Table1[[#This Row],[Ngày hạch toán]]<>"",Table1[[#This Row],[Ngày hạch toán]],"")) -> 45974 | U8: =IF(Table1[[#This Row],[Ngày tính CN]]="","",S8+T8) -> 45974 | V8: =IF(Table1[[#This Row],[Hạn thanh toán]]="","",IF((U8-NOW())<0,0,(U8-NOW()))) -> 0 | X8: =IF(OR(U8="",R8=0),"",IF((U8-NOW())<0,-(U8-NOW()),0)) | Y8: =IF(R8=0,"Đã thanh toán",IF(X8="","",IF(X8<=0,"Chưa đến hạn thanh toán",IF(X8<=30,"Nợ quá hạn 30 ngày",IF(X8<=60,"Nợ quá hạn từ 30 ngày đến 60 ngày",IF(X8<=90,"Nợ quá hạn từ 60 ngày đến 90 ngày",IF(X8<=120,"Nợ quá hạn từ 90 ngày đến 120 ngày","Nợ quá hạn hơn 120 ngày có khả năng mất thanh toán"))))))) -> Đã thanh toán | Z8: =IF(S8="","",S8) -> 45974 | AA8: =IF(M8="","",M8) -> 46048 | AD8: =VLOOKUP($A8,MA_KH!$A:$Q,MA_KH!O$1,0) -> MEGA | AE8: =VLOOKUP($A8,MA_KH!$A:$Q,MA_KH!P$1,0) -> CÔNG TY TNHH MM MEGA MARKET (VIỆT NAM) | AG8: =(Table1[[#This Row],[Số hóa đơn]])&IF(OR(Table1[[#This Row],[Phân loại]]="Hàng trả",Table1[[#This Row],[Phân loại]]="Giảm công nợ"),-Table1[[#This Row],[Tổng giá trị]],Table1[[#This Row],[Tổng giá trị]]) -> 000768952140970 | AH8: =_xlfn.XLOOKUP(Table1[[#This Row],[Column1]],'Chi tiết tt Mega gửi'!P:P,'Chi tiết tt Mega gửi'!N:N) -> #N/A
A9: MEGA-002 | B9: CHI NHÁNH CÔNG TY TNHH MM MEGA MARKET (VIỆT NAM) TẠI THÀNH PHỐ CẦN THƠ | C9: 45974 | D9: BH2375592 | E9: 45974 | F9: 00076898 | G9: TC15069846 | H9: 630000 | I9: 0 | J9: 50400 | K9: 680400 | L9: Tồn đầu kỳ | M9: 46048 | O9: =IF(Table1[[#This Row],[Phân loại]]="Tồn đầu kỳ",Table1[[#This Row],[Tổng giá trị]],0) -> 680400 | P9: =IF(Table1[[#This Row],[Số còn phải thu ĐK]]<>0,0,IF(Table1[[#This Row],[Phân loại]]="Bán hàng",Table1[[#This Row],[Tổng giá trị]],-Table1[[#This Row],[Tổng giá trị]])) -> 0 | Q9: =IF(M9<>"",IF(O9<>0,O9,P9),0) -> 680400 | R9: =Table1[[#This Row],[Số còn phải thu ĐK]]+Table1[[#This Row],[Giá Trị HD sau CK]]-Table1[[#This Row],[Số tiền đã thu]] -> 0 | S9: =IF(Table1[[#This Row],[Ngày hóa đơn]]<>"",Table1[[#This Row],[Ngày hóa đơn]],IF(Table1[[#This Row],[Ngày hạch toán]]<>"",Table1[[#This Row],[Ngày hạch toán]],"")) -> 45974 | U9: =IF(Table1[[#This Row],[Ngày tính CN]]="","",S9+T9) -> 45974 | V9: =IF(Table1[[#This Row],[Hạn thanh toán]]="","",IF((U9-NOW())<0,0,(U9-NOW()))) -> 0 | X9: =IF(OR(U9="",R9=0),"",IF((U9-NOW())<0,-(U9-NOW()),0)) | Y9: =IF(R9=0,"Đã thanh toán",IF(X9="","",IF(X9<=0,"Chưa đến hạn thanh toán",IF(X9<=30,"Nợ quá hạn 30 ngày",IF(X9<=60,"Nợ quá hạn từ 30 ngày đến 60 ngày",IF(X9<=90,"Nợ quá hạn từ 60 ngày đến 90 ngày",IF(X9<=120,"Nợ quá hạn từ 90 ngày đến 120 ngày","Nợ quá hạn hơn 120 ngày có khả năng mất thanh toán"))))))) -> Đã thanh toán | Z9: =IF(S9="","",S9) -> 45974 | AA9: =IF(M9="","",M9) -> 46048 | AD9: =VLOOKUP($A9,MA_KH!$A:$Q,MA_KH!O$1,0) -> MEGA | AE9: =VLOOKUP($A9,MA_KH!$A:$Q,MA_KH!P$1,0) -> CÔNG TY TNHH MM MEGA MARKET (VIỆT NAM) | AG9: =(Table1[[#This Row],[Số hóa đơn]])&IF(OR(Table1[[#This Row],[Phân loại]]="Hàng trả",Table1[[#This Row],[Phân loại]]="Giảm công nợ"),-Table1[[#This Row],[Tổng giá trị]],Table1[[#This Row],[Tổng giá trị]]) -> 00076898680400 | AH9: =_xlfn.XLOOKUP(Table1[[#This Row],[Column1]],'Chi tiết tt Mega gửi'!P:P,'Chi tiết tt Mega gửi'!N:N) -> #N/A
A10: MEGA | B10: CÔNG TY TNHH MM MEGA MARKET (VIỆT NAM) | C10: 45975 | D10: BH2375594 | E10: 45975 | F10: 00076900 | G10: 10031558 - Mega An Phú | H10: 9000597 | I10: 0 | J10: 720048 | K10: 9720645 | L10: Tồn đầu kỳ | M10: 46048 | O10: =IF(Table1[[#This Row],[Phân loại]]="Tồn đầu kỳ",Table1[[#This Row],[Tổng giá trị]],0) -> 9720645 | P10: =IF(Table1[[#This Row],[Số còn phải thu ĐK]]<>0,0,IF(Table1[[#This Row],[Phân loại]]="Bán hàng",Table1[[#This Row],[Tổng giá trị]],-Table1[[#This Row],[Tổng giá trị]])) -> 0 | Q10: =IF(M10<>"",IF(O10<>0,O10,P10),0) -> 9720645 | R10: =Table1[[#This Row],[Số còn phải thu ĐK]]+Table1[[#This Row],[Giá Trị HD sau CK]]-Table1[[#This Row],[Số tiền đã thu]] -> 0 | S10: =IF(Table1[[#This Row],[Ngày hóa đơn]]<>"",Table1[[#This Row],[Ngày hóa đơn]],IF(Table1[[#This Row],[Ngày hạch toán]]<>"",Table1[[#This Row],[Ngày hạch toán]],"")) -> 45975 | U10: =IF(Table1[[#This Row],[Ngày tính CN]]="","",S10+T10) -> 45975 | V10: =IF(Table1[[#This Row],[Hạn thanh toán]]="","",IF((U10-NOW())<0,0,(U10-NOW()))) -> 0 | X10: =IF(OR(U10="",R10=0),"",IF((U10-NOW())<0,-(U10-NOW()),0)) | Y10: =IF(R10=0,"Đã thanh toán",IF(X10="","",IF(X10<=0,"Chưa đến hạn thanh toán",IF(X10<=30,"Nợ quá hạn 30 ngày",IF(X10<=60,"Nợ quá hạn từ 30 ngày đến 60 ngày",IF(X10<=90,"Nợ quá hạn từ 60 ngày đến 90 ngày",IF(X10<=120,"Nợ quá hạn từ 90 ngày đến 120 ngày","Nợ quá hạn hơn 120 ngày có khả năng mất thanh toán"))))))) -> Đã thanh toán | Z10: =IF(S10="","",S10) -> 45975 | AA10: =IF(M10="","",M10) -> 46048 | AD10: =VLOOKUP($A10,MA_KH!$A:$Q,MA_KH!O$1,0) -> MEGA | AE10: =VLOOKUP($A10,MA_KH!$A:$Q,MA_KH!P$1,0) -> CÔNG TY TNHH MM MEGA MARKET (VIỆT NAM) | AG10: =(Table1[[#This Row],[Số hóa đơn]])&IF(OR(Table1[[#This Row],[Phân loại]]="Hàng trả",Table1[[#This Row],[Phân loại]]="Giảm công nợ"),-Table1[[#This Row],[Tổng giá trị]],Table1[[#This Row],[Tổng giá trị]]) -> 000769009720645 | AH10: =_xlfn.XLOOKUP(Table1[[#This Row],[Column1]],'Chi tiết tt Mega gửi'!P:P,'Chi tiết tt Mega gửi'!N:N) -> #N/A
A11: MEGA | B11: CÔNG TY TNHH MM MEGA MARKET (VIỆT NAM) | C11: 45976 | D11: BH2375686 | E11: 45976 | F11: 00077005 | G11: 12165306 - Mega Hiệp Phú | H11: 7633960 | I11: 0 | J11: 610717 | K11: 8244677 | L11: Tồn đầu kỳ | M11: 46048 | O11: =IF(Table1[[#This Row],[Phân loại]]="Tồn đầu kỳ",Table1[[#This Row],[Tổng giá trị]],0) -> 8244677 | P11: =IF(Table1[[#This Row],[Số còn phải thu ĐK]]<>0,0,IF(Table1[[#This Row],[Phân loại]]="Bán hàng",Table1[[#This Row],[Tổng giá trị]],-Table1[[#This Row],[Tổng giá trị]])) -> 0 | Q11: =IF(M11<>"",IF(O11<>0,O11,P11),0) -> 8244677 | R11: =Table1[[#This Row],[Số còn phải thu ĐK]]+Table1[[#This Row],[Giá Trị HD sau CK]]-Table1[[#This Row],[Số tiền đã thu]] -> 0 | S11: =IF(Table1[[#This Row],[Ngày hóa đơn]]<>"",Table1[[#This Row],[Ngày hóa đơn]],IF(Table1[[#This Row],[Ngày hạch toán]]<>"",Table1[[#This Row],[Ngày hạch toán]],"")) -> 45976 | U11: =IF(Table1[[#This Row],[Ngày tính CN]]="","",S11+T11) -> 45976 | V11: =IF(Table1[[#This Row],[Hạn thanh toán]]="","",IF((U11-NOW())<0,0,(U11-NOW()))) -> 0 | X11: =IF(OR(U11="",R11=0),"",IF((U11-NOW())<0,-(U11-NOW()),0)) | Y11: =IF(R11=0,"Đã thanh toán",IF(X11="","",IF(X11<=0,"Chưa đến hạn thanh toán",IF(X11<=30,"Nợ quá hạn 30 ngày",IF(X11<=60,"Nợ quá hạn từ 30 ngày đến 60 ngày",IF(X11<=90,"Nợ quá hạn từ 60 ngày đến 90 ngày",IF(X11<=120,"Nợ quá hạn từ 90 ngày đến 120 ngày","Nợ quá hạn hơn 120 ngày có khả năng mất thanh toán"))))))) -> Đã thanh toán | Z11: =IF(S11="","",S11) -> 45976 | AA11: =IF(M11="","",M11) -> 46048 | AD11: =VLOOKUP($A11,MA_KH!$A:$Q,MA_KH!O$1,0) -> MEGA | AE11: =VLOOKUP($A11,MA_KH!$A:$Q,MA_KH!P$1,0) -> CÔNG TY TNHH MM MEGA MARKET (VIỆT NAM) | AG11: =(Table1[[#This Row],[Số hóa đơn]])&IF(OR(Table1[[#This Row],[Phân loại]]="Hàng trả",Table1[[#This Row],[Phân loại]]="Giảm công nợ"),-Table1[[#This Row],[Tổng giá trị]],Table1[[#This Row],[Tổng giá trị]]) -> 000770058244677 | AH11: =_xlfn.XLOOKUP(Table1[[#This Row],[Column1]],'Chi tiết tt Mega gửi'!P:P,'Chi tiết tt Mega gửi'!N:N) -> #N/A
A12: MEGA-003 | B12: CHI NHÁNH CÔNG TY TNHH MM MEGA MARKET (VIỆT NAM) TẠI HẢI PHÒNG | C12: 45978 | D12: BH2375720 | E12: 45978 | F12: 00077872 | G12: TC16111305 | H12: 1982380 | I12: 0 | J12: 158590 | K12: 2140970 | L12: Tồn đầu kỳ | M12: 46034 | O12: =IF(Table1[[#This Row],[Phân loại]]="Tồn đầu kỳ",Table1[[#This Row],[Tổng giá trị]],0) -> 2140970 | P12: =IF(Table1[[#This Row],[Số còn phải thu ĐK]]<>0,0,IF(Table1[[#This Row],[Phân loại]]="Bán hàng",Table1[[#This Row],[Tổng giá trị]],-Table1[[#This Row],[Tổng giá trị]])) -> 0 | Q12: =IF(M12<>"",IF(O12<>0,O12,P12),0) -> 2140970 | R12: =Table1[[#This Row],[Số còn phải thu ĐK]]+Table1[[#This Row],[Giá Trị HD sau CK]]-Table1[[#This Row],[Số tiền đã thu]] -> 0 | S12: =IF(Table1[[#This Row],[Ngày hóa đơn]]<>"",Table1[[#This Row],[Ngày hóa đơn]],IF(Table1[[#This Row],[Ngày hạch toán]]<>"",Table1[[#This Row],[Ngày hạch toán]],"")) -> 45978 | U12: =IF(Table1[[#This Row],[Ngày tính CN]]="","",S12+T12) -> 45978 | V12: =IF(Table1[[#This Row],[Hạn thanh toán]]="","",IF((U12-NOW())<0,0,(U12-NOW()))) -> 0 | X12: =IF(OR(U12="",R12=0),"",IF((U12-NOW())<0,-(U12-NOW()),0)) | Y12: =IF(R12=0,"Đã thanh toán",IF(X12="","",IF(X12<=0,"Chưa đến hạn thanh toán",IF(X12<=30,"Nợ quá hạn 30 ngày",IF(X12<=60,"Nợ quá hạn từ 30 ngày đến 60 ngày",IF(X12<=90,"Nợ quá hạn từ 60 ngày đến 90 ngày",IF(X12<=120,"Nợ quá hạn từ 90 ngày đến 120 ngày","Nợ quá hạn hơn 120 ngày có khả năng mất thanh toán"))))))) -> Đã thanh toán | Z12: =IF(S12="","",S12) -> 45978 | AA12: =IF(M12="","",M12) -> 46034 | AD12: =VLOOKUP($A12,MA_KH!$A:$Q,MA_KH!O$1,0) -> MEGA | AE12: =VLOOKUP($A12,MA_KH!$A:$Q,MA_KH!P$1,0) -> CÔNG TY TNHH MM MEGA MARKET (VIỆT NAM) | AG12: =(Table1[[#This Row],[Số hóa đơn]])&IF(OR(Table1[[#This Row],[Phân loại]]="Hàng trả",Table1[[#This Row],[Phân loại]]="Giảm công nợ"),-Table1[[#This Row],[Tổng giá trị]],Table1[[#This Row],[Tổng giá trị]]) -> 000778722140970 | AH12: =_xlfn.XLOOKUP(Table1[[#This Row],[Column1]],'Chi tiết tt Mega gửi'!P:P,'Chi tiết tt Mega gửi'!N:N) -> #N/A
A13: MEGA | B13: CÔNG TY TNHH MM MEGA MARKET (VIỆT NAM) | C13: 45981 | D13: BH2376179 | E13: 45981 | F13: 00078418 | G13: 29343201 - Mega Hưng Phú | H13: 903415 | I13: 0 | J13: 72273 | K13: 975688 | L13: Tồn đầu kỳ | M13: 46034 | O13: =IF(Table1[[#This Row],[Phân loại]]="Tồn đầu kỳ",Table1[[#This Row],[Tổng giá trị]],0) -> 975688 | P13: =IF(Table1[[#This Row],[Số còn phải thu ĐK]]<>0,0,IF(Table1[[#This Row],[Phân loại]]="Bán hàng",Table1[[#This Row],[Tổng giá trị]],-Table1[[#This Row],[Tổng giá trị]])) -> 0 | Q13: =IF(M13<>"",IF(O13<>0,O13,P13),0) -> 975688 | R13: =Table1[[#This Row],[Số còn phải thu ĐK]]+Table1[[#This Row],[Giá Trị HD sau CK]]-Table1[[#This Row],[Số tiền đã thu]] -> 0 | S13: =IF(Table1[[#This Row],[Ngày hóa đơn]]<>"",Table1[[#This Row],[Ngày hóa đơn]],IF(Table1[[#This Row],[Ngày hạch toán]]<>"",Table1[[#This Row],[Ngày hạch toán]],"")) -> 45981 | U13: =IF(Table1[[#This Row],[Ngày tính CN]]="","",S13+T13) -> 45981 | V13: =IF(Table1[[#This Row],[Hạn thanh toán]]="","",IF((U13-NOW())<0,0,(U13-NOW()))) -> 0 | X13: =IF(OR(U13="",R13=0),"",IF((U13-NOW())<0,-(U13-NOW()),0)) | Y13: =IF(R13=0,"Đã thanh toán",IF(X13="","",IF(X13<=0,"Chưa đến hạn thanh toán",IF(X13<=30,"Nợ quá hạn 30 ngày",IF(X13<=60,"Nợ quá hạn từ 30 ngày đến 60 ngày",IF(X13<=90,"Nợ quá hạn từ 60 ngày đến 90 ngày",IF(X13<=120,"Nợ quá hạn từ 90 ngày đến 120 ngày","Nợ quá hạn hơn 120 ngày có khả năng mất thanh toán"))))))) -> Đã thanh toán | Z13: =IF(S13="","",S13) -> 45981 | AA13: =IF(M13="","",M13) -> 46034 | AD13: =VLOOKUP($A13,MA_KH!$A:$Q,MA_KH!O$1,0) -> MEGA | AE13: =VLOOKUP($A13,MA_KH!$A:$Q,MA_KH!P$1,0) -> CÔNG TY TNHH MM MEGA MARKET (VIỆT NAM) | AG13: =(Table1[[#This Row],[Số hóa đơn]])&IF(OR(Table1[[#This Row],[Phân loại]]="Hàng trả",Table1[[#This Row],[Phân loại]]="Giảm công nợ"),-Table1[[#This Row],[Tổng giá trị]],Table1[[#This Row],[Tổng giá trị]]) -> 00078418975688 | AH13: =_xlfn.XLOOKUP(Table1[[#This Row],[Column1]],'Chi tiết tt Mega gửi'!P:P,'Chi tiết tt Mega gửi'!N:N) -> #N/A
A14: MEGA | B14: CÔNG TY TNHH MM MEGA MARKET (VIỆT NAM) | C14: 45981 | D14: BH2376180 | E14: 45981 | F14: 00078419 | G14: 12168059 - Mega Hiệp Phú | H14: 1923660 | I14: 0 | J14: 153893 | K14: 2077553 | L14: Tồn đầu kỳ | M14: 46034 | O14: =IF(Table1[[#This Row],[Phân loại]]="Tồn đầu kỳ",Table1[[#This Row],[Tổng giá trị]],0) -> 2077553 | P14: =IF(Table1[[#This Row],[Số còn phải thu ĐK]]<>0,0,IF(Table1[[#This Row],[Phân loại]]="Bán hàng",Table1[[#This Row],[Tổng giá trị]],-Table1[[#This Row],[Tổng giá trị]])) -> 0 | Q14: =IF(M14<>"",IF(O14<>0,O14,P14),0) -> 2077553 | R14: =Table1[[#This Row],[Số còn phải thu ĐK]]+Table1[[#This Row],[Giá Trị HD sau CK]]-Table1[[#This Row],[Số tiền đã thu]] -> 0 | S14: =IF(Table1[[#This Row],[Ngày hóa đơn]]<>"",Table1[[#This Row],[Ngày hóa đơn]],IF(Table1[[#This Row],[Ngày hạch toán]]<>"",Table1[[#This Row],[Ngày hạch toán]],"")) -> 45981 | U14: =IF(Table1[[#This Row],[Ngày tính CN]]="","",S14+T14) -> 45981 | V14: =IF(Table1[[#This Row],[Hạn thanh toán]]="","",IF((U14-NOW())<0,0,(U14-NOW()))) -> 0 | X14: =IF(OR(U14="",R14=0),"",IF((U14-NOW())<0,-(U14-NOW()),0)) | Y14: =IF(R14=0,"Đã thanh toán",IF(X14="","",IF(X14<=0,"Chưa đến hạn thanh toán",IF(X14<=30,"Nợ quá hạn 30 ngày",IF(X14<=60,"Nợ quá hạn từ 30 ngày đến 60 ngày",IF(X14<=90,"Nợ quá hạn từ 60 ngày đến 90 ngày",IF(X14<=120,"Nợ quá hạn từ 90 ngày đến 120 ngày","Nợ quá hạn hơn 120 ngày có khả năng mất thanh toán"))))))) -> Đã thanh toán | Z14: =IF(S14="","",S14) -> 45981 | AA14: =IF(M14="","",M14) -> 46034 | AD14: =VLOOKUP($A14,MA_KH!$A:$Q,MA_KH!O$1,0) -> MEGA | AE14: =VLOOKUP($A14,MA_KH!$A:$Q,MA_KH!P$1,0) -> CÔNG TY TNHH MM MEGA MARKET (VIỆT NAM) | AG14: =(Table1[[#This Row],[Số hóa đơn]])&IF(OR(Table1[[#This Row],[Phân loại]]="Hàng trả",Table1[[#This Row],[Phân loại]]="Giảm công nợ"),-Table1[[#This Row],[Tổng giá trị]],Table1[[#This Row],[Tổng giá trị]]) -> 000784192077553 | AH14: =_xlfn.XLOOKUP(Table1[[#This Row],[Column1]],'Chi tiết tt Mega gửi'!P:P,'Chi tiết tt Mega gửi'!N:N) -> #N/A
A15: MEGA-002 | B15: CHI NHÁNH CÔNG TY TNHH MM MEGA MARKET (VIỆT NAM) TẠI THÀNH PHỐ CẦN THƠ | C15: 45981 | D15: BH2376283 | E15: 45981 | F15: 00078550 | G15: TC15072139 | H15: 4351770 | I15: 0 | J15: 348142 | K15: 4699912 | L15: Tồn đầu kỳ | M15: 46034 | O15: =IF(Table1[[#This Row],[Phân loại]]="Tồn đầu kỳ",Table1[[#This Row],[Tổng giá trị]],0) -> 4699912 | P15: =IF(Table1[[#This Row],[Số còn phải thu ĐK]]<>0,0,IF(Table1[[#This Row],[Phân loại]]="Bán hàng",Table1[[#This Row],[Tổng giá trị]],-Table1[[#This Row],[Tổng giá trị]])) -> 0 | Q15: =IF(M15<>"",IF(O15<>0,O15,P15),0) -> 4699912 | R15: =Table1[[#This Row],[Số còn phải thu ĐK]]+Table1[[#This Row],[Giá Trị HD sau CK]]-Table1[[#This Row],[Số tiền đã thu]] -> 0 | S15: =IF(Table1[[#This Row],[Ngày hóa đơn]]<>"",Table1[[#This Row],[Ngày hóa đơn]],IF(Table1[[#This Row],[Ngày hạch toán]]<>"",Table1[[#This Row],[Ngày hạch toán]],"")) -> 45981 | U15: =IF(Table1[[#This Row],[Ngày tính CN]]="","",S15+T15) -> 45981 | V15: =IF(Table1[[#This Row],[Hạn thanh toán]]="","",IF((U15-NOW())<0,0,(U15-NOW()))) -> 0 | X15: =IF(OR(U15="",R15=0),"",IF((U15-NOW())<0,-(U15-NOW()),0)) | Y15: =IF(R15=0,"Đã thanh toán",IF(X15="","",IF(X15<=0,"Chưa đến hạn thanh toán",IF(X15<=30,"Nợ quá hạn 30 ngày",IF(X15<=60,"Nợ quá hạn từ 30 ngày đến 60 ngày",IF(X15<=90,"Nợ quá hạn từ 60 ngày đến 90 ngày",IF(X15<=120,"Nợ quá hạn từ 90 ngày đến 120 ngày","Nợ quá hạn hơn 120 ngày có khả năng mất thanh toán"))))))) -> Đã thanh toán | Z15: =IF(S15="","",S15) -> 45981 | AA15: =IF(M15="","",M15) -> 46034 | AD15: =VLOOKUP($A15,MA_KH!$A:$Q,MA_KH!O$1,0) -> MEGA | AE15: =VLOOKUP($A15,MA_KH!$A:$Q,MA_KH!P$1,0) -> CÔNG TY TNHH MM MEGA MARKET (VIỆT NAM) | AG15: =(Table1[[#This Row],[Số hóa đơn]])&IF(OR(Table1[[#This Row],[Phân loại]]="Hàng trả",Table1[[#This Row],[Phân loại]]="Giảm công nợ"),-Table1[[#This Row],[Tổng giá trị]],Table1[[#This Row],[Tổng giá trị]]) -> 000785504699912 | AH15: =_xlfn.XLOOKUP(Table1[[#This Row],[Column1]],'Chi tiết tt Mega gửi'!P:P,'Chi tiết tt Mega gửi'!N:N) -> #N/A
... A243: MEGA-HNI-BTL--001 | B243: CHI NHÁNH CÔNG TY TNHH MM MEGA MARKET (VIỆT NAM) TẠI THÀNH PHỐ HÀ NỘI | C243: 46028 | D243: BH00755 | E243: 46034 | F243: 00001960 | G243: 14082737 | H243: 932890 | I243: 0 | J243: 74631 | K243: 1007521 | L243: Bán hàng | M243: 46063 | O243: =IF(Table1[[#This Row],[Phân loại]]="Tồn đầu kỳ",Table1[[#This Row],[Tổng giá trị]],0) -> 0 | P243: =IF(Table1[[#This Row],[Số còn phải thu ĐK]]<>0,0,IF(Table1[[#This Row],[Phân loại]]="Bán hàng",Table1[[#This Row],[Tổng giá trị]],-Table1[[#This Row],[Tổng giá trị]])) -> 1007521 | Q243: =IF(M243<>"",IF(O243<>0,O243,P243),0) -> 1007521 | R243: =Table1[[#This Row],[Số còn phải thu ĐK]]+Table1[[#This Row],[Giá Trị HD sau CK]]-Table1[[#This Row],[Số tiền đã thu]] -> 0 | S243: =IF(Table1[[#This Row],[Ngày hóa đơn]]<>"",Table1[[#This Row],[Ngày hóa đơn]],IF(Table1[[#This Row],[Ngày hạch toán]]<>"",Table1[[#This Row],[Ngày hạch toán]],"")) -> 46034 | U243: =IF(Table1[[#This Row],[Ngày tính CN]]="","",S243+T243) -> 46034 | V243: =IF(Table1[[#This Row],[Hạn thanh toán]]="","",IF((U243-NOW())<0,0,(U243-NOW()))) -> 0 | X243: =IF(OR(U243="",R243=0),"",IF((U243-NOW())<0,-(U243-NOW()),0)) | Y243: =IF(R243=0,"Đã thanh toán",IF(X243="","",IF(X243<=0,"Chưa đến hạn thanh toán",IF(X243<=30,"Nợ quá hạn 30 ngày",IF(X243<=60,"Nợ quá hạn từ 30 ngày đến 60 ngày",IF(X243<=90,"Nợ quá hạn từ 60 ngày đến 90 ngày",IF(X243<=120,"Nợ quá hạn từ 90 ngày đến 120 ngày","Nợ quá hạn hơn 120 ngày có khả năng mất thanh toán"))))))) -> Đã thanh toán | Z243: =IF(S243="","",S243) -> 46034 | AA243: =IF(M243="","",M243) -> 46063 | AD243: =VLOOKUP($A243,MA_KH!$A:$Q,MA_KH!O$1,0) -> MEGA | AE243: =VLOOKUP($A243,MA_KH!$A:$Q,MA_KH!P$1,0) -> CÔNG TY TNHH MM MEGA MARKET (VIỆT NAM) | AG243: =(Table1[[#This Row],[Số hóa đơn]])&IF(OR(Table1[[#This Row],[Phân loại]]="Hàng trả",Table1[[#This Row],[Phân loại]]="Giảm công nợ"),-Table1[[#This Row],[Tổng giá trị]],Table1[[#This Row],[Tổng giá trị]]) -> 000019601007521 | AH243: =_xlfn.XLOOKUP(Table1[[#This Row],[Column1]],'Chi tiết tt Mega gửi'!P:P,'Chi tiết tt Mega gửi'!N:N) -> #N/A
A244: MEGA-NAN-01--013 | B244: CHI NHÁNH CÔNG TY TNHH MM MEGA MARKET ( VIỆT NAM) TẠI TỈNH NGHỆ AN | C244: 46029 | D244: SG/HT126012600274 | E244: 46029 | F244: 2 | G244: Hàng trả - Mega Nghệ An - MEGA-NAN-01--013 | H244: 1248327 | I244: 0 | J244: 99866 | K244: 1348193 | L244: Hàng trả | M244: 46034 | O244: =IF(Table1[[#This Row],[Phân loại]]="Tồn đầu kỳ",Table1[[#This Row],[Tổng giá trị]],0) -> 0 | P244: =IF(Table1[[#This Row],[Số còn phải thu ĐK]]<>0,0,IF(Table1[[#This Row],[Phân loại]]="Bán hàng",Table1[[#This Row],[Tổng giá trị]],-Table1[[#This Row],[Tổng giá trị]])) -> -1348193 | Q244: =IF(M244<>"",IF(O244<>0,O244,P244),0) -> -1348193 | R244: =Table1[[#This Row],[Số còn phải thu ĐK]]+Table1[[#This Row],[Giá Trị HD sau CK]]-Table1[[#This Row],[Số tiền đã thu]] -> 0 | S244: =IF(Table1[[#This Row],[Ngày hóa đơn]]<>"",Table1[[#This Row],[Ngày hóa đơn]],IF(Table1[[#This Row],[Ngày hạch toán]]<>"",Table1[[#This Row],[Ngày hạch toán]],"")) -> 46029 | U244: =IF(Table1[[#This Row],[Ngày tính CN]]="","",S244+T244) -> 46029 | V244: =IF(Table1[[#This Row],[Hạn thanh toán]]="","",IF((U244-NOW())<0,0,(U244-NOW()))) -> 0 | X244: =IF(OR(U244="",R244=0),"",IF((U244-NOW())<0,-(U244-NOW()),0)) | Y244: =IF(R244=0,"Đã thanh toán",IF(X244="","",IF(X244<=0,"Chưa đến hạn thanh toán",IF(X244<=30,"Nợ quá hạn 30 ngày",IF(X244<=60,"Nợ quá hạn từ 30 ngày đến 60 ngày",IF(X244<=90,"Nợ quá hạn từ 60 ngày đến 90 ngày",IF(X244<=120,"Nợ quá hạn từ 90 ngày đến 120 ngày","Nợ quá hạn hơn 120 ngày có khả năng mất thanh toán"))))))) -> Đã thanh toán | Z244: =IF(S244="","",S244) -> 46029 | AA244: =IF(M244="","",M244) -> 46034 | AD244: =VLOOKUP($A244,MA_KH!$A:$Q,MA_KH!O$1,0) -> MEGA | AE244: =VLOOKUP($A244,MA_KH!$A:$Q,MA_KH!P$1,0) -> CÔNG TY TNHH MM MEGA MARKET (VIỆT NAM) | AG244: =(Table1[[#This Row],[Số hóa đơn]])&IF(OR(Table1[[#This Row],[Phân loại]]="Hàng trả",Table1[[#This Row],[Phân loại]]="Giảm công nợ"),-Table1[[#This Row],[Tổng giá trị]],Table1[[#This Row],[Tổng giá trị]]) -> 2-1348193 | AH244: =_xlfn.XLOOKUP(Table1[[#This Row],[Column1]],'Chi tiết tt Mega gửi'!P:P,'Chi tiết tt Mega gửi'!N:N) -> 46034
A245: MEGA-KHA-00--011 | B245: CHI NHÁNH CÔNG TY TNHH MM MEGA MARKET (VIỆT NAM) TẠI THÀNH PHỐ NHA TRANG | C245: 46029 | D245: SG/HT126012600275 | E245: 46029 | F245: 5 | G245: Hàng trả - Mega Nha Trang - MEGA-KHA-00--011 | H245: 8255789 | I245: 0 | J245: 660463 | K245: 8916252 | L245: Hàng trả | M245: 46034 | O245: =IF(Table1[[#This Row],[Phân loại]]="Tồn đầu kỳ",Table1[[#This Row],[Tổng giá trị]],0) -> 0 | P245: =IF(Table1[[#This Row],[Số còn phải thu ĐK]]<>0,0,IF(Table1[[#This Row],[Phân loại]]="Bán hàng",Table1[[#This Row],[Tổng giá trị]],-Table1[[#This Row],[Tổng giá trị]])) -> -8916252 | Q245: =IF(M245<>"",IF(O245<>0,O245,P245),0) -> -8916252 | R245: =Table1[[#This Row],[Số còn phải thu ĐK]]+Table1[[#This Row],[Giá Trị HD sau CK]]-Table1[[#This Row],[Số tiền đã thu]] -> 0 | S245: =IF(Table1[[#This Row],[Ngày hóa đơn]]<>"",Table1[[#This Row],[Ngày hóa đơn]],IF(Table1[[#This Row],[Ngày hạch toán]]<>"",Table1[[#This Row],[Ngày hạch toán]],"")) -> 46029 | U245: =IF(Table1[[#This Row],[Ngày tính CN]]="","",S245+T245) -> 46029 | V245: =IF(Table1[[#This Row],[Hạn thanh toán]]="","",IF((U245-NOW())<0,0,(U245-NOW()))) -> 0 | X245: =IF(OR(U245="",R245=0),"",IF((U245-NOW())<0,-(U245-NOW()),0)) | Y245: =IF(R245=0,"Đã thanh toán",IF(X245="","",IF(X245<=0,"Chưa đến hạn thanh toán",IF(X245<=30,"Nợ quá hạn 30 ngày",IF(X245<=60,"Nợ quá hạn từ 30 ngày đến 60 ngày",IF(X245<=90,"Nợ quá hạn từ 60 ngày đến 90 ngày",IF(X245<=120,"Nợ quá hạn từ 90 ngày đến 120 ngày","Nợ quá hạn hơn 120 ngày có khả năng mất thanh toán"))))))) -> Đã thanh toán | Z245: =IF(S245="","",S245) -> 46029 | AA245: =IF(M245="","",M245) -> 46034 | AD245: =VLOOKUP($A245,MA_KH!$A:$Q,MA_KH!O$1,0) -> MEGA | AE245: =VLOOKUP($A245,MA_KH!$A:$Q,MA_KH!P$1,0) -> CÔNG TY TNHH MM MEGA MARKET (VIỆT NAM) | AG245: =(Table1[[#This Row],[Số hóa đơn]])&IF(OR(Table1[[#This Row],[Phân loại]]="Hàng trả",Table1[[#This Row],[Phân loại]]="Giảm công nợ"),-Table1[[#This Row],[Tổng giá trị]],Table1[[#This Row],[Tổng giá trị]]) -> 5-8916252 | AH245: =_xlfn.XLOOKUP(Table1[[#This Row],[Column1]],'Chi tiết tt Mega gửi'!P:P,'Chi tiết tt Mega gửi'!N:N) -> 46034
A246: MEGA-001 | B246: CHI NHÁNH CÔNG TY TNHH MM MEGA MARKET (VIỆT NAM) TẠI THÀNH PHỐ HÀ NỘI | C246: 46030 | D246: BH2374578 | E246: 46030 | F246: 00000017 | G246: 13030066 | H246: 1116060 | I246: 0 | J246: 89285 | K246: 1205345 | L246: Bán hàng | M246: 46063 | O246: =IF(Table1[[#This Row],[Phân loại]]="Tồn đầu kỳ",Table1[[#This Row],[Tổng giá trị]],0) -> 0 | P246: =IF(Table1[[#This Row],[Số còn phải thu ĐK]]<>0,0,IF(Table1[[#This Row],[Phân loại]]="Bán hàng",Table1[[#This Row],[Tổng giá trị]],-Table1[[#This Row],[Tổng giá trị]])) -> 1205345 | Q246: =IF(M246<>"",IF(O246<>0,O246,P246),0) -> 1205345 | R246: =Table1[[#This Row],[Số còn phải thu ĐK]]+Table1[[#This Row],[Giá Trị HD sau CK]]-Table1[[#This Row],[Số tiền đã thu]] -> 0 | S246: =IF(Table1[[#This Row],[Ngày hóa đơn]]<>"",Table1[[#This Row],[Ngày hóa đơn]],IF(Table1[[#This Row],[Ngày hạch toán]]<>"",Table1[[#This Row],[Ngày hạch toán]],"")) -> 46030 | U246: =IF(Table1[[#This Row],[Ngày tính CN]]="","",S246+T246) -> 46030 | V246: =IF(Table1[[#This Row],[Hạn thanh toán]]="","",IF((U246-NOW())<0,0,(U246-NOW()))) -> 0 | X246: =IF(OR(U246="",R246=0),"",IF((U246-NOW())<0,-(U246-NOW()),0)) | Y246: =IF(R246=0,"Đã thanh toán",IF(X246="","",IF(X246<=0,"Chưa đến hạn thanh toán",IF(X246<=30,"Nợ quá hạn 30 ngày",IF(X246<=60,"Nợ quá hạn từ 30 ngày đến 60 ngày",IF(X246<=90,"Nợ quá hạn từ 60 ngày đến 90 ngày",IF(X246<=120,"Nợ quá hạn từ 90 ngày đến 120 ngày","Nợ quá hạn hơn 120 ngày có khả năng mất thanh toán"))))))) -> Đã thanh toán | Z246: =IF(S246="","",S246) -> 46030 | AA246: =IF(M246="","",M246) -> 46063 | AD246: =VLOOKUP($A246,MA_KH!$A:$Q,MA_KH!O$1,0) -> MEGA | AE246: =VLOOKUP($A246,MA_KH!$A:$Q,MA_KH!P$1,0) -> CÔNG TY TNHH MM MEGA MARKET (VIỆT NAM) | AG246: =(Table1[[#This Row],[Số hóa đơn]])&IF(OR(Table1[[#This Row],[Phân loại]]="Hàng trả",Table1[[#This Row],[Phân loại]]="Giảm công nợ"),-Table1[[#This Row],[Tổng giá trị]],Table1[[#This Row],[Tổng giá trị]]) -> 000000171205345 | AH246: =_xlfn.XLOOKUP(Table1[[#This Row],[Column1]],'Chi tiết tt Mega gửi'!P:P,'Chi tiết tt Mega gửi'!N:N) -> #N/A
A247: MEGA-001 | B247: CHI NHÁNH CÔNG TY TNHH MM MEGA MARKET (VIỆT NAM) TẠI THÀNH PHỐ HÀ NỘI | C247: 46030 | D247: BH2374626 | E247: 46030 | F247: 00001346 | G247: 14080283 | H247: 7463120 | I247: 0 | J247: 597050 | K247: 8060170 | L247: Bán hàng | M247: 46063 | O247: =IF(Table1[[#This Row],[Phân loại]]="Tồn đầu kỳ",Table1[[#This Row],[Tổng giá trị]],0) -> 0 | P247: =IF(Table1[[#This Row],[Số còn phải thu ĐK]]<>0,0,IF(Table1[[#This Row],[Phân loại]]="Bán hàng",Table1[[#This Row],[Tổng giá trị]],-Table1[[#This Row],[Tổng giá trị]])) -> 8060170 | Q247: =IF(M247<>"",IF(O247<>0,O247,P247),0) -> 8060170 | R247: =Table1[[#This Row],[Số còn phải thu ĐK]]+Table1[[#This Row],[Giá Trị HD sau CK]]-Table1[[#This Row],[Số tiền đã thu]] -> 0 | S247: =IF(Table1[[#This Row],[Ngày hóa đơn]]<>"",Table1[[#This Row],[Ngày hóa đơn]],IF(Table1[[#This Row],[Ngày hạch toán]]<>"",Table1[[#This Row],[Ngày hạch toán]],"")) -> 46030 | U247: =IF(Table1[[#This Row],[Ngày tính CN]]="","",S247+T247) -> 46030 | V247: =IF(Table1[[#This Row],[Hạn thanh toán]]="","",IF((U247-NOW())<0,0,(U247-NOW()))) -> 0 | X247: =IF(OR(U247="",R247=0),"",IF((U247-NOW())<0,-(U247-NOW()),0)) | Y247: =IF(R247=0,"Đã thanh toán",IF(X247="","",IF(X247<=0,"Chưa đến hạn thanh toán",IF(X247<=30,"Nợ quá hạn 30 ngày",IF(X247<=60,"Nợ quá hạn từ 30 ngày đến 60 ngày",IF(X247<=90,"Nợ quá hạn từ 60 ngày đến 90 ngày",IF(X247<=120,"Nợ quá hạn từ 90 ngày đến 120 ngày","Nợ quá hạn hơn 120 ngày có khả năng mất thanh toán"))))))) -> Đã thanh toán | Z247: =IF(S247="","",S247) -> 46030 | AA247: =IF(M247="","",M247) -> 46063 | AD247: =VLOOKUP($A247,MA_KH!$A:$Q,MA_KH!O$1,0) -> MEGA | AE247: =VLOOKUP($A247,MA_KH!$A:$Q,MA_KH!P$1,0) -> CÔNG TY TNHH MM MEGA MARKET (VIỆT NAM) | AG247: =(Table1[[#This Row],[Số hóa đơn]])&IF(OR(Table1[[#This Row],[Phân loại]]="Hàng trả",Table1[[#This Row],[Phân loại]]="Giảm công nợ"),-Table1[[#This Row],[Tổng giá trị]],Table1[[#This Row],[Tổng giá trị]]) -> 000013468060170 | AH247: =_xlfn.XLOOKUP(Table1[[#This Row],[Column1]],'Chi tiết tt Mega gửi'!P:P,'Chi tiết tt Mega gửi'!N:N) -> #N/A
A248: MEGA-001 | B248: CHI NHÁNH CÔNG TY TNHH MM MEGA MARKET (VIỆT NAM) TẠI THÀNH PHỐ HÀ NỘI | C248: 46030 | D248: BH2374627 | E248: 46030 | F248: 00001347 | G248: 14079042 | H248: 3892430 | I248: 0 | J248: 311394 | K248: 4203824 | L248: Bán hàng | M248: 46063 | O248: =IF(Table1[[#This Row],[Phân loại]]="Tồn đầu kỳ",Table1[[#This Row],[Tổng giá trị]],0) -> 0 | P248: =IF(Table1[[#This Row],[Số còn phải thu ĐK]]<>0,0,IF(Table1[[#This Row],[Phân loại]]="Bán hàng",Table1[[#This Row],[Tổng giá trị]],-Table1[[#This Row],[Tổng giá trị]])) -> 4203824 | Q248: =IF(M248<>"",IF(O248<>0,O248,P248),0) -> 4203824 | R248: =Table1[[#This Row],[Số còn phải thu ĐK]]+Table1[[#This Row],[Giá Trị HD sau CK]]-Table1[[#This Row],[Số tiền đã thu]] -> 0 | S248: =IF(Table1[[#This Row],[Ngày hóa đơn]]<>"",Table1[[#This Row],[Ngày hóa đơn]],IF(Table1[[#This Row],[Ngày hạch toán]]<>"",Table1[[#This Row],[Ngày hạch toán]],"")) -> 46030 | U248: =IF(Table1[[#This Row],[Ngày tính CN]]="","",S248+T248) -> 46030 | V248: =IF(Table1[[#This Row],[Hạn thanh toán]]="","",IF((U248-NOW())<0,0,(U248-NOW()))) -> 0 | X248: =IF(OR(U248="",R248=0),"",IF((U248-NOW())<0,-(U248-NOW()),0)) | Y248: =IF(R248=0,"Đã thanh toán",IF(X248="","",IF(X248<=0,"Chưa đến hạn thanh toán",IF(X248<=30,"Nợ quá hạn 30 ngày",IF(X248<=60,"Nợ quá hạn từ 30 ngày đến 60 ngày",IF(X248<=90,"Nợ quá hạn từ 60 ngày đến 90 ngày",IF(X248<=120,"Nợ quá hạn từ 90 ngày đến 120 ngày","Nợ quá hạn hơn 120 ngày có khả năng mất thanh toán"))))))) -> Đã thanh toán | Z248: =IF(S248="","",S248) -> 46030 | AA248: =IF(M248="","",M248) -> 46063 | AD248: =VLOOKUP($A248,MA_KH!$A:$Q,MA_KH!O$1,0) -> MEGA | AE248: =VLOOKUP($A248,MA_KH!$A:$Q,MA_KH!P$1,0) -> CÔNG TY TNHH MM MEGA MARKET (VIỆT NAM) | AG248: =(Table1[[#This Row],[Số hóa đơn]])&IF(OR(Table1[[#This Row],[Phân loại]]="Hàng trả",Table1[[#This Row],[Phân loại]]="Giảm công nợ"),-Table1[[#This Row],[Tổng giá trị]],Table1[[#This Row],[Tổng giá trị]]) -> 000013474203824 | AH248: =_xlfn.XLOOKUP(Table1[[#This Row],[Column1]],'Chi tiết tt Mega gửi'!P:P,'Chi tiết tt Mega gửi'!N:N) -> #N/A
A249: MEGA-001 | B249: CHI NHÁNH CÔNG TY TNHH MM MEGA MARKET (VIỆT NAM) TẠI THÀNH PHỐ HÀ NỘI | C249: 46030 | D249: BH2374628 | E249: 46030 | F249: 00001348 | G249: 14077182 | H249: 100366 | I249: 0 | J249: 8029 | K249: 108395 | L249: Bán hàng | M249: 46063 | O249: =IF(Table1[[#This Row],[Phân loại]]="Tồn đầu kỳ",Table1[[#This Row],[Tổng giá trị]],0) -> 0 | P249: =IF(Table1[[#This Row],[Số còn phải thu ĐK]]<>0,0,IF(Table1[[#This Row],[Phân loại]]="Bán hàng",Table1[[#This Row],[Tổng giá trị]],-Table1[[#This Row],[Tổng giá trị]])) -> 108395 | Q249: =IF(M249<>"",IF(O249<>0,O249,P249),0) -> 108395 | R249: =Table1[[#This Row],[Số còn phải thu ĐK]]+Table1[[#This Row],[Giá Trị HD sau CK]]-Table1[[#This Row],[Số tiền đã thu]] -> 0 | S249: =IF(Table1[[#This Row],[Ngày hóa đơn]]<>"",Table1[[#This Row],[Ngày hóa đơn]],IF(Table1[[#This Row],[Ngày hạch toán]]<>"",Table1[[#This Row],[Ngày hạch toán]],"")) -> 46030 | U249: =IF(Table1[[#This Row],[Ngày tính CN]]="","",S249+T249) -> 46030 | V249: =IF(Table1[[#This Row],[Hạn thanh toán]]="","",IF((U249-NOW())<0,0,(U249-NOW()))) -> 0 | X249: =IF(OR(U249="",R249=0),"",IF((U249-NOW())<0,-(U249-NOW()),0)) | Y249: =IF(R249=0,"Đã thanh toán",IF(X249="","",IF(X249<=0,"Chưa đến hạn thanh toán",IF(X249<=30,"Nợ quá hạn 30 ngày",IF(X249<=60,"Nợ quá hạn từ 30 ngày đến 60 ngày",IF(X249<=90,"Nợ quá hạn từ 60 ngày đến 90 ngày",IF(X249<=120,"Nợ quá hạn từ 90 ngày đến 120 ngày","Nợ quá hạn hơn 120 ngày có khả năng mất thanh toán"))))))) -> Đã thanh toán | Z249: =IF(S249="","",S249) -> 46030 | AA249: =IF(M249="","",M249) -> 46063 | AD249: =VLOOKUP($A249,MA_KH!$A:$Q,MA_KH!O$1,0) -> MEGA | AE249: =VLOOKUP($A249,MA_KH!$A:$Q,MA_KH!P$1,0) -> CÔNG TY TNHH MM MEGA MARKET (VIỆT NAM) | AG249: =(Table1[[#This Row],[Số hóa đơn]])&IF(OR(Table1[[#This Row],[Phân loại]]="Hàng trả",Table1[[#This Row],[Phân loại]]="Giảm công nợ"),-Table1[[#This Row],[Tổng giá trị]],Table1[[#This Row],[Tổng giá trị]]) -> 00001348108395 | AH249: =_xlfn.XLOOKUP(Table1[[#This Row],[Column1]],'Chi tiết tt Mega gửi'!P:P,'Chi tiết tt Mega gửi'!N:N) -> #N/A
A250: MEGA-001 | B250: CHI NHÁNH CÔNG TY TNHH MM MEGA MARKET (VIỆT NAM) TẠI THÀNH PHỐ HÀ NỘI | C250: 46030 | D250: BH2374681 | E250: 46030 | F250: 00001349 | G250: 90584993 | H250: 2024120 | I250: 0 | J250: 161930 | K250: 2186050 | L250: Bán hàng | M250: 46063 | O250: =IF(Table1[[#This Row],[Phân loại]]="Tồn đầu kỳ",Table1[[#This Row],[Tổng giá trị]],0) -> 0 | P250: =IF(Table1[[#This Row],[Số còn phải thu ĐK]]<>0,0,IF(Table1[[#This Row],[Phân loại]]="Bán hàng",Table1[[#This Row],[Tổng giá trị]],-Table1[[#This Row],[Tổng giá trị]])) -> 2186050 | Q250: =IF(M250<>"",IF(O250<>0,O250,P250),0) -> 2186050 | R250: =Table1[[#This Row],[Số còn phải thu ĐK]]+Table1[[#This Row],[Giá Trị HD sau CK]]-Table1[[#This Row],[Số tiền đã thu]] -> 0 | S250: =IF(Table1[[#This Row],[Ngày hóa đơn]]<>"",Table1[[#This Row],[Ngày hóa đơn]],IF(Table1[[#This Row],[Ngày hạch toán]]<>"",Table1[[#This Row],[Ngày hạch toán]],"")) -> 46030 | U250: =IF(Table1[[#This Row],[Ngày tính CN]]="","",S250+T250) -> 46030 | V250: =IF(Table1[[#This Row],[Hạn thanh toán]]="","",IF((U250-NOW())<0,0,(U250-NOW()))) -> 0 | X250: =IF(OR(U250="",R250=0),"",IF((U250-NOW())<0,-(U250-NOW()),0)) | Y250: =IF(R250=0,"Đã thanh toán",IF(X250="","",IF(X250<=0,"Chưa đến hạn thanh toán",IF(X250<=30,"Nợ quá hạn 30 ngày",IF(X250<=60,"Nợ quá hạn từ 30 ngày đến 60 ngày",IF(X250<=90,"Nợ quá hạn từ 60 ngày đến 90 ngày",IF(X250<=120,"Nợ quá hạn từ 90 ngày đến 120 ngày","Nợ quá hạn hơn 120 ngày có khả năng mất thanh toán"))))))) -> Đã thanh toán | Z250: =IF(S250="","",S250) -> 46030 | AA250: =IF(M250="","",M250) -> 46063 | AD250: =VLOOKUP($A250,MA_KH!$A:$Q,MA_KH!O$1,0) -> MEGA | AE250: =VLOOKUP($A250,MA_KH!$A:$Q,MA_KH!P$1,0) -> CÔNG TY TNHH MM MEGA MARKET (VIỆT NAM) | AG250: =(Table1[[#This Row],[Số hóa đơn]])&IF(OR(Table1[[#This Row],[Phân loại]]="Hàng trả",Table1[[#This Row],[Phân loại]]="Giảm công nợ"),-Table1[[#This Row],[Tổng giá trị]],Table1[[#This Row],[Tổng giá trị]]) -> 000013492186050 | AH250: =_xlfn.XLOOKUP(Table1[[#This Row],[Column1]],'Chi tiết tt Mega gửi'!P:P,'Chi tiết tt Mega gửi'!N:N) -> #N/A
A251: MEGA-HCM-00--008 | B251: CHI NHÁNH CÔNG TY TNHH MM MEGA MARKET (VIỆT NAM) TẠI TỈNH BÌNH DƯƠNG | C251: 46030 | D251: BH01026 | E251: 46035 | F251: 00002010 | G251: 19072447 | H251: 2024120 | I251: 0 | J251: 161930 | K251: 2186050 | L251: Bán hàng | M251: 46077 | O251: =IF(Table1[[#This Row],[Phân loại]]="Tồn đầu kỳ",Table1[[#This Row],[Tổng giá trị]],0) -> 0 | P251: =IF(Table1[[#This Row],[Số còn phải thu ĐK]]<>0,0,IF(Table1[[#This Row],[Phân loại]]="Bán hàng",Table1[[#This Row],[Tổng giá trị]],-Table1[[#This Row],[Tổng giá trị]])) -> 2186050 | Q251: =IF(M251<>"",IF(O251<>0,O251,P251),0) -> 2186050 | R251: =Table1[[#This Row],[Số còn phải thu ĐK]]+Table1[[#This Row],[Giá Trị HD sau CK]]-Table1[[#This Row],[Số tiền đã thu]] -> 0 | S251: =IF(Table1[[#This Row],[Ngày hóa đơn]]<>"",Table1[[#This Row],[Ngày hóa đơn]],IF(Table1[[#This Row],[Ngày hạch toán]]<>"",Table1[[#This Row],[Ngày hạch toán]],"")) -> 46035 | U251: =IF(Table1[[#This Row],[Ngày tính CN]]="","",S251+T251) -> 46035 | V251: =IF(Table1[[#This Row],[Hạn thanh toán]]="","",IF((U251-NOW())<0,0,(U251-NOW()))) -> 0 | X251: =IF(OR(U251="",R251=0),"",IF((U251-NOW())<0,-(U251-NOW()),0)) | Y251: =IF(R251=0,"Đã thanh toán",IF(X251="","",IF(X251<=0,"Chưa đến hạn thanh toán",IF(X251<=30,"Nợ quá hạn 30 ngày",IF(X251<=60,"Nợ quá hạn từ 30 ngày đến 60 ngày",IF(X251<=90,"Nợ quá hạn từ 60 ngày đến 90 ngày",IF(X251<=120,"Nợ quá hạn từ 90 ngày đến 120 ngày","Nợ quá hạn hơn 120 ngày có khả năng mất thanh toán"))))))) -> Đã thanh toán | Z251: =IF(S251="","",S251) -> 46035 | AA251: =IF(M251="","",M251) -> 46077 | AD251: =VLOOKUP($A251,MA_KH!$A:$Q,MA_KH!O$1,0) -> MEGA | AE251: =VLOOKUP($A251,MA_KH!$A:$Q,MA_KH!P$1,0) -> CÔNG TY TNHH MM MEGA MARKET (VIỆT NAM) | AG251: =(Table1[[#This Row],[Số hóa đơn]])&IF(OR(Table1[[#This Row],[Phân loại]]="Hàng trả",Table1[[#This Row],[Phân loại]]="Giảm công nợ"),-Table1[[#This Row],[Tổng giá trị]],Table1[[#This Row],[Tổng giá trị]]) -> 000020102186050 | AH251: =_xlfn.XLOOKUP(Table1[[#This Row],[Column1]],'Chi tiết tt Mega gửi'!P:P,'Chi tiết tt Mega gửi'!N:N) -> #N/A
A252: MEGA-DLK-00--014 | B252: CHI NHÁNH CÔNG TY TNHH MM MEGA MARKET (VIỆT NAM) TẠI TỈNH ĐẮK LẮK | C252: 46030 | D252: BH01028 | E252: 46035 | F252: 00002011 | G252: TC27690068 | H252: 2024120 | I252: 0 | J252: 161930 | K252: 2186050 | L252: Bán hàng | M252: 46077 | O252: =IF(Table1[[#This Row],[Phân loại]]="Tồn đầu kỳ",Table1[[#This Row],[Tổng giá trị]],0) -> 0 | P252: =IF(Table1[[#This Row],[Số còn phải thu ĐK]]<>0,0,IF(Table1[[#This Row],[Phân loại]]="Bán hàng",Table1[[#This Row],[Tổng giá trị]],-Table1[[#This Row],[Tổng giá trị]])) -> 2186050 | Q252: =IF(M252<>"",IF(O252<>0,O252,P252),0) -> 2186050 | R252: =Table1[[#This Row],[Số còn phải thu ĐK]]+Table1[[#This Row],[Giá Trị HD sau CK]]-Table1[[#This Row],[Số tiền đã thu]] -> 0 | S252: =IF(Table1[[#This Row],[Ngày hóa đơn]]<>"",Table1[[#This Row],[Ngày hóa đơn]],IF(Table1[[#This Row],[Ngày hạch toán]]<>"",Table1[[#This Row],[Ngày hạch toán]],"")) -> 46035 | U252: =IF(Table1[[#This Row],[Ngày tính CN]]="","",S252+T252) -> 46035 | V252: =IF(Table1[[#This Row],[Hạn thanh toán]]="","",IF((U252-NOW())<0,0,(U252-NOW()))) -> 0 | X252: =IF(OR(U252="",R252=0),"",IF((U252-NOW())<0,-(U252-NOW()),0)) | Y252: =IF(R252=0,"Đã thanh toán",IF(X252="","",IF(X252<=0,"Chưa đến hạn thanh toán",IF(X252<=30,"Nợ quá hạn 30 ngày",IF(X252<=60,"Nợ quá hạn từ 30 ngày đến 60 ngày",IF(X252<=90,"Nợ quá hạn từ 60 ngày đến 90 ngày",IF(X252<=120,"Nợ quá hạn từ 90 ngày đến 120 ngày","Nợ quá hạn hơn 120 ngày có khả năng mất thanh toán"))))))) -> Đã thanh toán | Z252: =IF(S252="","",S252) -> 46035 | AA252: =IF(M252="","",M252) -> 46077 | AD252: =VLOOKUP($A252,MA_KH!$A:$Q,MA_KH!O$1,0) -> MEGA | AE252: =VLOOKUP($A252,MA_KH!$A:$Q,MA_KH!P$1,0) -> CÔNG TY TNHH MM MEGA MARKET (VIỆT NAM) | AG252: =(Table1[[#This Row],[Số hóa đơn]])&IF(OR(Table1[[#This Row],[Phân loại]]="Hàng trả",Table1[[#This Row],[Phân loại]]="Giảm công nợ"),-Table1[[#This Row],[Tổng giá trị]],Table1[[#This Row],[Tổng giá trị]]) -> 000020112186050 | AH252: =_xlfn.XLOOKUP(Table1[[#This Row],[Column1]],'Chi tiết tt Mega gửi'!P:P,'Chi tiết tt Mega gửi'!N:N) -> #N/A
A253: MEGA-NAN-01--013 | B253: CHI NHÁNH CÔNG TY TNHH MM MEGA MARKET ( VIỆT NAM) TẠI TỈNH NGHỆ AN | C253: 46030 | D253: BH01029 | E253: 46035 | F253: 00002012 | G253: TC23407000 | H253: 1468620 | I253: 0 | J253: 117490 | K253: 1586110 | L253: Bán hàng | M253: 46077 | O253: =IF(Table1[[#This Row],[Phân loại]]="Tồn đầu kỳ",Table1[[#This Row],[Tổng giá trị]],0) -> 0 | P253: =IF(Table1[[#This Row],[Số còn phải thu ĐK]]<>0,0,IF(Table1[[#This Row],[Phân loại]]="Bán hàng",Table1[[#This Row],[Tổng giá trị]],-Table1[[#This Row],[Tổng giá trị]])) -> 1586110 | Q253: =IF(M253<>"",IF(O253<>0,O253,P253),0) -> 1586110 | R253: =Table1[[#This Row],[Số còn phải thu ĐK]]+Table1[[#This Row],[Giá Trị HD sau CK]]-Table1[[#This Row],[Số tiền đã thu]] -> 0 | S253: =IF(Table1[[#This Row],[Ngày hóa đơn]]<>"",Table1[[#This Row],[Ngày hóa đơn]],IF(Table1[[#This Row],[Ngày hạch toán]]<>"",Table1[[#This Row],[Ngày hạch toán]],"")) -> 46035 | U253: =IF(Table1[[#This Row],[Ngày tính CN]]="","",S253+T253) -> 46035 | V253: =IF(Table1[[#This Row],[Hạn thanh toán]]="","",IF((U253-NOW())<0,0,(U253-NOW()))) -> 0 | X253: =IF(OR(U253="",R253=0),"",IF((U253-NOW())<0,-(U253-NOW()),0)) | Y253: =IF(R253=0,"Đã thanh toán",IF(X253="","",IF(X253<=0,"Chưa đến hạn thanh toán",IF(X253<=30,"Nợ quá hạn 30 ngày",IF(X253<=60,"Nợ quá hạn từ 30 ngày đến 60 ngày",IF(X253<=90,"Nợ quá hạn từ 60 ngày đến 90 ngày",IF(X253<=120,"Nợ quá hạn từ 90 ngày đến 120 ngày","Nợ quá hạn hơn 120 ngày có khả năng mất thanh toán"))))))) -> Đã thanh toán | Z253: =IF(S253="","",S253) -> 46035 | AA253: =IF(M253="","",M253) -> 46077 | AD253: =VLOOKUP($A253,MA_KH!$A:$Q,MA_KH!O$1,0) -> MEGA | AE253: =VLOOKUP($A253,MA_KH!$A:$Q,MA_KH!P$1,0) -> CÔNG TY TNHH MM MEGA MARKET (VIỆT NAM) | AG253: =(Table1[[#This Row],[Số hóa đơn]])&IF(OR(Table1[[#This Row],[Phân loại]]="Hàng trả",Table1[[#This Row],[Phân loại]]="Giảm công nợ"),-Table1[[#This Row],[Tổng giá trị]],Table1[[#This Row],[Tổng giá trị]]) -> 000020121586110 | AH253: =_xlfn.XLOOKUP(Table1[[#This Row],[Column1]],'Chi tiết tt Mega gửi'!P:P,'Chi tiết tt Mega gửi'!N:N) -> #N/A
A254: MEGA-HCM-00--009 | B254: CHI NHÁNH CÔNG TY TNHH MM MEGA MARKET (VIỆT NAM) TẠI TỈNH BÀ RỊA - VŨNG TÀU | C254: 46030 | D254: BH01030 | E254: 46035 | F254: 00002013 | G254: TC22690353 | H254: 2024120 | I254: 0 | J254: 161930 | K254: 2186050 | L254: Bán hàng | M254: 46077 | O254: =IF(Table1[[#This Row],[Phân loại]]="Tồn đầu kỳ",Table1[[#This Row],[Tổng giá trị]],0) -> 0 | P254: =IF(Table1[[#This Row],[Số còn phải thu ĐK]]<>0,0,IF(Table1[[#This Row],[Phân loại]]="Bán hàng",Table1[[#This Row],[Tổng giá trị]],-Table1[[#This Row],[Tổng giá trị]])) -> 2186050 | Q254: =IF(M254<>"",IF(O254<>0,O254,P254),0) -> 2186050 | R254: =Table1[[#This Row],[Số còn phải thu ĐK]]+Table1[[#This Row],[Giá Trị HD sau CK]]-Table1[[#This Row],[Số tiền đã thu]] -> 0 | S254: =IF(Table1[[#This Row],[Ngày hóa đơn]]<>"",Table1[[#This Row],[Ngày hóa đơn]],IF(Table1[[#This Row],[Ngày hạch toán]]<>"",Table1[[#This Row],[Ngày hạch toán]],"")) -> 46035 | U254: =IF(Table1[[#This Row],[Ngày tính CN]]="","",S254+T254) -> 46035 | V254: =IF(Table1[[#This Row],[Hạn thanh toán]]="","",IF((U254-NOW())<0,0,(U254-NOW()))) -> 0 | X254: =IF(OR(U254="",R254=0),"",IF((U254-NOW())<0,-(U254-NOW()),0)) | Y254: =IF(R254=0,"Đã thanh toán",IF(X254="","",IF(X254<=0,"Chưa đến hạn thanh toán",IF(X254<=30,"Nợ quá hạn 30 ngày",IF(X254<=60,"Nợ quá hạn từ 30 ngày đến 60 ngày",IF(X254<=90,"Nợ quá hạn từ 60 ngày đến 90 ngày",IF(X254<=120,"Nợ quá hạn từ 90 ngày đến 120 ngày","Nợ quá hạn hơn 120 ngày có khả năng mất thanh toán"))))))) -> Đã thanh toán | Z254: =IF(S254="","",S254) -> 46035 | AA254: =IF(M254="","",M254) -> 46077 | AD254: =VLOOKUP($A254,MA_KH!$A:$Q,MA_KH!O$1,0) -> MEGA | AE254: =VLOOKUP($A254,MA_KH!$A:$Q,MA_KH!P$1,0) -> CÔNG TY TNHH MM MEGA MARKET (VIỆT NAM) | AG254: =(Table1[[#This Row],[Số hóa đơn]])&IF(OR(Table1[[#This Row],[Phân loại]]="Hàng trả",Table1[[#This Row],[Phân loại]]="Giảm công nợ"),-Table1[[#This Row],[Tổng giá trị]],Table1[[#This Row],[Tổng giá trị]]) -> 000020132186050 | AH254: =_xlfn.XLOOKUP(Table1[[#This Row],[Column1]],'Chi tiết tt Mega gửi'!P:P,'Chi tiết tt Mega gửi'!N:N) -> #N/A
A255: MEGA-DNG-00--004 | B255: CHI NHÁNH CÔNG TY TNHH MM MEGA MARKET (VIỆT NAM) TẠI THÀNH PHỐ ĐÀ NẴNG | C255: 46030 | D255: BH01031 | E255: 46035 | F255: 00002014 | G255: TC17342774 | H255: 3142710 | I255: 0 | J255: 251417 | K255: 3394127 | L255: Bán hàng | M255: 46077 | O255: =IF(Table1[[#This Row],[Phân loại]]="Tồn đầu kỳ",Table1[[#This Row],[Tổng giá trị]],0) -> 0 | P255: =IF(Table1[[#This Row],[Số còn phải thu ĐK]]<>0,0,IF(Table1[[#This Row],[Phân loại]]="Bán hàng",Table1[[#This Row],[Tổng giá trị]],-Table1[[#This Row],[Tổng giá trị]])) -> 3394127 | Q255: =IF(M255<>"",IF(O255<>0,O255,P255),0) -> 3394127 | R255: =Table1[[#This Row],[Số còn phải thu ĐK]]+Table1[[#This Row],[Giá Trị HD sau CK]]-Table1[[#This Row],[Số tiền đã thu]] -> 0 | S255: =IF(Table1[[#This Row],[Ngày hóa đơn]]<>"",Table1[[#This Row],[Ngày hóa đơn]],IF(Table1[[#This Row],[Ngày hạch toán]]<>"",Table1[[#This Row],[Ngày hạch toán]],"")) -> 46035 | U255: =IF(Table1[[#This Row],[Ngày tính CN]]="","",S255+T255) -> 46035 | V255: =IF(Table1[[#This Row],[Hạn thanh toán]]="","",IF((U255-NOW())<0,0,(U255-NOW()))) -> 0 | X255: =IF(OR(U255="",R255=0),"",IF((U255-NOW())<0,-(U255-NOW()),0)) | Y255: =IF(R255=0,"Đã thanh toán",IF(X255="","",IF(X255<=0,"Chưa đến hạn thanh toán",IF(X255<=30,"Nợ quá hạn 30 ngày",IF(X255<=60,"Nợ quá hạn từ 30 ngày đến 60 ngày",IF(X255<=90,"Nợ quá hạn từ 60 ngày đến 90 ngày",IF(X255<=120,"Nợ quá hạn từ 90 ngày đến 120 ngày","Nợ quá hạn hơn 120 ngày có khả năng mất thanh toán"))))))) -> Đã thanh toán | Z255: =IF(S255="","",S255) -> 46035 | AA255: =IF(M255="","",M255) -> 46077 | AD255: =VLOOKUP($A255,MA_KH!$A:$Q,MA_KH!O$1,0) -> MEGA | AE255: =VLOOKUP($A255,MA_KH!$A:$Q,MA_KH!P$1,0) -> CÔNG TY TNHH MM MEGA MARKET (VIỆT NAM) | AG255: =(Table1[[#This Row],[Số hóa đơn]])&IF(OR(Table1[[#This Row],[Phân loại]]="Hàng trả",Table1[[#This Row],[Phân loại]]="Giảm công nợ"),-Table1[[#This Row],[Tổng giá trị]],Table1[[#This Row],[Tổng giá trị]]) -> 000020143394127 | AH255: =_xlfn.XLOOKUP(Table1[[#This Row],[Column1]],'Chi tiết tt Mega gửi'!P:P,'Chi tiết tt Mega gửi'!N:N) -> #N/A
A256: MEGA-DNG-00--004 | B256: CHI NHÁNH CÔNG TY TNHH MM MEGA MARKET (VIỆT NAM) TẠI THÀNH PHỐ ĐÀ NẴNG | C256: 46030 | D256: BH01032 | E256: 46035 | F256: 00002015 | G256: TC17342134 | H256: 2024120 | I256: 0 | J256: 161930 | K256: 2186050 | L256: Bán hàng | M256: 46077 | O256: =IF(Table1[[#This Row],[Phân loại]]="Tồn đầu kỳ",Table1[[#This Row],[Tổng giá trị]],0) -> 0 | P256: =IF(Table1[[#This Row],[Số còn phải thu ĐK]]<>0,0,IF(Table1[[#This Row],[Phân loại]]="Bán hàng",Table1[[#This Row],[Tổng giá trị]],-Table1[[#This Row],[Tổng giá trị]])) -> 2186050 | Q256: =IF(M256<>"",IF(O256<>0,O256,P256),0) -> 2186050 | R256: =Table1[[#This Row],[Số còn phải thu ĐK]]+Table1[[#This Row],[Giá Trị HD sau CK]]-Table1[[#This Row],[Số tiền đã thu]] -> 0 | S256: =IF(Table1[[#This Row],[Ngày hóa đơn]]<>"",Table1[[#This Row],[Ngày hóa đơn]],IF(Table1[[#This Row],[Ngày hạch toán]]<>"",Table1[[#This Row],[Ngày hạch toán]],"")) -> 46035 | U256: =IF(Table1[[#This Row],[Ngày tính CN]]="","",S256+T256) -> 46035 | V256: =IF(Table1[[#This Row],[Hạn thanh toán]]="","",IF((U256-NOW())<0,0,(U256-NOW()))) -> 0 | X256: =IF(OR(U256="",R256=0),"",IF((U256-NOW())<0,-(U256-NOW()),0)) | Y256: =IF(R256=0,"Đã thanh toán",IF(X256="","",IF(X256<=0,"Chưa đến hạn thanh toán",IF(X256<=30,"Nợ quá hạn 30 ngày",IF(X256<=60,"Nợ quá hạn từ 30 ngày đến 60 ngày",IF(X256<=90,"Nợ quá hạn từ 60 ngày đến 90 ngày",IF(X256<=120,"Nợ quá hạn từ 90 ngày đến 120 ngày","Nợ quá hạn hơn 120 ngày có khả năng mất thanh toán"))))))) -> Đã thanh toán | Z256: =IF(S256="","",S256) -> 46035 | AA256: =IF(M256="","",M256) -> 46077 | AD256: =VLOOKUP($A256,MA_KH!$A:$Q,MA_KH!O$1,0) -> MEGA | AE256: =VLOOKUP($A256,MA_KH!$A:$Q,MA_KH!P$1,0) -> CÔNG TY TNHH MM MEGA MARKET (VIỆT NAM) | AG256: =(Table1[[#This Row],[Số hóa đơn]])&IF(OR(Table1[[#This Row],[Phân loại]]="Hàng trả",Table1[[#This Row],[Phân loại]]="Giảm công nợ"),-Table1[[#This Row],[Tổng giá trị]],Table1[[#This Row],[Tổng giá trị]]) -> 000020152186050 | AH256: =_xlfn.XLOOKUP(Table1[[#This Row],[Column1]],'Chi tiết tt Mega gửi'!P:P,'Chi tiết tt Mega gửi'!N:N) -> #N/A
A257: MEGA-HPG-01--003 | B257: CHI NHÁNH CÔNG TY TNHH MM MEGA MARKET (VIỆT NAM) TẠI HẢI PHÒNG | C257: 46030 | D257: BH01033 | E257: 46035 | F257: 00002016 | G257: TC16134493 | H257: 2193620 | I257: 0 | J257: 175490 | K257: 2369110 | L257: Bán hàng | M257: 46077 | O257: =IF(Table1[[#This Row],[Phân loại]]="Tồn đầu kỳ",Table1[[#This Row],[Tổng giá trị]],0) -> 0 | P257: =IF(Table1[[#This Row],[Số còn phải thu ĐK]]<>0,0,IF(Table1[[#This Row],[Phân loại]]="Bán hàng",Table1[[#This Row],[Tổng giá trị]],-Table1[[#This Row],[Tổng giá trị]])) -> 2369110 | Q257: =IF(M257<>"",IF(O257<>0,O257,P257),0) -> 2369110 | R257: =Table1[[#This Row],[Số còn phải thu ĐK]]+Table1[[#This Row],[Giá Trị HD sau CK]]-Table1[[#This Row],[Số tiền đã thu]] -> 0 | S257: =IF(Table1[[#This Row],[Ngày hóa đơn]]<>"",Table1[[#This Row],[Ngày hóa đơn]],IF(Table1[[#This Row],[Ngày hạch toán]]<>"",Table1[[#This Row],[Ngày hạch toán]],"")) -> 46035 | U257: =IF(Table1[[#This Row],[Ngày tính CN]]="","",S257+T257) -> 46035 | V257: =IF(Table1[[#This Row],[Hạn thanh toán]]="","",IF((U257-NOW())<0,0,(U257-NOW()))) -> 0 | X257: =IF(OR(U257="",R257=0),"",IF((U257-NOW())<0,-(U257-NOW()),0)) | Y257: =IF(R257=0,"Đã thanh toán",IF(X257="","",IF(X257<=0,"Chưa đến hạn thanh toán",IF(X257<=30,"Nợ quá hạn 30 ngày",IF(X257<=60,"Nợ quá hạn từ 30 ngày đến 60 ngày",IF(X257<=90,"Nợ quá hạn từ 60 ngày đến 90 ngày",IF(X257<=120,"Nợ quá hạn từ 90 ngày đến 120 ngày","Nợ quá hạn hơn 120 ngày có khả năng mất thanh toán"))))))) -> Đã thanh toán | Z257: =IF(S257="","",S257) -> 46035 | AA257: =IF(M257="","",M257) -> 46077 | AD257: =VLOOKUP($A257,MA_KH!$A:$Q,MA_KH!O$1,0) -> MEGA | AE257: =VLOOKUP($A257,MA_KH!$A:$Q,MA_KH!P$1,0) -> CÔNG TY TNHH MM MEGA MARKET (VIỆT NAM) | AG257: =(Table1[[#This Row],[Số hóa đơn]])&IF(OR(Table1[[#This Row],[Phân loại]]="Hàng trả",Table1[[#This Row],[Phân loại]]="Giảm công nợ"),-Table1[[#This Row],[Tổng giá trị]],Table1[[#This Row],[Tổng giá trị]]) -> 000020162369110 | AH257: =_xlfn.XLOOKUP(Table1[[#This Row],[Column1]],'Chi tiết tt Mega gửi'!P:P,'Chi tiết tt Mega gửi'!N:N) -> #N/A
... A265: MEGA-HCM-Q2-49586 | B265: CÔNG TY TNHH MM MEGA MARKET (VIỆT NAM) | C265: 46030 | D265: MDV00025 | E265: 46030 | F265: 00003273 | G265: NIT-HO TRO SAN PHAM MOI 2% | H265: 10769394 | I265: 0 | J265: 0 | K265: 10769394 | L265: Giảm công nợ | M265: 46048 | O265: =IF(Table1[[#This Row],[Phân loại]]="Tồn đầu kỳ",Table1[[#This Row],[Tổng giá trị]],0) -> 0 | P265: =IF(Table1[[#This Row],[Số còn phải thu ĐK]]<>0,0,IF(Table1[[#This Row],[Phân loại]]="Bán hàng",Table1[[#This Row],[Tổng giá trị]],-Table1[[#This Row],[Tổng giá trị]])) -> -10769394 | Q265: =IF(M265<>"",IF(O265<>0,O265,P265),0) -> -10769394 | R265: =Table1[[#This Row],[Số còn phải thu ĐK]]+Table1[[#This Row],[Giá Trị HD sau CK]]-Table1[[#This Row],[Số tiền đã thu]] -> 0 | S265: =IF(Table1[[#This Row],[Ngày hóa đơn]]<>"",Table1[[#This Row],[Ngày hóa đơn]],IF(Table1[[#This Row],[Ngày hạch toán]]<>"",Table1[[#This Row],[Ngày hạch toán]],"")) -> 46030 | U265: =IF(Table1[[#This Row],[Ngày tính CN]]="","",S265+T265) -> 46030 | V265: =IF(Table1[[#This Row],[Hạn thanh toán]]="","",IF((U265-NOW())<0,0,(U265-NOW()))) -> 0 | X265: =IF(OR(U265="",R265=0),"",IF((U265-NOW())<0,-(U265-NOW()),0)) | Y265: =IF(R265=0,"Đã thanh toán",IF(X265="","",IF(X265<=0,"Chưa đến hạn thanh toán",IF(X265<=30,"Nợ quá hạn 30 ngày",IF(X265<=60,"Nợ quá hạn từ 30 ngày đến 60 ngày",IF(X265<=90,"Nợ quá hạn từ 60 ngày đến 90 ngày",IF(X265<=120,"Nợ quá hạn từ 90 ngày đến 120 ngày","Nợ quá hạn hơn 120 ngày có khả năng mất thanh toán"))))))) -> Đã thanh toán | Z265: =IF(S265="","",S265) -> 46030 | AA265: =IF(M265="","",M265) -> 46048 | AD265: =VLOOKUP($A265,MA_KH!$A:$Q,MA_KH!O$1,0) -> MEGA | AE265: =VLOOKUP($A265,MA_KH!$A:$Q,MA_KH!P$1,0) -> CÔNG TY TNHH MM MEGA MARKET (VIỆT NAM) | AG265: =(Table1[[#This Row],[Số hóa đơn]])&IF(OR(Table1[[#This Row],[Phân loại]]="Hàng trả",Table1[[#This Row],[Phân loại]]="Giảm công nợ"),-Table1[[#This Row],[Tổng giá trị]],Table1[[#This Row],[Tổng giá trị]]) -> 00003273-10769394 | AH265: =_xlfn.XLOOKUP(Table1[[#This Row],[Column1]],'Chi tiết tt Mega gửi'!P:P,'Chi tiết tt Mega gửi'!N:N) -> #N/A
A266: MEGA-HCM-Q2-49586 | B266: CÔNG TY TNHH MM MEGA MARKET (VIỆT NAM) | C266: 46030 | D266: MDV00056 | E266: 46030 | F266: DN_12026T901073 | G266: IRB - Thưởng theo doanh số 0.2% năm 2025 | H266: 8948563 | I266: 0 | J266: 0 | K266: 8948563 | L266: Giảm công nợ | O266: =IF(Table1[[#This Row],[Phân loại]]="Tồn đầu kỳ",Table1[[#This Row],[Tổng giá trị]],0) -> 0 | P266: =IF(Table1[[#This Row],[Số còn phải thu ĐK]]<>0,0,IF(Table1[[#This Row],[Phân loại]]="Bán hàng",Table1[[#This Row],[Tổng giá trị]],-Table1[[#This Row],[Tổng giá trị]])) -> -8948563 | Q266: =IF(M266<>"",IF(O266<>0,O266,P266),0) -> 0 | R266: =Table1[[#This Row],[Số còn phải thu ĐK]]+Table1[[#This Row],[Giá Trị HD sau CK]]-Table1[[#This Row],[Số tiền đã thu]] -> -8948563 | S266: =IF(Table1[[#This Row],[Ngày hóa đơn]]<>"",Table1[[#This Row],[Ngày hóa đơn]],IF(Table1[[#This Row],[Ngày hạch toán]]<>"",Table1[[#This Row],[Ngày hạch toán]],"")) -> 46030 | U266: =IF(Table1[[#This Row],[Ngày tính CN]]="","",S266+T266) -> 46030 | V266: =IF(Table1[[#This Row],[Hạn thanh toán]]="","",IF((U266-NOW())<0,0,(U266-NOW()))) -> 0 | X266: =IF(OR(U266="",R266=0),"",IF((U266-NOW())<0,-(U266-NOW()),0)) -> 264.35975 | Y266: =IF(R266=0,"Đã thanh toán",IF(X266="","",IF(X266<=0,"Chưa đến hạn thanh toán",IF(X266<=30,"Nợ quá hạn 30 ngày",IF(X266<=60,"Nợ quá hạn từ 30 ngày đến 60 ngày",IF(X266<=90,"Nợ quá hạn từ 60 ngày đến 90 ngày",IF(X266<=120,"Nợ quá hạn từ 90 ngày đến 120 ngày","Nợ quá hạn hơn 120 ngày có khả năng mất thanh toán"))))))) -> Nợ quá hạn hơn 120 ngày có khả năng mất thanh toán | Z266: =IF(S266="","",S266) -> 46030 | AA266: =IF(M266="","",M266) | AD266: =VLOOKUP($A266,MA_KH!$A:$Q,MA_KH!O$1,0) -> MEGA | AE266: =VLOOKUP($A266,MA_KH!$A:$Q,MA_KH!P$1,0) -> CÔNG TY TNHH MM MEGA MARKET (VIỆT NAM) | AG266: =(Table1[[#This Row],[Số hóa đơn]])&IF(OR(Table1[[#This Row],[Phân loại]]="Hàng trả",Table1[[#This Row],[Phân loại]]="Giảm công nợ"),-Table1[[#This Row],[Tổng giá trị]],Table1[[#This Row],[Tổng giá trị]]) -> DN_12026T901073-8948563 | AH266: =_xlfn.XLOOKUP(Table1[[#This Row],[Column1]],'Chi tiết tt Mega gửi'!P:P,'Chi tiết tt Mega gửi'!N:N) -> #N/A
A267: MEGA-HCM-Q2-49586 | B267: CÔNG TY TNHH MM MEGA MARKET (VIỆT NAM) | C267: 46030 | D267: MDV00057 | E267: 46030 | F267: DN_12026T901074 | G267: LOB - Thưởng khách hàng thân thiết 3.3% | H267: 16453240 | I267: 0 | J267: 0 | K267: 16453240 | L267: Giảm công nợ | O267: =IF(Table1[[#This Row],[Phân loại]]="Tồn đầu kỳ",Table1[[#This Row],[Tổng giá trị]],0) -> 0 | P267: =IF(Table1[[#This Row],[Số còn phải thu ĐK]]<>0,0,IF(Table1[[#This Row],[Phân loại]]="Bán hàng",Table1[[#This Row],[Tổng giá trị]],-Table1[[#This Row],[Tổng giá trị]])) -> -16453240 | Q267: =IF(M267<>"",IF(O267<>0,O267,P267),0) -> 0 | R267: =Table1[[#This Row],[Số còn phải thu ĐK]]+Table1[[#This Row],[Giá Trị HD sau CK]]-Table1[[#This Row],[Số tiền đã thu]] -> -16453240 | S267: =IF(Table1[[#This Row],[Ngày hóa đơn]]<>"",Table1[[#This Row],[Ngày hóa đơn]],IF(Table1[[#This Row],[Ngày hạch toán]]<>"",Table1[[#This Row],[Ngày hạch toán]],"")) -> 46030 | U267: =IF(Table1[[#This Row],[Ngày tính CN]]="","",S267+T267) -> 46030 | V267: =IF(Table1[[#This Row],[Hạn thanh toán]]="","",IF((U267-NOW())<0,0,(U267-NOW()))) -> 0 | X267: =IF(OR(U267="",R267=0),"",IF((U267-NOW())<0,-(U267-NOW()),0)) -> 264.35975 | Y267: =IF(R267=0,"Đã thanh toán",IF(X267="","",IF(X267<=0,"Chưa đến hạn thanh toán",IF(X267<=30,"Nợ quá hạn 30 ngày",IF(X267<=60,"Nợ quá hạn từ 30 ngày đến 60 ngày",IF(X267<=90,"Nợ quá hạn từ 60 ngày đến 90 ngày",IF(X267<=120,"Nợ quá hạn từ 90 ngày đến 120 ngày","Nợ quá hạn hơn 120 ngày có khả năng mất thanh toán"))))))) -> Nợ quá hạn hơn 120 ngày có khả năng mất thanh toán | Z267: =IF(S267="","",S267) -> 46030 | AA267: =IF(M267="","",M267) | AD267: =VLOOKUP($A267,MA_KH!$A:$Q,MA_KH!O$1,0) -> MEGA | AE267: =VLOOKUP($A267,MA_KH!$A:$Q,MA_KH!P$1,0) -> CÔNG TY TNHH MM MEGA MARKET (VIỆT NAM) | AG267: =(Table1[[#This Row],[Số hóa đơn]])&IF(OR(Table1[[#This Row],[Phân loại]]="Hàng trả",Table1[[#This Row],[Phân loại]]="Giảm công nợ"),-Table1[[#This Row],[Tổng giá trị]],Table1[[#This Row],[Tổng giá trị]]) -> DN_12026T901074-16453240 | AH267: =_xlfn.XLOOKUP(Table1[[#This Row],[Column1]],'Chi tiết tt Mega gửi'!P:P,'Chi tiết tt Mega gửi'!N:N) -> #N/A
A268: MEGA-HCM-Q12-0004 | B268: Mega Hiệp Phú | C268: 46031 | D268: BH01038 | E268: 46035 | F268: 00002021 | G268: 12193045 - Mega Hiệp Phú | H268: 1468620 | I268: 0 | J268: 117490 | K268: 1586110 | L268: Bán hàng | M268: 46077 | O268: =IF(Table1[[#This Row],[Phân loại]]="Tồn đầu kỳ",Table1[[#This Row],[Tổng giá trị]],0) -> 0 | P268: =IF(Table1[[#This Row],[Số còn phải thu ĐK]]<>0,0,IF(Table1[[#This Row],[Phân loại]]="Bán hàng",Table1[[#This Row],[Tổng giá trị]],-Table1[[#This Row],[Tổng giá trị]])) -> 1586110 | Q268: =IF(M268<>"",IF(O268<>0,O268,P268),0) -> 1586110 | R268: =Table1[[#This Row],[Số còn phải thu ĐK]]+Table1[[#This Row],[Giá Trị HD sau CK]]-Table1[[#This Row],[Số tiền đã thu]] -> 0 | S268: =IF(Table1[[#This Row],[Ngày hóa đơn]]<>"",Table1[[#This Row],[Ngày hóa đơn]],IF(Table1[[#This Row],[Ngày hạch toán]]<>"",Table1[[#This Row],[Ngày hạch toán]],"")) -> 46035 | U268: =IF(Table1[[#This Row],[Ngày tính CN]]="","",S268+T268) -> 46035 | V268: =IF(Table1[[#This Row],[Hạn thanh toán]]="","",IF((U268-NOW())<0,0,(U268-NOW()))) -> 0 | X268: =IF(OR(U268="",R268=0),"",IF((U268-NOW())<0,-(U268-NOW()),0)) | Y268: =IF(R268=0,"Đã thanh toán",IF(X268="","",IF(X268<=0,"Chưa đến hạn thanh toán",IF(X268<=30,"Nợ quá hạn 30 ngày",IF(X268<=60,"Nợ quá hạn từ 30 ngày đến 60 ngày",IF(X268<=90,"Nợ quá hạn từ 60 ngày đến 90 ngày",IF(X268<=120,"Nợ quá hạn từ 90 ngày đến 120 ngày","Nợ quá hạn hơn 120 ngày có khả năng mất thanh toán"))))))) -> Đã thanh toán | Z268: =IF(S268="","",S268) -> 46035 | AA268: =IF(M268="","",M268) -> 46077 | AD268: =VLOOKUP($A268,MA_KH!$A:$Q,MA_KH!O$1,0) -> MEGA | AE268: =VLOOKUP($A268,MA_KH!$A:$Q,MA_KH!P$1,0) -> CÔNG TY TNHH MM MEGA MARKET (VIỆT NAM) | AG268: =(Table1[[#This Row],[Số hóa đơn]])&IF(OR(Table1[[#This Row],[Phân loại]]="Hàng trả",Table1[[#This Row],[Phân loại]]="Giảm công nợ"),-Table1[[#This Row],[Tổng giá trị]],Table1[[#This Row],[Tổng giá trị]]) -> 000020211586110 | AH268: =_xlfn.XLOOKUP(Table1[[#This Row],[Column1]],'Chi tiết tt Mega gửi'!P:P,'Chi tiết tt Mega gửi'!N:N) -> #N/A
A269: MEGA-HCM-Q2-0001 | B269: Mega An Phú | C269: 46031 | D269: BH01039 | E269: 46035 | F269: 00002022 | G269: 10100092 - Mega An Phú | H269: 5265534 | I269: 0 | J269: 421243 | K269: 5686777 | L269: Bán hàng | M269: 46077 | O269: =IF(Table1[[#This Row],[Phân loại]]="Tồn đầu kỳ",Table1[[#This Row],[Tổng giá trị]],0) -> 0 | P269: =IF(Table1[[#This Row],[Số còn phải thu ĐK]]<>0,0,IF(Table1[[#This Row],[Phân loại]]="Bán hàng",Table1[[#This Row],[Tổng giá trị]],-Table1[[#This Row],[Tổng giá trị]])) -> 5686777 | Q269: =IF(M269<>"",IF(O269<>0,O269,P269),0) -> 5686777 | R269: =Table1[[#This Row],[Số còn phải thu ĐK]]+Table1[[#This Row],[Giá Trị HD sau CK]]-Table1[[#This Row],[Số tiền đã thu]] -> 0 | S269: =IF(Table1[[#This Row],[Ngày hóa đơn]]<>"",Table1[[#This Row],[Ngày hóa đơn]],IF(Table1[[#This Row],[Ngày hạch toán]]<>"",Table1[[#This Row],[Ngày hạch toán]],"")) -> 46035 | U269: =IF(Table1[[#This Row],[Ngày tính CN]]="","",S269+T269) -> 46035 | V269: =IF(Table1[[#This Row],[Hạn thanh toán]]="","",IF((U269-NOW())<0,0,(U269-NOW()))) -> 0 | X269: =IF(OR(U269="",R269=0),"",IF((U269-NOW())<0,-(U269-NOW()),0)) | Y269: =IF(R269=0,"Đã thanh toán",IF(X269="","",IF(X269<=0,"Chưa đến hạn thanh toán",IF(X269<=30,"Nợ quá hạn 30 ngày",IF(X269<=60,"Nợ quá hạn từ 30 ngày đến 60 ngày",IF(X269<=90,"Nợ quá hạn từ 60 ngày đến 90 ngày",IF(X269<=120,"Nợ quá hạn từ 90 ngày đến 120 ngày","Nợ quá hạn hơn 120 ngày có khả năng mất thanh toán"))))))) -> Đã thanh toán | Z269: =IF(S269="","",S269) -> 46035 | AA269: =IF(M269="","",M269) -> 46077 | AD269: =VLOOKUP($A269,MA_KH!$A:$Q,MA_KH!O$1,0) -> MEGA | AE269: =VLOOKUP($A269,MA_KH!$A:$Q,MA_KH!P$1,0) -> CÔNG TY TNHH MM MEGA MARKET (VIỆT NAM) | AG269: =(Table1[[#This Row],[Số hóa đơn]])&IF(OR(Table1[[#This Row],[Phân loại]]="Hàng trả",Table1[[#This Row],[Phân loại]]="Giảm công nợ"),-Table1[[#This Row],[Tổng giá trị]],Table1[[#This Row],[Tổng giá trị]]) -> 000020225686777 | AH269: =_xlfn.XLOOKUP(Table1[[#This Row],[Column1]],'Chi tiết tt Mega gửi'!P:P,'Chi tiết tt Mega gửi'!N:N) -> #N/A
A270: MEGA-HCM-Q2-0001 | B270: Mega An Phú | C270: 46031 | D270: BH01040 | E270: 46035 | F270: 00002023 | G270: 10099774 - Mega An Phú | H270: 4664450 | I270: 0 | J270: 373156 | K270: 5037606 | L270: Bán hàng | M270: 46077 | O270: =IF(Table1[[#This Row],[Phân loại]]="Tồn đầu kỳ",Table1[[#This Row],[Tổng giá trị]],0) -> 0 | P270: =IF(Table1[[#This Row],[Số còn phải thu ĐK]]<>0,0,IF(Table1[[#This Row],[Phân loại]]="Bán hàng",Table1[[#This Row],[Tổng giá trị]],-Table1[[#This Row],[Tổng giá trị]])) -> 5037606 | Q270: =IF(M270<>"",IF(O270<>0,O270,P270),0) -> 5037606 | R270: =Table1[[#This Row],[Số còn phải thu ĐK]]+Table1[[#This Row],[Giá Trị HD sau CK]]-Table1[[#This Row],[Số tiền đã thu]] -> 0 | S270: =IF(Table1[[#This Row],[Ngày hóa đơn]]<>"",Table1[[#This Row],[Ngày hóa đơn]],IF(Table1[[#This Row],[Ngày hạch toán]]<>"",Table1[[#This Row],[Ngày hạch toán]],"")) -> 46035 | U270: =IF(Table1[[#This Row],[Ngày tính CN]]="","",S270+T270) -> 46035 | V270: =IF(Table1[[#This Row],[Hạn thanh toán]]="","",IF((U270-NOW())<0,0,(U270-NOW()))) -> 0 | X270: =IF(OR(U270="",R270=0),"",IF((U270-NOW())<0,-(U270-NOW()),0)) | Y270: =IF(R270=0,"Đã thanh toán",IF(X270="","",IF(X270<=0,"Chưa đến hạn thanh toán",IF(X270<=30,"Nợ quá hạn 30 ngày",IF(X270<=60,"Nợ quá hạn từ 30 ngày đến 60 ngày",IF(X270<=90,"Nợ quá hạn từ 60 ngày đến 90 ngày",IF(X270<=120,"Nợ quá hạn từ 90 ngày đến 120 ngày","Nợ quá hạn hơn 120 ngày có khả năng mất thanh toán"))))))) -> Đã thanh toán | Z270: =IF(S270="","",S270) -> 46035 | AA270: =IF(M270="","",M270) -> 46077 | AD270: =VLOOKUP($A270,MA_KH!$A:$Q,MA_KH!O$1,0) -> MEGA | AE270: =VLOOKUP($A270,MA_KH!$A:$Q,MA_KH!P$1,0) -> CÔNG TY TNHH MM MEGA MARKET (VIỆT NAM) | AG270: =(Table1[[#This Row],[Số hóa đơn]])&IF(OR(Table1[[#This Row],[Phân loại]]="Hàng trả",Table1[[#This Row],[Phân loại]]="Giảm công nợ"),-Table1[[#This Row],[Tổng giá trị]],Table1[[#This Row],[Tổng giá trị]]) -> 000020235037606 | AH270: =_xlfn.XLOOKUP(Table1[[#This Row],[Column1]],'Chi tiết tt Mega gửi'!P:P,'Chi tiết tt Mega gửi'!N:N) -> #N/A
A271: MEGA-HCM-Q2-0001 | B271: Mega An Phú | C271: 46031 | D271: BH01041 | E271: 46035 | F271: 00002024 | G271: 10098630 - Mega An Phú | H271: 10120600 | I271: 0 | J271: 809648 | K271: 10930248 | L271: Bán hàng | M271: 46077 | O271: =IF(Table1[[#This Row],[Phân loại]]="Tồn đầu kỳ",Table1[[#This Row],[Tổng giá trị]],0) -> 0 | P271: =IF(Table1[[#This Row],[Số còn phải thu ĐK]]<>0,0,IF(Table1[[#This Row],[Phân loại]]="Bán hàng",Table1[[#This Row],[Tổng giá trị]],-Table1[[#This Row],[Tổng giá trị]])) -> 10930248 | Q271: =IF(M271<>"",IF(O271<>0,O271,P271),0) -> 10930248 | R271: =Table1[[#This Row],[Số còn phải thu ĐK]]+Table1[[#This Row],[Giá Trị HD sau CK]]-Table1[[#This Row],[Số tiền đã thu]] -> 0 | S271: =IF(Table1[[#This Row],[Ngày hóa đơn]]<>"",Table1[[#This Row],[Ngày hóa đơn]],IF(Table1[[#This Row],[Ngày hạch toán]]<>"",Table1[[#This Row],[Ngày hạch toán]],"")) -> 46035 | U271: =IF(Table1[[#This Row],[Ngày tính CN]]="","",S271+T271) -> 46035 | V271: =IF(Table1[[#This Row],[Hạn thanh toán]]="","",IF((U271-NOW())<0,0,(U271-NOW()))) -> 0 | X271: =IF(OR(U271="",R271=0),"",IF((U271-NOW())<0,-(U271-NOW()),0)) | Y271: =IF(R271=0,"Đã thanh toán",IF(X271="","",IF(X271<=0,"Chưa đến hạn thanh toán",IF(X271<=30,"Nợ quá hạn 30 ngày",IF(X271<=60,"Nợ quá hạn từ 30 ngày đến 60 ngày",IF(X271<=90,"Nợ quá hạn từ 60 ngày đến 90 ngày",IF(X271<=120,"Nợ quá hạn từ 90 ngày đến 120 ngày","Nợ quá hạn hơn 120 ngày có khả năng mất thanh toán"))))))) -> Đã thanh toán | Z271: =IF(S271="","",S271) -> 46035 | AA271: =IF(M271="","",M271) -> 46077 | AD271: =VLOOKUP($A271,MA_KH!$A:$Q,MA_KH!O$1,0) -> MEGA | AE271: =VLOOKUP($A271,MA_KH!$A:$Q,MA_KH!P$1,0) -> CÔNG TY TNHH MM MEGA MARKET (VIỆT NAM) | AG271: =(Table1[[#This Row],[Số hóa đơn]])&IF(OR(Table1[[#This Row],[Phân loại]]="Hàng trả",Table1[[#This Row],[Phân loại]]="Giảm công nợ"),-Table1[[#This Row],[Tổng giá trị]],Table1[[#This Row],[Tổng giá trị]]) -> 0000202410930248 | AH271: =_xlfn.XLOOKUP(Table1[[#This Row],[Column1]],'Chi tiết tt Mega gửi'!P:P,'Chi tiết tt Mega gửi'!N:N) -> #N/A
A272: MEGA-HNI-BTL--001 | B272: CHI NHÁNH CÔNG TY TNHH MM MEGA MARKET (VIỆT NAM) TẠI THÀNH PHỐ HÀ NỘI | C272: 46031 | D272: BH01304 | E272: 46036 | F272: 00002695 | G272: 26077864 | H272: 911240 | I272: 0 | J272: 72899 | K272: 984139 | L272: Bán hàng | M272: 46077 | O272: =IF(Table1[[#This Row],[Phân loại]]="Tồn đầu kỳ",Table1[[#This Row],[Tổng giá trị]],0) -> 0 | P272: =IF(Table1[[#This Row],[Số còn phải thu ĐK]]<>0,0,IF(Table1[[#This Row],[Phân loại]]="Bán hàng",Table1[[#This Row],[Tổng giá trị]],-Table1[[#This Row],[Tổng giá trị]])) -> 984139 | Q272: =IF(M272<>"",IF(O272<>0,O272,P272),0) -> 984139 | R272: =Table1[[#This Row],[Số còn phải thu ĐK]]+Table1[[#This Row],[Giá Trị HD sau CK]]-Table1[[#This Row],[Số tiền đã thu]] -> 0 | S272: =IF(Table1[[#This Row],[Ngày hóa đơn]]<>"",Table1[[#This Row],[Ngày hóa đơn]],IF(Table1[[#This Row],[Ngày hạch toán]]<>"",Table1[[#This Row],[Ngày hạch toán]],"")) -> 46036 | U272: =IF(Table1[[#This Row],[Ngày tính CN]]="","",S272+T272) -> 46036 | V272: =IF(Table1[[#This Row],[Hạn thanh toán]]="","",IF((U272-NOW())<0,0,(U272-NOW()))) -> 0 | X272: =IF(OR(U272="",R272=0),"",IF((U272-NOW())<0,-(U272-NOW()),0)) | Y272: =IF(R272=0,"Đã thanh toán",IF(X272="","",IF(X272<=0,"Chưa đến hạn thanh toán",IF(X272<=30,"Nợ quá hạn 30 ngày",IF(X272<=60,"Nợ quá hạn từ 30 ngày đến 60 ngày",IF(X272<=90,"Nợ quá hạn từ 60 ngày đến 90 ngày",IF(X272<=120,"Nợ quá hạn từ 90 ngày đến 120 ngày","Nợ quá hạn hơn 120 ngày có khả năng mất thanh toán"))))))) -> Đã thanh toán | Z272: =IF(S272="","",S272) -> 46036 | AA272: =IF(M272="","",M272) -> 46077 | AD272: =VLOOKUP($A272,MA_KH!$A:$Q,MA_KH!O$1,0) -> MEGA | AE272: =VLOOKUP($A272,MA_KH!$A:$Q,MA_KH!P$1,0) -> CÔNG TY TNHH MM MEGA MARKET (VIỆT NAM) | AG272: =(Table1[[#This Row],[Số hóa đơn]])&IF(OR(Table1[[#This Row],[Phân loại]]="Hàng trả",Table1[[#This Row],[Phân loại]]="Giảm công nợ"),-Table1[[#This Row],[Tổng giá trị]],Table1[[#This Row],[Tổng giá trị]]) -> 00002695984139 | AH272: =_xlfn.XLOOKUP(Table1[[#This Row],[Column1]],'Chi tiết tt Mega gửi'!P:P,'Chi tiết tt Mega gửi'!N:N) -> #N/A
A273: MEGA-HNI-BTL--001 | B273: CHI NHÁNH CÔNG TY TNHH MM MEGA MARKET (VIỆT NAM) TẠI THÀNH PHỐ HÀ NỘI | C273: 46031 | D273: BH01305 | E273: 46036 | F273: 00002696 | G273: 26078244 | H273: 1116060 | I273: 0 | J273: 89285 | K273: 1205345 | L273: Bán hàng | M273: 46077 | O273: =IF(Table1[[#This Row],[Phân loại]]="Tồn đầu kỳ",Table1[[#This Row],[Tổng giá trị]],0) -> 0 | P273: =IF(Table1[[#This Row],[Số còn phải thu ĐK]]<>0,0,IF(Table1[[#This Row],[Phân loại]]="Bán hàng",Table1[[#This Row],[Tổng giá trị]],-Table1[[#This Row],[Tổng giá trị]])) -> 1205345 | Q273: =IF(M273<>"",IF(O273<>0,O273,P273),0) -> 1205345 | R273: =Table1[[#This Row],[Số còn phải thu ĐK]]+Table1[[#This Row],[Giá Trị HD sau CK]]-Table1[[#This Row],[Số tiền đã thu]] -> 0 | S273: =IF(Table1[[#This Row],[Ngày hóa đơn]]<>"",Table1[[#This Row],[Ngày hóa đơn]],IF(Table1[[#This Row],[Ngày hạch toán]]<>"",Table1[[#This Row],[Ngày hạch toán]],"")) -> 46036 | U273: =IF(Table1[[#This Row],[Ngày tính CN]]="","",S273+T273) -> 46036 | V273: =IF(Table1[[#This Row],[Hạn thanh toán]]="","",IF((U273-NOW())<0,0,(U273-NOW()))) -> 0 | X273: =IF(OR(U273="",R273=0),"",IF((U273-NOW())<0,-(U273-NOW()),0)) | Y273: =IF(R273=0,"Đã thanh toán",IF(X273="","",IF(X273<=0,"Chưa đến hạn thanh toán",IF(X273<=30,"Nợ quá hạn 30 ngày",IF(X273<=60,"Nợ quá hạn từ 30 ngày đến 60 ngày",IF(X273<=90,"Nợ quá hạn từ 60 ngày đến 90 ngày",IF(X273<=120,"Nợ quá hạn từ 90 ngày đến 120 ngày","Nợ quá hạn hơn 120 ngày có khả năng mất thanh toán"))))))) -> Đã thanh toán | Z273: =IF(S273="","",S273) -> 46036 | AA273: =IF(M273="","",M273) -> 46077 | AD273: =VLOOKUP($A273,MA_KH!$A:$Q,MA_KH!O$1,0) -> MEGA | AE273: =VLOOKUP($A273,MA_KH!$A:$Q,MA_KH!P$1,0) -> CÔNG TY TNHH MM MEGA MARKET (VIỆT NAM) | AG273: =(Table1[[#This Row],[Số hóa đơn]])&IF(OR(Table1[[#This Row],[Phân loại]]="Hàng trả",Table1[[#This Row],[Phân loại]]="Giảm công nợ"),-Table1[[#This Row],[Tổng giá trị]],Table1[[#This Row],[Tổng giá trị]]) -> 000026961205345 | AH273: =_xlfn.XLOOKUP(Table1[[#This Row],[Column1]],'Chi tiết tt Mega gửi'!P:P,'Chi tiết tt Mega gửi'!N:N) -> #N/A
A274: MEGA-HNI-BTL--001 | B274: CHI NHÁNH CÔNG TY TNHH MM MEGA MARKET (VIỆT NAM) TẠI THÀNH PHỐ HÀ NỘI | C274: 46031 | D274: BH01307 | E274: 46036 | F274: 00002697 | G274: 26077944 | H274: 932890 | I274: 0 | J274: 74631 | K274: 1007521 | L274: Bán hàng | M274: 46077 | O274: =IF(Table1[[#This Row],[Phân loại]]="Tồn đầu kỳ",Table1[[#This Row],[Tổng giá trị]],0) -> 0 | P274: =IF(Table1[[#This Row],[Số còn phải thu ĐK]]<>0,0,IF(Table1[[#This Row],[Phân loại]]="Bán hàng",Table1[[#This Row],[Tổng giá trị]],-Table1[[#This Row],[Tổng giá trị]])) -> 1007521 | Q274: =IF(M274<>"",IF(O274<>0,O274,P274),0) -> 1007521 | R274: =Table1[[#This Row],[Số còn phải thu ĐK]]+Table1[[#This Row],[Giá Trị HD sau CK]]-Table1[[#This Row],[Số tiền đã thu]] -> 0 | S274: =IF(Table1[[#This Row],[Ngày hóa đơn]]<>"",Table1[[#This Row],[Ngày hóa đơn]],IF(Table1[[#This Row],[Ngày hạch toán]]<>"",Table1[[#This Row],[Ngày hạch toán]],"")) -> 46036 | U274: =IF(Table1[[#This Row],[Ngày tính CN]]="","",S274+T274) -> 46036 | V274: =IF(Table1[[#This Row],[Hạn thanh toán]]="","",IF((U274-NOW())<0,0,(U274-NOW()))) -> 0 | X274: =IF(OR(U274="",R274=0),"",IF((U274-NOW())<0,-(U274-NOW()),0)) | Y274: =IF(R274=0,"Đã thanh toán",IF(X274="","",IF(X274<=0,"Chưa đến hạn thanh toán",IF(X274<=30,"Nợ quá hạn 30 ngày",IF(X274<=60,"Nợ quá hạn từ 30 ngày đến 60 ngày",IF(X274<=90,"Nợ quá hạn từ 60 ngày đến 90 ngày",IF(X274<=120,"Nợ quá hạn từ 90 ngày đến 120 ngày","Nợ quá hạn hơn 120 ngày có khả năng mất thanh toán"))))))) -> Đã thanh toán | Z274: =IF(S274="","",S274) -> 46036 | AA274: =IF(M274="","",M274) -> 46077 | AD274: =VLOOKUP($A274,MA_KH!$A:$Q,MA_KH!O$1,0) -> MEGA | AE274: =VLOOKUP($A274,MA_KH!$A:$Q,MA_KH!P$1,0) -> CÔNG TY TNHH MM MEGA MARKET (VIỆT NAM) | AG274: =(Table1[[#This Row],[Số hóa đơn]])&IF(OR(Table1[[#This Row],[Phân loại]]="Hàng trả",Table1[[#This Row],[Phân loại]]="Giảm công nợ"),-Table1[[#This Row],[Tổng giá trị]],Table1[[#This Row],[Tổng giá trị]]) -> 000026971007521 | AH274: =_xlfn.XLOOKUP(Table1[[#This Row],[Column1]],'Chi tiết tt Mega gửi'!P:P,'Chi tiết tt Mega gửi'!N:N) -> #N/A
A275: MEGA-HNI-BTL--001 | B275: CHI NHÁNH CÔNG TY TNHH MM MEGA MARKET (VIỆT NAM) TẠI THÀNH PHỐ HÀ NỘI | C275: 46031 | D275: BH01329 | E275: 46036 | F275: 00002698 | G275: 14081573 | H275: 558030 | I275: 0 | J275: 44642 | K275: 602672 | L275: Bán hàng | M275: 46077 | O275: =IF(Table1[[#This Row],[Phân loại]]="Tồn đầu kỳ",Table1[[#This Row],[Tổng giá trị]],0) -> 0 | P275: =IF(Table1[[#This Row],[Số còn phải thu ĐK]]<>0,0,IF(Table1[[#This Row],[Phân loại]]="Bán hàng",Table1[[#This Row],[Tổng giá trị]],-Table1[[#This Row],[Tổng giá trị]])) -> 602672 | Q275: =IF(M275<>"",IF(O275<>0,O275,P275),0) -> 602672 | R275: =Table1[[#This Row],[Số còn phải thu ĐK]]+Table1[[#This Row],[Giá Trị HD sau CK]]-Table1[[#This Row],[Số tiền đã thu]] -> 0 | S275: =IF(Table1[[#This Row],[Ngày hóa đơn]]<>"",Table1[[#This Row],[Ngày hóa đơn]],IF(Table1[[#This Row],[Ngày hạch toán]]<>"",Table1[[#This Row],[Ngày hạch toán]],"")) -> 46036 | U275: =IF(Table1[[#This Row],[Ngày tính CN]]="","",S275+T275) -> 46036 | V275: =IF(Table1[[#This Row],[Hạn thanh toán]]="","",IF((U275-NOW())<0,0,(U275-NOW()))) -> 0 | X275: =IF(OR(U275="",R275=0),"",IF((U275-NOW())<0,-(U275-NOW()),0)) | Y275: =IF(R275=0,"Đã thanh toán",IF(X275="","",IF(X275<=0,"Chưa đến hạn thanh toán",IF(X275<=30,"Nợ quá hạn 30 ngày",IF(X275<=60,"Nợ quá hạn từ 30 ngày đến 60 ngày",IF(X275<=90,"Nợ quá hạn từ 60 ngày đến 90 ngày",IF(X275<=120,"Nợ quá hạn từ 90 ngày đến 120 ngày","Nợ quá hạn hơn 120 ngày có khả năng mất thanh toán"))))))) -> Đã thanh toán | Z275: =IF(S275="","",S275) -> 46036 | AA275: =IF(M275="","",M275) -> 46077 | AD275: =VLOOKUP($A275,MA_KH!$A:$Q,MA_KH!O$1,0) -> MEGA | AE275: =VLOOKUP($A275,MA_KH!$A:$Q,MA_KH!P$1,0) -> CÔNG TY TNHH MM MEGA MARKET (VIỆT NAM) | AG275: =(Table1[[#This Row],[Số hóa đơn]])&IF(OR(Table1[[#This Row],[Phân loại]]="Hàng trả",Table1[[#This Row],[Phân loại]]="Giảm công nợ"),-Table1[[#This Row],[Tổng giá trị]],Table1[[#This Row],[Tổng giá trị]]) -> 00002698602672 | AH275: =_xlfn.XLOOKUP(Table1[[#This Row],[Column1]],'Chi tiết tt Mega gửi'!P:P,'Chi tiết tt Mega gửi'!N:N) -> #N/A
A276: MEGA-HNI-BTL--001 | B276: CHI NHÁNH CÔNG TY TNHH MM MEGA MARKET (VIỆT NAM) TẠI THÀNH PHỐ HÀ NỘI | C276: 46031 | D276: BH01330 | E276: 46036 | F276: 00002699 | G276: 14081476 | H276: 911240 | I276: 0 | J276: 72899 | K276: 984139 | L276: Bán hàng | M276: 46077 | O276: =IF(Table1[[#This Row],[Phân loại]]="Tồn đầu kỳ",Table1[[#This Row],[Tổng giá trị]],0) -> 0 | P276: =IF(Table1[[#This Row],[Số còn phải thu ĐK]]<>0,0,IF(Table1[[#This Row],[Phân loại]]="Bán hàng",Table1[[#This Row],[Tổng giá trị]],-Table1[[#This Row],[Tổng giá trị]])) -> 984139 | Q276: =IF(M276<>"",IF(O276<>0,O276,P276),0) -> 984139 | R276: =Table1[[#This Row],[Số còn phải thu ĐK]]+Table1[[#This Row],[Giá Trị HD sau CK]]-Table1[[#This Row],[Số tiền đã thu]] -> 0 | S276: =IF(Table1[[#This Row],[Ngày hóa đơn]]<>"",Table1[[#This Row],[Ngày hóa đơn]],IF(Table1[[#This Row],[Ngày hạch toán]]<>"",Table1[[#This Row],[Ngày hạch toán]],"")) -> 46036 | U276: =IF(Table1[[#This Row],[Ngày tính CN]]="","",S276+T276) -> 46036 | V276: =IF(Table1[[#This Row],[Hạn thanh toán]]="","",IF((U276-NOW())<0,0,(U276-NOW()))) -> 0 | X276: =IF(OR(U276="",R276=0),"",IF((U276-NOW())<0,-(U276-NOW()),0)) | Y276: =IF(R276=0,"Đã thanh toán",IF(X276="","",IF(X276<=0,"Chưa đến hạn thanh toán",IF(X276<=30,"Nợ quá hạn 30 ngày",IF(X276<=60,"Nợ quá hạn từ 30 ngày đến 60 ngày",IF(X276<=90,"Nợ quá hạn từ 60 ngày đến 90 ngày",IF(X276<=120,"Nợ quá hạn từ 90 ngày đến 120 ngày","Nợ quá hạn hơn 120 ngày có khả năng mất thanh toán"))))))) -> Đã thanh toán | Z276: =IF(S276="","",S276) -> 46036 | AA276: =IF(M276="","",M276) -> 46077 | AD276: =VLOOKUP($A276,MA_KH!$A:$Q,MA_KH!O$1,0) -> MEGA | AE276: =VLOOKUP($A276,MA_KH!$A:$Q,MA_KH!P$1,0) -> CÔNG TY TNHH MM MEGA MARKET (VIỆT NAM) | AG276: =(Table1[[#This Row],[Số hóa đơn]])&IF(OR(Table1[[#This Row],[Phân loại]]="Hàng trả",Table1[[#This Row],[Phân loại]]="Giảm công nợ"),-Table1[[#This Row],[Tổng giá trị]],Table1[[#This Row],[Tổng giá trị]]) -> 00002699984139 | AH276: =_xlfn.XLOOKUP(Table1[[#This Row],[Column1]],'Chi tiết tt Mega gửi'!P:P,'Chi tiết tt Mega gửi'!N:N) -> #N/A
A277: MEGA-HNI-BTL--001 | B277: CHI NHÁNH CÔNG TY TNHH MM MEGA MARKET (VIỆT NAM) TẠI THÀNH PHỐ HÀ NỘI | C277: 46031 | D277: BH01331 | E277: 46036 | F277: 00002700 | G277: 14085030 | H277: 4664450 | I277: 0 | J277: 373156 | K277: 5037606 | L277: Bán hàng | M277: 46077 | O277: =IF(Table1[[#This Row],[Phân loại]]="Tồn đầu kỳ",Table1[[#This Row],[Tổng giá trị]],0) -> 0 | P277: =IF(Table1[[#This Row],[Số còn phải thu ĐK]]<>0,0,IF(Table1[[#This Row],[Phân loại]]="Bán hàng",Table1[[#This Row],[Tổng giá trị]],-Table1[[#This Row],[Tổng giá trị]])) -> 5037606 | Q277: =IF(M277<>"",IF(O277<>0,O277,P277),0) -> 5037606 | R277: =Table1[[#This Row],[Số còn phải thu ĐK]]+Table1[[#This Row],[Giá Trị HD sau CK]]-Table1[[#This Row],[Số tiền đã thu]] -> 0 | S277: =IF(Table1[[#This Row],[Ngày hóa đơn]]<>"",Table1[[#This Row],[Ngày hóa đơn]],IF(Table1[[#This Row],[Ngày hạch toán]]<>"",Table1[[#This Row],[Ngày hạch toán]],"")) -> 46036 | U277: =IF(Table1[[#This Row],[Ngày tính CN]]="","",S277+T277) -> 46036 | V277: =IF(Table1[[#This Row],[Hạn thanh toán]]="","",IF((U277-NOW())<0,0,(U277-NOW()))) -> 0 | X277: =IF(OR(U277="",R277=0),"",IF((U277-NOW())<0,-(U277-NOW()),0)) | Y277: =IF(R277=0,"Đã thanh toán",IF(X277="","",IF(X277<=0,"Chưa đến hạn thanh toán",IF(X277<=30,"Nợ quá hạn 30 ngày",IF(X277<=60,"Nợ quá hạn từ 30 ngày đến 60 ngày",IF(X277<=90,"Nợ quá hạn từ 60 ngày đến 90 ngày",IF(X277<=120,"Nợ quá hạn từ 90 ngày đến 120 ngày","Nợ quá hạn hơn 120 ngày có khả năng mất thanh toán"))))))) -> Đã thanh toán | Z277: =IF(S277="","",S277) -> 46036 | AA277: =IF(M277="","",M277) -> 46077 | AD277: =VLOOKUP($A277,MA_KH!$A:$Q,MA_KH!O$1,0) -> MEGA | AE277: =VLOOKUP($A277,MA_KH!$A:$Q,MA_KH!P$1,0) -> CÔNG TY TNHH MM MEGA MARKET (VIỆT NAM) | AG277: =(Table1[[#This Row],[Số hóa đơn]])&IF(OR(Table1[[#This Row],[Phân loại]]="Hàng trả",Table1[[#This Row],[Phân loại]]="Giảm công nợ"),-Table1[[#This Row],[Tổng giá trị]],Table1[[#This Row],[Tổng giá trị]]) -> 000027005037606 | AH277: =_xlfn.XLOOKUP(Table1[[#This Row],[Column1]],'Chi tiết tt Mega gửi'!P:P,'Chi tiết tt Mega gửi'!N:N) -> #N/A
A278: MEGA-HNI-BTL--001 | B278: CHI NHÁNH CÔNG TY TNHH MM MEGA MARKET (VIỆT NAM) TẠI THÀNH PHỐ HÀ NỘI | C278: 46031 | D278: BH01332 | E278: 46036 | F278: 00002701 | G278: 14081832 | H278: 2024120 | I278: 0 | J278: 161930 | K278: 2186050 | L278: Bán hàng | M278: 46077 | O278: =IF(Table1[[#This Row],[Phân loại]]="Tồn đầu kỳ",Table1[[#This Row],[Tổng giá trị]],0) -> 0 | P278: =IF(Table1[[#This Row],[Số còn phải thu ĐK]]<>0,0,IF(Table1[[#This Row],[Phân loại]]="Bán hàng",Table1[[#This Row],[Tổng giá trị]],-Table1[[#This Row],[Tổng giá trị]])) -> 2186050 | Q278: =IF(M278<>"",IF(O278<>0,O278,P278),0) -> 2186050 | R278: =Table1[[#This Row],[Số còn phải thu ĐK]]+Table1[[#This Row],[Giá Trị HD sau CK]]-Table1[[#This Row],[Số tiền đã thu]] -> 0 | S278: =IF(Table1[[#This Row],[Ngày hóa đơn]]<>"",Table1[[#This Row],[Ngày hóa đơn]],IF(Table1[[#This Row],[Ngày hạch toán]]<>"",Table1[[#This Row],[Ngày hạch toán]],"")) -> 46036 | U278: =IF(Table1[[#This Row],[Ngày tính CN]]="","",S278+T278) -> 46036 | V278: =IF(Table1[[#This Row],[Hạn thanh toán]]="","",IF((U278-NOW())<0,0,(U278-NOW()))) -> 0 | X278: =IF(OR(U278="",R278=0),"",IF((U278-NOW())<0,-(U278-NOW()),0)) | Y278: =IF(R278=0,"Đã thanh toán",IF(X278="","",IF(X278<=0,"Chưa đến hạn thanh toán",IF(X278<=30,"Nợ quá hạn 30 ngày",IF(X278<=60,"Nợ quá hạn từ 30 ngày đến 60 ngày",IF(X278<=90,"Nợ quá hạn từ 60 ngày đến 90 ngày",IF(X278<=120,"Nợ quá hạn từ 90 ngày đến 120 ngày","Nợ quá hạn hơn 120 ngày có khả năng mất thanh toán"))))))) -> Đã thanh toán | Z278: =IF(S278="","",S278) -> 46036 | AA278: =IF(M278="","",M278) -> 46077 | AD278: =VLOOKUP($A278,MA_KH!$A:$Q,MA_KH!O$1,0) -> MEGA | AE278: =VLOOKUP($A278,MA_KH!$A:$Q,MA_KH!P$1,0) -> CÔNG TY TNHH MM MEGA MARKET (VIỆT NAM) | AG278: =(Table1[[#This Row],[Số hóa đơn]])&IF(OR(Table1[[#This Row],[Phân loại]]="Hàng trả",Table1[[#This Row],[Phân loại]]="Giảm công nợ"),-Table1[[#This Row],[Tổng giá trị]],Table1[[#This Row],[Tổng giá trị]]) -> 000027012186050 | AH278: =_xlfn.XLOOKUP(Table1[[#This Row],[Column1]],'Chi tiết tt Mega gửi'!P:P,'Chi tiết tt Mega gửi'!N:N) -> #N/A
A279: MEGA-HCM-00--008 | B279: CHI NHÁNH CÔNG TY TNHH MM MEGA MARKET (VIỆT NAM) TẠI TỈNH BÌNH DƯƠNG | C279: 46032 | D279: BH01036 | E279: 46035 | F279: 00002019 | G279: 19074701 | H279: 5554040 | I279: 0 | J279: 444323 | K279: 5998363 | L279: Bán hàng | M279: 46077 | O279: =IF(Table1[[#This Row],[Phân loại]]="Tồn đầu kỳ",Table1[[#This Row],[Tổng giá trị]],0) -> 0 | P279: =IF(Table1[[#This Row],[Số còn phải thu ĐK]]<>0,0,IF(Table1[[#This Row],[Phân loại]]="Bán hàng",Table1[[#This Row],[Tổng giá trị]],-Table1[[#This Row],[Tổng giá trị]])) -> 5998363 | Q279: =IF(M279<>"",IF(O279<>0,O279,P279),0) -> 5998363 | R279: =Table1[[#This Row],[Số còn phải thu ĐK]]+Table1[[#This Row],[Giá Trị HD sau CK]]-Table1[[#This Row],[Số tiền đã thu]] -> 0 | S279: =IF(Table1[[#This Row],[Ngày hóa đơn]]<>"",Table1[[#This Row],[Ngày hóa đơn]],IF(Table1[[#This Row],[Ngày hạch toán]]<>"",Table1[[#This Row],[Ngày hạch toán]],"")) -> 46035 | U279: =IF(Table1[[#This Row],[Ngày tính CN]]="","",S279+T279) -> 46035 | V279: =IF(Table1[[#This Row],[Hạn thanh toán]]="","",IF((U279-NOW())<0,0,(U279-NOW()))) -> 0 | X279: =IF(OR(U279="",R279=0),"",IF((U279-NOW())<0,-(U279-NOW()),0)) | Y279: =IF(R279=0,"Đã thanh toán",IF(X279="","",IF(X279<=0,"Chưa đến hạn thanh toán",IF(X279<=30,"Nợ quá hạn 30 ngày",IF(X279<=60,"Nợ quá hạn từ 30 ngày đến 60 ngày",IF(X279<=90,"Nợ quá hạn từ 60 ngày đến 90 ngày",IF(X279<=120,"Nợ quá hạn từ 90 ngày đến 120 ngày","Nợ quá hạn hơn 120 ngày có khả năng mất thanh toán"))))))) -> Đã thanh toán | Z279: =IF(S279="","",S279) -> 46035 | AA279: =IF(M279="","",M279) -> 46077 | AD279: =VLOOKUP($A279,MA_KH!$A:$Q,MA_KH!O$1,0) -> MEGA | AE279: =VLOOKUP($A279,MA_KH!$A:$Q,MA_KH!P$1,0) -> CÔNG TY TNHH MM MEGA MARKET (VIỆT NAM) | AG279: =(Table1[[#This Row],[Số hóa đơn]])&IF(OR(Table1[[#This Row],[Phân loại]]="Hàng trả",Table1[[#This Row],[Phân loại]]="Giảm công nợ"),-Table1[[#This Row],[Tổng giá trị]],Table1[[#This Row],[Tổng giá trị]]) -> 000020195998363 | AH279: =_xlfn.XLOOKUP(Table1[[#This Row],[Column1]],'Chi tiết tt Mega gửi'!P:P,'Chi tiết tt Mega gửi'!N:N) -> #N/A
... A449: MEGA-HCM-Q2-49586 | B449: CÔNG TY TNHH MM MEGA MARKET (VIỆT NAM) | C449: 46057 | D449: BH04992 | E449: 46065 | F449: 00012052 | G449: 12206932 - Mega Hiệp Phú | H449: 948650 | I449: 0 | J449: 75892 | K449: 1024542 | L449: Bán hàng | M449: 46105 | O449: =IF(Table1[[#This Row],[Phân loại]]="Tồn đầu kỳ",Table1[[#This Row],[Tổng giá trị]],0) -> 0 | P449: =IF(Table1[[#This Row],[Số còn phải thu ĐK]]<>0,0,IF(Table1[[#This Row],[Phân loại]]="Bán hàng",Table1[[#This Row],[Tổng giá trị]],-Table1[[#This Row],[Tổng giá trị]])) -> 1024542 | Q449: =IF(M449<>"",IF(O449<>0,O449,P449),0) -> 1024542 | R449: =Table1[[#This Row],[Số còn phải thu ĐK]]+Table1[[#This Row],[Giá Trị HD sau CK]]-Table1[[#This Row],[Số tiền đã thu]] -> 0 | S449: =IF(Table1[[#This Row],[Ngày hóa đơn]]<>"",Table1[[#This Row],[Ngày hóa đơn]],IF(Table1[[#This Row],[Ngày hạch toán]]<>"",Table1[[#This Row],[Ngày hạch toán]],"")) -> 46065 | U449: =IF(Table1[[#This Row],[Ngày tính CN]]="","",S449+T449) -> 46065 | V449: =IF(Table1[[#This Row],[Hạn thanh toán]]="","",IF((U449-NOW())<0,0,(U449-NOW()))) -> 0 | X449: =IF(OR(U449="",R449=0),"",IF((U449-NOW())<0,-(U449-NOW()),0)) | Y449: =IF(R449=0,"Đã thanh toán",IF(X449="","",IF(X449<=0,"Chưa đến hạn thanh toán",IF(X449<=30,"Nợ quá hạn 30 ngày",IF(X449<=60,"Nợ quá hạn từ 30 ngày đến 60 ngày",IF(X449<=90,"Nợ quá hạn từ 60 ngày đến 90 ngày",IF(X449<=120,"Nợ quá hạn từ 90 ngày đến 120 ngày","Nợ quá hạn hơn 120 ngày có khả năng mất thanh toán"))))))) -> Đã thanh toán | Z449: =IF(S449="","",S449) -> 46065 | AA449: =IF(M449="","",M449) -> 46105 | AD449: =VLOOKUP($A449,MA_KH!$A:$Q,MA_KH!O$1,0) -> MEGA | AE449: =VLOOKUP($A449,MA_KH!$A:$Q,MA_KH!P$1,0) -> CÔNG TY TNHH MM MEGA MARKET (VIỆT NAM) | AG449: =(Table1[[#This Row],[Số hóa đơn]])&IF(OR(Table1[[#This Row],[Phân loại]]="Hàng trả",Table1[[#This Row],[Phân loại]]="Giảm công nợ"),-Table1[[#This Row],[Tổng giá trị]],Table1[[#This Row],[Tổng giá trị]]) -> 000120521024542 | AH449: =_xlfn.XLOOKUP(Table1[[#This Row],[Column1]],'Chi tiết tt Mega gửi'!P:P,'Chi tiết tt Mega gửi'!N:N) -> #N/A
A450: MEGA-HCM-Q2-49586 | B450: CÔNG TY TNHH MM MEGA MARKET (VIỆT NAM) | C450: 46057 | D450: MDV00147 | E450: 46057 | F450: DN_22026T900415 | G450: LOB - Thưởng khách hàng thân thiết 3.3% | H450: 20284843 | I450: 0 | J450: 0 | K450: 20284843 | L450: Giảm công nợ | O450: =IF(Table1[[#This Row],[Phân loại]]="Tồn đầu kỳ",Table1[[#This Row],[Tổng giá trị]],0) -> 0 | P450: =IF(Table1[[#This Row],[Số còn phải thu ĐK]]<>0,0,IF(Table1[[#This Row],[Phân loại]]="Bán hàng",Table1[[#This Row],[Tổng giá trị]],-Table1[[#This Row],[Tổng giá trị]])) -> -20284843 | Q450: =IF(M450<>"",IF(O450<>0,O450,P450),0) -> 0 | R450: =Table1[[#This Row],[Số còn phải thu ĐK]]+Table1[[#This Row],[Giá Trị HD sau CK]]-Table1[[#This Row],[Số tiền đã thu]] -> -20284843 | S450: =IF(Table1[[#This Row],[Ngày hóa đơn]]<>"",Table1[[#This Row],[Ngày hóa đơn]],IF(Table1[[#This Row],[Ngày hạch toán]]<>"",Table1[[#This Row],[Ngày hạch toán]],"")) -> 46057 | U450: =IF(Table1[[#This Row],[Ngày tính CN]]="","",S450+T450) -> 46057 | V450: =IF(Table1[[#This Row],[Hạn thanh toán]]="","",IF((U450-NOW())<0,0,(U450-NOW()))) -> 0 | X450: =IF(OR(U450="",R450=0),"",IF((U450-NOW())<0,-(U450-NOW()),0)) -> 237.35975 | Y450: =IF(R450=0,"Đã thanh toán",IF(X450="","",IF(X450<=0,"Chưa đến hạn thanh toán",IF(X450<=30,"Nợ quá hạn 30 ngày",IF(X450<=60,"Nợ quá hạn từ 30 ngày đến 60 ngày",IF(X450<=90,"Nợ quá hạn từ 60 ngày đến 90 ngày",IF(X450<=120,"Nợ quá hạn từ 90 ngày đến 120 ngày","Nợ quá hạn hơn 120 ngày có khả năng mất thanh toán"))))))) -> Nợ quá hạn hơn 120 ngày có khả năng mất thanh toán | Z450: =IF(S450="","",S450) -> 46057 | AA450: =IF(M450="","",M450) | AD450: =VLOOKUP($A450,MA_KH!$A:$Q,MA_KH!O$1,0) -> MEGA | AE450: =VLOOKUP($A450,MA_KH!$A:$Q,MA_KH!P$1,0) -> CÔNG TY TNHH MM MEGA MARKET (VIỆT NAM) | AG450: =(Table1[[#This Row],[Số hóa đơn]])&IF(OR(Table1[[#This Row],[Phân loại]]="Hàng trả",Table1[[#This Row],[Phân loại]]="Giảm công nợ"),-Table1[[#This Row],[Tổng giá trị]],Table1[[#This Row],[Tổng giá trị]]) -> DN_22026T900415-20284843 | AH450: =_xlfn.XLOOKUP(Table1[[#This Row],[Column1]],'Chi tiết tt Mega gửi'!P:P,'Chi tiết tt Mega gửi'!N:N) -> #N/A
A451: MEGA-HCM-00--008 | B451: CHI NHÁNH CÔNG TY TNHH MM MEGA MARKET (VIỆT NAM) TẠI TỈNH BÌNH DƯƠNG | C451: 46058 | D451: BH04991 | E451: 46065 | F451: 00012051 | G451: 19086026 | H451: 474325 | I451: 0 | J451: 37946 | K451: 512271 | L451: Bán hàng | M451: 46105 | O451: =IF(Table1[[#This Row],[Phân loại]]="Tồn đầu kỳ",Table1[[#This Row],[Tổng giá trị]],0) -> 0 | P451: =IF(Table1[[#This Row],[Số còn phải thu ĐK]]<>0,0,IF(Table1[[#This Row],[Phân loại]]="Bán hàng",Table1[[#This Row],[Tổng giá trị]],-Table1[[#This Row],[Tổng giá trị]])) -> 512271 | Q451: =IF(M451<>"",IF(O451<>0,O451,P451),0) -> 512271 | R451: =Table1[[#This Row],[Số còn phải thu ĐK]]+Table1[[#This Row],[Giá Trị HD sau CK]]-Table1[[#This Row],[Số tiền đã thu]] -> 0 | S451: =IF(Table1[[#This Row],[Ngày hóa đơn]]<>"",Table1[[#This Row],[Ngày hóa đơn]],IF(Table1[[#This Row],[Ngày hạch toán]]<>"",Table1[[#This Row],[Ngày hạch toán]],"")) -> 46065 | U451: =IF(Table1[[#This Row],[Ngày tính CN]]="","",S451+T451) -> 46065 | V451: =IF(Table1[[#This Row],[Hạn thanh toán]]="","",IF((U451-NOW())<0,0,(U451-NOW()))) -> 0 | X451: =IF(OR(U451="",R451=0),"",IF((U451-NOW())<0,-(U451-NOW()),0)) | Y451: =IF(R451=0,"Đã thanh toán",IF(X451="","",IF(X451<=0,"Chưa đến hạn thanh toán",IF(X451<=30,"Nợ quá hạn 30 ngày",IF(X451<=60,"Nợ quá hạn từ 30 ngày đến 60 ngày",IF(X451<=90,"Nợ quá hạn từ 60 ngày đến 90 ngày",IF(X451<=120,"Nợ quá hạn từ 90 ngày đến 120 ngày","Nợ quá hạn hơn 120 ngày có khả năng mất thanh toán"))))))) -> Đã thanh toán | Z451: =IF(S451="","",S451) -> 46065 | AA451: =IF(M451="","",M451) -> 46105 | AD451: =VLOOKUP($A451,MA_KH!$A:$Q,MA_KH!O$1,0) -> MEGA | AE451: =VLOOKUP($A451,MA_KH!$A:$Q,MA_KH!P$1,0) -> CÔNG TY TNHH MM MEGA MARKET (VIỆT NAM) | AG451: =(Table1[[#This Row],[Số hóa đơn]])&IF(OR(Table1[[#This Row],[Phân loại]]="Hàng trả",Table1[[#This Row],[Phân loại]]="Giảm công nợ"),-Table1[[#This Row],[Tổng giá trị]],Table1[[#This Row],[Tổng giá trị]]) -> 00012051512271 | AH451: =_xlfn.XLOOKUP(Table1[[#This Row],[Column1]],'Chi tiết tt Mega gửi'!P:P,'Chi tiết tt Mega gửi'!N:N) -> #N/A
A452: MEGA-AGG-00--015 | B452: CHI NHÁNH CÔNG TY TNHH MM MEGA MARKET (VIỆT NAM) TẠI KIÊN GIANG | C452: 46058 | D452: BH04993 | E452: 46065 | F452: 00012053 | G452: TC28692986 | H452: 4290365 | I452: 0 | J452: 343229 | K452: 4633594 | L452: Bán hàng | M452: 46105 | O452: =IF(Table1[[#This Row],[Phân loại]]="Tồn đầu kỳ",Table1[[#This Row],[Tổng giá trị]],0) -> 0 | P452: =IF(Table1[[#This Row],[Số còn phải thu ĐK]]<>0,0,IF(Table1[[#This Row],[Phân loại]]="Bán hàng",Table1[[#This Row],[Tổng giá trị]],-Table1[[#This Row],[Tổng giá trị]])) -> 4633594 | Q452: =IF(M452<>"",IF(O452<>0,O452,P452),0) -> 4633594 | R452: =Table1[[#This Row],[Số còn phải thu ĐK]]+Table1[[#This Row],[Giá Trị HD sau CK]]-Table1[[#This Row],[Số tiền đã thu]] -> 0 | S452: =IF(Table1[[#This Row],[Ngày hóa đơn]]<>"",Table1[[#This Row],[Ngày hóa đơn]],IF(Table1[[#This Row],[Ngày hạch toán]]<>"",Table1[[#This Row],[Ngày hạch toán]],"")) -> 46065 | U452: =IF(Table1[[#This Row],[Ngày tính CN]]="","",S452+T452) -> 46065 | V452: =IF(Table1[[#This Row],[Hạn thanh toán]]="","",IF((U452-NOW())<0,0,(U452-NOW()))) -> 0 | X452: =IF(OR(U452="",R452=0),"",IF((U452-NOW())<0,-(U452-NOW()),0)) | Y452: =IF(R452=0,"Đã thanh toán",IF(X452="","",IF(X452<=0,"Chưa đến hạn thanh toán",IF(X452<=30,"Nợ quá hạn 30 ngày",IF(X452<=60,"Nợ quá hạn từ 30 ngày đến 60 ngày",IF(X452<=90,"Nợ quá hạn từ 60 ngày đến 90 ngày",IF(X452<=120,"Nợ quá hạn từ 90 ngày đến 120 ngày","Nợ quá hạn hơn 120 ngày có khả năng mất thanh toán"))))))) -> Đã thanh toán | Z452: =IF(S452="","",S452) -> 46065 | AA452: =IF(M452="","",M452) -> 46105 | AD452: =VLOOKUP($A452,MA_KH!$A:$Q,MA_KH!O$1,0) -> MEGA | AE452: =VLOOKUP($A452,MA_KH!$A:$Q,MA_KH!P$1,0) -> CÔNG TY TNHH MM MEGA MARKET (VIỆT NAM) | AG452: =(Table1[[#This Row],[Số hóa đơn]])&IF(OR(Table1[[#This Row],[Phân loại]]="Hàng trả",Table1[[#This Row],[Phân loại]]="Giảm công nợ"),-Table1[[#This Row],[Tổng giá trị]],Table1[[#This Row],[Tổng giá trị]]) -> 000120534633594 | AH452: =_xlfn.XLOOKUP(Table1[[#This Row],[Column1]],'Chi tiết tt Mega gửi'!P:P,'Chi tiết tt Mega gửi'!N:N) -> #N/A
A453: MEGA-AGG-00--015 | B453: CHI NHÁNH CÔNG TY TNHH MM MEGA MARKET (VIỆT NAM) TẠI KIÊN GIANG | C453: 46058 | D453: BH04995 | E453: 46065 | F453: 00012054 | G453: TC28692984 | H453: 6901220 | I453: 0 | J453: 552098 | K453: 7453318 | L453: Bán hàng | M453: 46105 | O453: =IF(Table1[[#This Row],[Phân loại]]="Tồn đầu kỳ",Table1[[#This Row],[Tổng giá trị]],0) -> 0 | P453: =IF(Table1[[#This Row],[Số còn phải thu ĐK]]<>0,0,IF(Table1[[#This Row],[Phân loại]]="Bán hàng",Table1[[#This Row],[Tổng giá trị]],-Table1[[#This Row],[Tổng giá trị]])) -> 7453318 | Q453: =IF(M453<>"",IF(O453<>0,O453,P453),0) -> 7453318 | R453: =Table1[[#This Row],[Số còn phải thu ĐK]]+Table1[[#This Row],[Giá Trị HD sau CK]]-Table1[[#This Row],[Số tiền đã thu]] -> 0 | S453: =IF(Table1[[#This Row],[Ngày hóa đơn]]<>"",Table1[[#This Row],[Ngày hóa đơn]],IF(Table1[[#This Row],[Ngày hạch toán]]<>"",Table1[[#This Row],[Ngày hạch toán]],"")) -> 46065 | U453: =IF(Table1[[#This Row],[Ngày tính CN]]="","",S453+T453) -> 46065 | V453: =IF(Table1[[#This Row],[Hạn thanh toán]]="","",IF((U453-NOW())<0,0,(U453-NOW()))) -> 0 | X453: =IF(OR(U453="",R453=0),"",IF((U453-NOW())<0,-(U453-NOW()),0)) | Y453: =IF(R453=0,"Đã thanh toán",IF(X453="","",IF(X453<=0,"Chưa đến hạn thanh toán",IF(X453<=30,"Nợ quá hạn 30 ngày",IF(X453<=60,"Nợ quá hạn từ 30 ngày đến 60 ngày",IF(X453<=90,"Nợ quá hạn từ 60 ngày đến 90 ngày",IF(X453<=120,"Nợ quá hạn từ 90 ngày đến 120 ngày","Nợ quá hạn hơn 120 ngày có khả năng mất thanh toán"))))))) -> Đã thanh toán | Z453: =IF(S453="","",S453) -> 46065 | AA453: =IF(M453="","",M453) -> 46105 | AD453: =VLOOKUP($A453,MA_KH!$A:$Q,MA_KH!O$1,0) -> MEGA | AE453: =VLOOKUP($A453,MA_KH!$A:$Q,MA_KH!P$1,0) -> CÔNG TY TNHH MM MEGA MARKET (VIỆT NAM) | AG453: =(Table1[[#This Row],[Số hóa đơn]])&IF(OR(Table1[[#This Row],[Phân loại]]="Hàng trả",Table1[[#This Row],[Phân loại]]="Giảm công nợ"),-Table1[[#This Row],[Tổng giá trị]],Table1[[#This Row],[Tổng giá trị]]) -> 000120547453318 | AH453: =_xlfn.XLOOKUP(Table1[[#This Row],[Column1]],'Chi tiết tt Mega gửi'!P:P,'Chi tiết tt Mega gửi'!N:N) -> #N/A
A454: MEGA-KHA-00--011 | B454: CHI NHÁNH CÔNG TY TNHH MM MEGA MARKET (VIỆT NAM) TẠI THÀNH PHỐ NHA TRANG | C454: 46058 | D454: BH04996 | E454: 46065 | F454: 00012055 | G454: TC25677309 | H454: 13375220 | I454: 0 | J454: 1070018 | K454: 14445238 | L454: Bán hàng | M454: 46105 | O454: =IF(Table1[[#This Row],[Phân loại]]="Tồn đầu kỳ",Table1[[#This Row],[Tổng giá trị]],0) -> 0 | P454: =IF(Table1[[#This Row],[Số còn phải thu ĐK]]<>0,0,IF(Table1[[#This Row],[Phân loại]]="Bán hàng",Table1[[#This Row],[Tổng giá trị]],-Table1[[#This Row],[Tổng giá trị]])) -> 14445238 | Q454: =IF(M454<>"",IF(O454<>0,O454,P454),0) -> 14445238 | R454: =Table1[[#This Row],[Số còn phải thu ĐK]]+Table1[[#This Row],[Giá Trị HD sau CK]]-Table1[[#This Row],[Số tiền đã thu]] -> 0 | S454: =IF(Table1[[#This Row],[Ngày hóa đơn]]<>"",Table1[[#This Row],[Ngày hóa đơn]],IF(Table1[[#This Row],[Ngày hạch toán]]<>"",Table1[[#This Row],[Ngày hạch toán]],"")) -> 46065 | U454: =IF(Table1[[#This Row],[Ngày tính CN]]="","",S454+T454) -> 46065 | V454: =IF(Table1[[#This Row],[Hạn thanh toán]]="","",IF((U454-NOW())<0,0,(U454-NOW()))) -> 0 | X454: =IF(OR(U454="",R454=0),"",IF((U454-NOW())<0,-(U454-NOW()),0)) | Y454: =IF(R454=0,"Đã thanh toán",IF(X454="","",IF(X454<=0,"Chưa đến hạn thanh toán",IF(X454<=30,"Nợ quá hạn 30 ngày",IF(X454<=60,"Nợ quá hạn từ 30 ngày đến 60 ngày",IF(X454<=90,"Nợ quá hạn từ 60 ngày đến 90 ngày",IF(X454<=120,"Nợ quá hạn từ 90 ngày đến 120 ngày","Nợ quá hạn hơn 120 ngày có khả năng mất thanh toán"))))))) -> Đã thanh toán | Z454: =IF(S454="","",S454) -> 46065 | AA454: =IF(M454="","",M454) -> 46105 | AD454: =VLOOKUP($A454,MA_KH!$A:$Q,MA_KH!O$1,0) -> MEGA | AE454: =VLOOKUP($A454,MA_KH!$A:$Q,MA_KH!P$1,0) -> CÔNG TY TNHH MM MEGA MARKET (VIỆT NAM) | AG454: =(Table1[[#This Row],[Số hóa đơn]])&IF(OR(Table1[[#This Row],[Phân loại]]="Hàng trả",Table1[[#This Row],[Phân loại]]="Giảm công nợ"),-Table1[[#This Row],[Tổng giá trị]],Table1[[#This Row],[Tổng giá trị]]) -> 0001205514445238 | AH454: =_xlfn.XLOOKUP(Table1[[#This Row],[Column1]],'Chi tiết tt Mega gửi'!P:P,'Chi tiết tt Mega gửi'!N:N) -> #N/A
A455: MEGA-DLK-00--014 | B455: CHI NHÁNH CÔNG TY TNHH MM MEGA MARKET (VIỆT NAM) TẠI TỈNH ĐẮK LẮK | C455: 46058 | D455: BH04997 | E455: 46065 | F455: 00012056 | G455: TC27003529 | H455: 33606445 | I455: 0 | J455: 2688516 | K455: 36294961 | L455: Bán hàng | M455: 46105 | O455: =IF(Table1[[#This Row],[Phân loại]]="Tồn đầu kỳ",Table1[[#This Row],[Tổng giá trị]],0) -> 0 | P455: =IF(Table1[[#This Row],[Số còn phải thu ĐK]]<>0,0,IF(Table1[[#This Row],[Phân loại]]="Bán hàng",Table1[[#This Row],[Tổng giá trị]],-Table1[[#This Row],[Tổng giá trị]])) -> 36294961 | Q455: =IF(M455<>"",IF(O455<>0,O455,P455),0) -> 36294961 | R455: =Table1[[#This Row],[Số còn phải thu ĐK]]+Table1[[#This Row],[Giá Trị HD sau CK]]-Table1[[#This Row],[Số tiền đã thu]] -> 0 | S455: =IF(Table1[[#This Row],[Ngày hóa đơn]]<>"",Table1[[#This Row],[Ngày hóa đơn]],IF(Table1[[#This Row],[Ngày hạch toán]]<>"",Table1[[#This Row],[Ngày hạch toán]],"")) -> 46065 | U455: =IF(Table1[[#This Row],[Ngày tính CN]]="","",S455+T455) -> 46065 | V455: =IF(Table1[[#This Row],[Hạn thanh toán]]="","",IF((U455-NOW())<0,0,(U455-NOW()))) -> 0 | X455: =IF(OR(U455="",R455=0),"",IF((U455-NOW())<0,-(U455-NOW()),0)) | Y455: =IF(R455=0,"Đã thanh toán",IF(X455="","",IF(X455<=0,"Chưa đến hạn thanh toán",IF(X455<=30,"Nợ quá hạn 30 ngày",IF(X455<=60,"Nợ quá hạn từ 30 ngày đến 60 ngày",IF(X455<=90,"Nợ quá hạn từ 60 ngày đến 90 ngày",IF(X455<=120,"Nợ quá hạn từ 90 ngày đến 120 ngày","Nợ quá hạn hơn 120 ngày có khả năng mất thanh toán"))))))) -> Đã thanh toán | Z455: =IF(S455="","",S455) -> 46065 | AA455: =IF(M455="","",M455) -> 46105 | AD455: =VLOOKUP($A455,MA_KH!$A:$Q,MA_KH!O$1,0) -> MEGA | AE455: =VLOOKUP($A455,MA_KH!$A:$Q,MA_KH!P$1,0) -> CÔNG TY TNHH MM MEGA MARKET (VIỆT NAM) | AG455: =(Table1[[#This Row],[Số hóa đơn]])&IF(OR(Table1[[#This Row],[Phân loại]]="Hàng trả",Table1[[#This Row],[Phân loại]]="Giảm công nợ"),-Table1[[#This Row],[Tổng giá trị]],Table1[[#This Row],[Tổng giá trị]]) -> 0001205636294961 | AH455: =_xlfn.XLOOKUP(Table1[[#This Row],[Column1]],'Chi tiết tt Mega gửi'!P:P,'Chi tiết tt Mega gửi'!N:N) -> #N/A
A456: MEGA-DLK-00--014 | B456: CHI NHÁNH CÔNG TY TNHH MM MEGA MARKET (VIỆT NAM) TẠI TỈNH ĐẮK LẮK | C456: 46058 | D456: BH04998 | E456: 46065 | F456: 00012057 | G456: TC27002864 | H456: 9992710 | I456: 0 | J456: 799417 | K456: 10792127 | L456: Bán hàng | M456: 46105 | O456: =IF(Table1[[#This Row],[Phân loại]]="Tồn đầu kỳ",Table1[[#This Row],[Tổng giá trị]],0) -> 0 | P456: =IF(Table1[[#This Row],[Số còn phải thu ĐK]]<>0,0,IF(Table1[[#This Row],[Phân loại]]="Bán hàng",Table1[[#This Row],[Tổng giá trị]],-Table1[[#This Row],[Tổng giá trị]])) -> 10792127 | Q456: =IF(M456<>"",IF(O456<>0,O456,P456),0) -> 10792127 | R456: =Table1[[#This Row],[Số còn phải thu ĐK]]+Table1[[#This Row],[Giá Trị HD sau CK]]-Table1[[#This Row],[Số tiền đã thu]] -> 0 | S456: =IF(Table1[[#This Row],[Ngày hóa đơn]]<>"",Table1[[#This Row],[Ngày hóa đơn]],IF(Table1[[#This Row],[Ngày hạch toán]]<>"",Table1[[#This Row],[Ngày hạch toán]],"")) -> 46065 | U456: =IF(Table1[[#This Row],[Ngày tính CN]]="","",S456+T456) -> 46065 | V456: =IF(Table1[[#This Row],[Hạn thanh toán]]="","",IF((U456-NOW())<0,0,(U456-NOW()))) -> 0 | X456: =IF(OR(U456="",R456=0),"",IF((U456-NOW())<0,-(U456-NOW()),0)) | Y456: =IF(R456=0,"Đã thanh toán",IF(X456="","",IF(X456<=0,"Chưa đến hạn thanh toán",IF(X456<=30,"Nợ quá hạn 30 ngày",IF(X456<=60,"Nợ quá hạn từ 30 ngày đến 60 ngày",IF(X456<=90,"Nợ quá hạn từ 60 ngày đến 90 ngày",IF(X456<=120,"Nợ quá hạn từ 90 ngày đến 120 ngày","Nợ quá hạn hơn 120 ngày có khả năng mất thanh toán"))))))) -> Đã thanh toán | Z456: =IF(S456="","",S456) -> 46065 | AA456: =IF(M456="","",M456) -> 46105 | AD456: =VLOOKUP($A456,MA_KH!$A:$Q,MA_KH!O$1,0) -> MEGA | AE456: =VLOOKUP($A456,MA_KH!$A:$Q,MA_KH!P$1,0) -> CÔNG TY TNHH MM MEGA MARKET (VIỆT NAM) | AG456: =(Table1[[#This Row],[Số hóa đơn]])&IF(OR(Table1[[#This Row],[Phân loại]]="Hàng trả",Table1[[#This Row],[Phân loại]]="Giảm công nợ"),-Table1[[#This Row],[Tổng giá trị]],Table1[[#This Row],[Tổng giá trị]]) -> 0001205710792127 | AH456: =_xlfn.XLOOKUP(Table1[[#This Row],[Column1]],'Chi tiết tt Mega gửi'!P:P,'Chi tiết tt Mega gửi'!N:N) -> #N/A
A457: MEGA-QNH-01--012 | B457: CHI NHÁNH CÔNG TY TNHH MM MEGA MARKET (VIỆT NAM) TẠI QUẢNG NINH | C457: 46058 | D457: BH04999 | E457: 46065 | F457: 00012058 | G457: TC24642986 | H457: 474325 | I457: 0 | J457: 37946 | K457: 512271 | L457: Bán hàng | M457: 46105 | O457: =IF(Table1[[#This Row],[Phân loại]]="Tồn đầu kỳ",Table1[[#This Row],[Tổng giá trị]],0) -> 0 | P457: =IF(Table1[[#This Row],[Số còn phải thu ĐK]]<>0,0,IF(Table1[[#This Row],[Phân loại]]="Bán hàng",Table1[[#This Row],[Tổng giá trị]],-Table1[[#This Row],[Tổng giá trị]])) -> 512271 | Q457: =IF(M457<>"",IF(O457<>0,O457,P457),0) -> 512271 | R457: =Table1[[#This Row],[Số còn phải thu ĐK]]+Table1[[#This Row],[Giá Trị HD sau CK]]-Table1[[#This Row],[Số tiền đã thu]] -> 0 | S457: =IF(Table1[[#This Row],[Ngày hóa đơn]]<>"",Table1[[#This Row],[Ngày hóa đơn]],IF(Table1[[#This Row],[Ngày hạch toán]]<>"",Table1[[#This Row],[Ngày hạch toán]],"")) -> 46065 | U457: =IF(Table1[[#This Row],[Ngày tính CN]]="","",S457+T457) -> 46065 | V457: =IF(Table1[[#This Row],[Hạn thanh toán]]="","",IF((U457-NOW())<0,0,(U457-NOW()))) -> 0 | X457: =IF(OR(U457="",R457=0),"",IF((U457-NOW())<0,-(U457-NOW()),0)) | Y457: =IF(R457=0,"Đã thanh toán",IF(X457="","",IF(X457<=0,"Chưa đến hạn thanh toán",IF(X457<=30,"Nợ quá hạn 30 ngày",IF(X457<=60,"Nợ quá hạn từ 30 ngày đến 60 ngày",IF(X457<=90,"Nợ quá hạn từ 60 ngày đến 90 ngày",IF(X457<=120,"Nợ quá hạn từ 90 ngày đến 120 ngày","Nợ quá hạn hơn 120 ngày có khả năng mất thanh toán"))))))) -> Đã thanh toán | Z457: =IF(S457="","",S457) -> 46065 | AA457: =IF(M457="","",M457) -> 46105 | AD457: =VLOOKUP($A457,MA_KH!$A:$Q,MA_KH!O$1,0) -> MEGA | AE457: =VLOOKUP($A457,MA_KH!$A:$Q,MA_KH!P$1,0) -> CÔNG TY TNHH MM MEGA MARKET (VIỆT NAM) | AG457: =(Table1[[#This Row],[Số hóa đơn]])&IF(OR(Table1[[#This Row],[Phân loại]]="Hàng trả",Table1[[#This Row],[Phân loại]]="Giảm công nợ"),-Table1[[#This Row],[Tổng giá trị]],Table1[[#This Row],[Tổng giá trị]]) -> 00012058512271 | AH457: =_xlfn.XLOOKUP(Table1[[#This Row],[Column1]],'Chi tiết tt Mega gửi'!P:P,'Chi tiết tt Mega gửi'!N:N) -> #N/A
A458: MEGA-NAN-01--013 | B458: CHI NHÁNH CÔNG TY TNHH MM MEGA MARKET ( VIỆT NAM) TẠI TỈNH NGHỆ AN | C458: 46058 | D458: BH05000 | E458: 46065 | F458: 00012059 | G458: TC23413878 | H458: 2937240 | I458: 0 | J458: 234979 | K458: 3172219 | L458: Bán hàng | M458: 46105 | O458: =IF(Table1[[#This Row],[Phân loại]]="Tồn đầu kỳ",Table1[[#This Row],[Tổng giá trị]],0) -> 0 | P458: =IF(Table1[[#This Row],[Số còn phải thu ĐK]]<>0,0,IF(Table1[[#This Row],[Phân loại]]="Bán hàng",Table1[[#This Row],[Tổng giá trị]],-Table1[[#This Row],[Tổng giá trị]])) -> 3172219 | Q458: =IF(M458<>"",IF(O458<>0,O458,P458),0) -> 3172219 | R458: =Table1[[#This Row],[Số còn phải thu ĐK]]+Table1[[#This Row],[Giá Trị HD sau CK]]-Table1[[#This Row],[Số tiền đã thu]] -> 0 | S458: =IF(Table1[[#This Row],[Ngày hóa đơn]]<>"",Table1[[#This Row],[Ngày hóa đơn]],IF(Table1[[#This Row],[Ngày hạch toán]]<>"",Table1[[#This Row],[Ngày hạch toán]],"")) -> 46065 | U458: =IF(Table1[[#This Row],[Ngày tính CN]]="","",S458+T458) -> 46065 | V458: =IF(Table1[[#This Row],[Hạn thanh toán]]="","",IF((U458-NOW())<0,0,(U458-NOW()))) -> 0 | X458: =IF(OR(U458="",R458=0),"",IF((U458-NOW())<0,-(U458-NOW()),0)) | Y458: =IF(R458=0,"Đã thanh toán",IF(X458="","",IF(X458<=0,"Chưa đến hạn thanh toán",IF(X458<=30,"Nợ quá hạn 30 ngày",IF(X458<=60,"Nợ quá hạn từ 30 ngày đến 60 ngày",IF(X458<=90,"Nợ quá hạn từ 60 ngày đến 90 ngày",IF(X458<=120,"Nợ quá hạn từ 90 ngày đến 120 ngày","Nợ quá hạn hơn 120 ngày có khả năng mất thanh toán"))))))) -> Đã thanh toán | Z458: =IF(S458="","",S458) -> 46065 | AA458: =IF(M458="","",M458) -> 46105 | AD458: =VLOOKUP($A458,MA_KH!$A:$Q,MA_KH!O$1,0) -> MEGA | AE458: =VLOOKUP($A458,MA_KH!$A:$Q,MA_KH!P$1,0) -> CÔNG TY TNHH MM MEGA MARKET (VIỆT NAM) | AG458: =(Table1[[#This Row],[Số hóa đơn]])&IF(OR(Table1[[#This Row],[Phân loại]]="Hàng trả",Table1[[#This Row],[Phân loại]]="Giảm công nợ"),-Table1[[#This Row],[Tổng giá trị]],Table1[[#This Row],[Tổng giá trị]]) -> 000120593172219 | AH458: =_xlfn.XLOOKUP(Table1[[#This Row],[Column1]],'Chi tiết tt Mega gửi'!P:P,'Chi tiết tt Mega gửi'!N:N) -> #N/A
A459: MEGA-AGG-00--006 | B459: CHI NHÁNH CÔNG TY TNHH MM MEGA MARKET (VIỆT NAM) TẠI TỈNH AN GIANG | C459: 46058 | D459: BH05001 | E459: 46065 | F459: 00012060 | G459: TC20033553 | H459: 3849940 | I459: 0 | J459: 307995 | K459: 4157935 | L459: Bán hàng | M459: 46105 | O459: =IF(Table1[[#This Row],[Phân loại]]="Tồn đầu kỳ",Table1[[#This Row],[Tổng giá trị]],0) -> 0 | P459: =IF(Table1[[#This Row],[Số còn phải thu ĐK]]<>0,0,IF(Table1[[#This Row],[Phân loại]]="Bán hàng",Table1[[#This Row],[Tổng giá trị]],-Table1[[#This Row],[Tổng giá trị]])) -> 4157935 | Q459: =IF(M459<>"",IF(O459<>0,O459,P459),0) -> 4157935 | R459: =Table1[[#This Row],[Số còn phải thu ĐK]]+Table1[[#This Row],[Giá Trị HD sau CK]]-Table1[[#This Row],[Số tiền đã thu]] -> 0 | S459: =IF(Table1[[#This Row],[Ngày hóa đơn]]<>"",Table1[[#This Row],[Ngày hóa đơn]],IF(Table1[[#This Row],[Ngày hạch toán]]<>"",Table1[[#This Row],[Ngày hạch toán]],"")) -> 46065 | U459: =IF(Table1[[#This Row],[Ngày tính CN]]="","",S459+T459) -> 46065 | V459: =IF(Table1[[#This Row],[Hạn thanh toán]]="","",IF((U459-NOW())<0,0,(U459-NOW()))) -> 0 | X459: =IF(OR(U459="",R459=0),"",IF((U459-NOW())<0,-(U459-NOW()),0)) | Y459: =IF(R459=0,"Đã thanh toán",IF(X459="","",IF(X459<=0,"Chưa đến hạn thanh toán",IF(X459<=30,"Nợ quá hạn 30 ngày",IF(X459<=60,"Nợ quá hạn từ 30 ngày đến 60 ngày",IF(X459<=90,"Nợ quá hạn từ 60 ngày đến 90 ngày",IF(X459<=120,"Nợ quá hạn từ 90 ngày đến 120 ngày","Nợ quá hạn hơn 120 ngày có khả năng mất thanh toán"))))))) -> Đã thanh toán | Z459: =IF(S459="","",S459) -> 46065 | AA459: =IF(M459="","",M459) -> 46105 | AD459: =VLOOKUP($A459,MA_KH!$A:$Q,MA_KH!O$1,0) -> MEGA | AE459: =VLOOKUP($A459,MA_KH!$A:$Q,MA_KH!P$1,0) -> CÔNG TY TNHH MM MEGA MARKET (VIỆT NAM) | AG459: =(Table1[[#This Row],[Số hóa đơn]])&IF(OR(Table1[[#This Row],[Phân loại]]="Hàng trả",Table1[[#This Row],[Phân loại]]="Giảm công nợ"),-Table1[[#This Row],[Tổng giá trị]],Table1[[#This Row],[Tổng giá trị]]) -> 000120604157935 | AH459: =_xlfn.XLOOKUP(Table1[[#This Row],[Column1]],'Chi tiết tt Mega gửi'!P:P,'Chi tiết tt Mega gửi'!N:N) -> #N/A
A460: MEGA-DNG-00--004 | B460: CHI NHÁNH CÔNG TY TNHH MM MEGA MARKET (VIỆT NAM) TẠI THÀNH PHỐ ĐÀ NẴNG | C460: 46058 | D460: BH05002 | E460: 46065 | F460: 00012061 | G460: TC17357524 | H460: 4405860 | I460: 0 | J460: 352469 | K460: 4758329 | L460: Bán hàng | M460: 46105 | O460: =IF(Table1[[#This Row],[Phân loại]]="Tồn đầu kỳ",Table1[[#This Row],[Tổng giá trị]],0) -> 0 | P460: =IF(Table1[[#This Row],[Số còn phải thu ĐK]]<>0,0,IF(Table1[[#This Row],[Phân loại]]="Bán hàng",Table1[[#This Row],[Tổng giá trị]],-Table1[[#This Row],[Tổng giá trị]])) -> 4758329 | Q460: =IF(M460<>"",IF(O460<>0,O460,P460),0) -> 4758329 | R460: =Table1[[#This Row],[Số còn phải thu ĐK]]+Table1[[#This Row],[Giá Trị HD sau CK]]-Table1[[#This Row],[Số tiền đã thu]] -> 0 | S460: =IF(Table1[[#This Row],[Ngày hóa đơn]]<>"",Table1[[#This Row],[Ngày hóa đơn]],IF(Table1[[#This Row],[Ngày hạch toán]]<>"",Table1[[#This Row],[Ngày hạch toán]],"")) -> 46065 | U460: =IF(Table1[[#This Row],[Ngày tính CN]]="","",S460+T460) -> 46065 | V460: =IF(Table1[[#This Row],[Hạn thanh toán]]="","",IF((U460-NOW())<0,0,(U460-NOW()))) -> 0 | X460: =IF(OR(U460="",R460=0),"",IF((U460-NOW())<0,-(U460-NOW()),0)) | Y460: =IF(R460=0,"Đã thanh toán",IF(X460="","",IF(X460<=0,"Chưa đến hạn thanh toán",IF(X460<=30,"Nợ quá hạn 30 ngày",IF(X460<=60,"Nợ quá hạn từ 30 ngày đến 60 ngày",IF(X460<=90,"Nợ quá hạn từ 60 ngày đến 90 ngày",IF(X460<=120,"Nợ quá hạn từ 90 ngày đến 120 ngày","Nợ quá hạn hơn 120 ngày có khả năng mất thanh toán"))))))) -> Đã thanh toán | Z460: =IF(S460="","",S460) -> 46065 | AA460: =IF(M460="","",M460) -> 46105 | AD460: =VLOOKUP($A460,MA_KH!$A:$Q,MA_KH!O$1,0) -> MEGA | AE460: =VLOOKUP($A460,MA_KH!$A:$Q,MA_KH!P$1,0) -> CÔNG TY TNHH MM MEGA MARKET (VIỆT NAM) | AG460: =(Table1[[#This Row],[Số hóa đơn]])&IF(OR(Table1[[#This Row],[Phân loại]]="Hàng trả",Table1[[#This Row],[Phân loại]]="Giảm công nợ"),-Table1[[#This Row],[Tổng giá trị]],Table1[[#This Row],[Tổng giá trị]]) -> 000120614758329 | AH460: =_xlfn.XLOOKUP(Table1[[#This Row],[Column1]],'Chi tiết tt Mega gửi'!P:P,'Chi tiết tt Mega gửi'!N:N) -> #N/A
A461: MEGA-HPG-01--003 | B461: CHI NHÁNH CÔNG TY TNHH MM MEGA MARKET (VIỆT NAM) TẠI HẢI PHÒNG | C461: 46058 | D461: BH05003 | E461: 46065 | F461: 00012062 | G461: TC16150826 | H461: 12866160 | I461: 0 | J461: 1029293 | K461: 13895453 | L461: Bán hàng | M461: 46105 | O461: =IF(Table1[[#This Row],[Phân loại]]="Tồn đầu kỳ",Table1[[#This Row],[Tổng giá trị]],0) -> 0 | P461: =IF(Table1[[#This Row],[Số còn phải thu ĐK]]<>0,0,IF(Table1[[#This Row],[Phân loại]]="Bán hàng",Table1[[#This Row],[Tổng giá trị]],-Table1[[#This Row],[Tổng giá trị]])) -> 13895453 | Q461: =IF(M461<>"",IF(O461<>0,O461,P461),0) -> 13895453 | R461: =Table1[[#This Row],[Số còn phải thu ĐK]]+Table1[[#This Row],[Giá Trị HD sau CK]]-Table1[[#This Row],[Số tiền đã thu]] -> 0 | S461: =IF(Table1[[#This Row],[Ngày hóa đơn]]<>"",Table1[[#This Row],[Ngày hóa đơn]],IF(Table1[[#This Row],[Ngày hạch toán]]<>"",Table1[[#This Row],[Ngày hạch toán]],"")) -> 46065 | U461: =IF(Table1[[#This Row],[Ngày tính CN]]="","",S461+T461) -> 46065 | V461: =IF(Table1[[#This Row],[Hạn thanh toán]]="","",IF((U461-NOW())<0,0,(U461-NOW()))) -> 0 | X461: =IF(OR(U461="",R461=0),"",IF((U461-NOW())<0,-(U461-NOW()),0)) | Y461: =IF(R461=0,"Đã thanh toán",IF(X461="","",IF(X461<=0,"Chưa đến hạn thanh toán",IF(X461<=30,"Nợ quá hạn 30 ngày",IF(X461<=60,"Nợ quá hạn từ 30 ngày đến 60 ngày",IF(X461<=90,"Nợ quá hạn từ 60 ngày đến 90 ngày",IF(X461<=120,"Nợ quá hạn từ 90 ngày đến 120 ngày","Nợ quá hạn hơn 120 ngày có khả năng mất thanh toán"))))))) -> Đã thanh toán | Z461: =IF(S461="","",S461) -> 46065 | AA461: =IF(M461="","",M461) -> 46105 | AD461: =VLOOKUP($A461,MA_KH!$A:$Q,MA_KH!O$1,0) -> MEGA | AE461: =VLOOKUP($A461,MA_KH!$A:$Q,MA_KH!P$1,0) -> CÔNG TY TNHH MM MEGA MARKET (VIỆT NAM) | AG461: =(Table1[[#This Row],[Số hóa đơn]])&IF(OR(Table1[[#This Row],[Phân loại]]="Hàng trả",Table1[[#This Row],[Phân loại]]="Giảm công nợ"),-Table1[[#This Row],[Tổng giá trị]],Table1[[#This Row],[Tổng giá trị]]) -> 0001206213895453 | AH461: =_xlfn.XLOOKUP(Table1[[#This Row],[Column1]],'Chi tiết tt Mega gửi'!P:P,'Chi tiết tt Mega gửi'!N:N) -> #N/A
A462: MEGA-HPG-01--003 | B462: CHI NHÁNH CÔNG TY TNHH MM MEGA MARKET (VIỆT NAM) TẠI HẢI PHÒNG | C462: 46058 | D462: BH05004 | E462: 46065 | F462: 00012063 | G462: TC16150020 | H462: 2190000 | I462: 0 | J462: 175200 | K462: 2365200 | L462: Bán hàng | M462: 46105 | O462: =IF(Table1[[#This Row],[Phân loại]]="Tồn đầu kỳ",Table1[[#This Row],[Tổng giá trị]],0) -> 0 | P462: =IF(Table1[[#This Row],[Số còn phải thu ĐK]]<>0,0,IF(Table1[[#This Row],[Phân loại]]="Bán hàng",Table1[[#This Row],[Tổng giá trị]],-Table1[[#This Row],[Tổng giá trị]])) -> 2365200 | Q462: =IF(M462<>"",IF(O462<>0,O462,P462),0) -> 2365200 | R462: =Table1[[#This Row],[Số còn phải thu ĐK]]+Table1[[#This Row],[Giá Trị HD sau CK]]-Table1[[#This Row],[Số tiền đã thu]] -> 0 | S462: =IF(Table1[[#This Row],[Ngày hóa đơn]]<>"",Table1[[#This Row],[Ngày hóa đơn]],IF(Table1[[#This Row],[Ngày hạch toán]]<>"",Table1[[#This Row],[Ngày hạch toán]],"")) -> 46065 | U462: =IF(Table1[[#This Row],[Ngày tính CN]]="","",S462+T462) -> 46065 | V462: =IF(Table1[[#This Row],[Hạn thanh toán]]="","",IF((U462-NOW())<0,0,(U462-NOW()))) -> 0 | X462: =IF(OR(U462="",R462=0),"",IF((U462-NOW())<0,-(U462-NOW()),0)) | Y462: =IF(R462=0,"Đã thanh toán",IF(X462="","",IF(X462<=0,"Chưa đến hạn thanh toán",IF(X462<=30,"Nợ quá hạn 30 ngày",IF(X462<=60,"Nợ quá hạn từ 30 ngày đến 60 ngày",IF(X462<=90,"Nợ quá hạn từ 60 ngày đến 90 ngày",IF(X462<=120,"Nợ quá hạn từ 90 ngày đến 120 ngày","Nợ quá hạn hơn 120 ngày có khả năng mất thanh toán"))))))) -> Đã thanh toán | Z462: =IF(S462="","",S462) -> 46065 | AA462: =IF(M462="","",M462) -> 46105 | AD462: =VLOOKUP($A462,MA_KH!$A:$Q,MA_KH!O$1,0) -> MEGA | AE462: =VLOOKUP($A462,MA_KH!$A:$Q,MA_KH!P$1,0) -> CÔNG TY TNHH MM MEGA MARKET (VIỆT NAM) | AG462: =(Table1[[#This Row],[Số hóa đơn]])&IF(OR(Table1[[#This Row],[Phân loại]]="Hàng trả",Table1[[#This Row],[Phân loại]]="Giảm công nợ"),-Table1[[#This Row],[Tổng giá trị]],Table1[[#This Row],[Tổng giá trị]]) -> 000120632365200 | AH462: =_xlfn.XLOOKUP(Table1[[#This Row],[Column1]],'Chi tiết tt Mega gửi'!P:P,'Chi tiết tt Mega gửi'!N:N) -> #N/A
... A506: MEGA-HNI-BTL--001 | B506: CHI NHÁNH CÔNG TY TNHH MM MEGA MARKET (VIỆT NAM) TẠI THÀNH PHỐ HÀ NỘI | C506: 46063 | D506: BH17521 | E506: 46065 | F506: 00012068 | G506: 26092815 | H506: 10340590 | I506: 0 | J506: 827247 | K506: 11167837 | L506: Bán hàng | M506: 46105 | O506: =IF(Table1[[#This Row],[Phân loại]]="Tồn đầu kỳ",Table1[[#This Row],[Tổng giá trị]],0) -> 0 | P506: =IF(Table1[[#This Row],[Số còn phải thu ĐK]]<>0,0,IF(Table1[[#This Row],[Phân loại]]="Bán hàng",Table1[[#This Row],[Tổng giá trị]],-Table1[[#This Row],[Tổng giá trị]])) -> 11167837 | Q506: =IF(M506<>"",IF(O506<>0,O506,P506),0) -> 11167837 | R506: =Table1[[#This Row],[Số còn phải thu ĐK]]+Table1[[#This Row],[Giá Trị HD sau CK]]-Table1[[#This Row],[Số tiền đã thu]] -> 0 | S506: =IF(Table1[[#This Row],[Ngày hóa đơn]]<>"",Table1[[#This Row],[Ngày hóa đơn]],IF(Table1[[#This Row],[Ngày hạch toán]]<>"",Table1[[#This Row],[Ngày hạch toán]],"")) -> 46065 | U506: =IF(Table1[[#This Row],[Ngày tính CN]]="","",S506+T506) -> 46065 | V506: =IF(Table1[[#This Row],[Hạn thanh toán]]="","",IF((U506-NOW())<0,0,(U506-NOW()))) -> 0 | X506: =IF(OR(U506="",R506=0),"",IF((U506-NOW())<0,-(U506-NOW()),0)) | Y506: =IF(R506=0,"Đã thanh toán",IF(X506="","",IF(X506<=0,"Chưa đến hạn thanh toán",IF(X506<=30,"Nợ quá hạn 30 ngày",IF(X506<=60,"Nợ quá hạn từ 30 ngày đến 60 ngày",IF(X506<=90,"Nợ quá hạn từ 60 ngày đến 90 ngày",IF(X506<=120,"Nợ quá hạn từ 90 ngày đến 120 ngày","Nợ quá hạn hơn 120 ngày có khả năng mất thanh toán"))))))) -> Đã thanh toán | Z506: =IF(S506="","",S506) -> 46065 | AA506: =IF(M506="","",M506) -> 46105 | AD506: =VLOOKUP($A506,MA_KH!$A:$Q,MA_KH!O$1,0) -> MEGA | AE506: =VLOOKUP($A506,MA_KH!$A:$Q,MA_KH!P$1,0) -> CÔNG TY TNHH MM MEGA MARKET (VIỆT NAM) | AG506: =(Table1[[#This Row],[Số hóa đơn]])&IF(OR(Table1[[#This Row],[Phân loại]]="Hàng trả",Table1[[#This Row],[Phân loại]]="Giảm công nợ"),-Table1[[#This Row],[Tổng giá trị]],Table1[[#This Row],[Tổng giá trị]]) -> 0001206811167837 | AH506: =_xlfn.XLOOKUP(Table1[[#This Row],[Column1]],'Chi tiết tt Mega gửi'!P:P,'Chi tiết tt Mega gửi'!N:N) -> #N/A
A507: MEGA-HNI-BTL--001 | B507: CHI NHÁNH CÔNG TY TNHH MM MEGA MARKET (VIỆT NAM) TẠI THÀNH PHỐ HÀ NỘI | C507: 46063 | D507: BH17522 | E507: 46065 | F507: 00012069 | G507: 26089683 | H507: 11878250 | I507: 0 | J507: 950260 | K507: 12828510 | L507: Bán hàng | M507: 46099 | N507: Hóa đơn đã bị điều chỉnh giảm về 0 | O507: =IF(Table1[[#This Row],[Phân loại]]="Tồn đầu kỳ",Table1[[#This Row],[Tổng giá trị]],0) -> 0 | P507: =IF(Table1[[#This Row],[Số còn phải thu ĐK]]<>0,0,IF(Table1[[#This Row],[Phân loại]]="Bán hàng",Table1[[#This Row],[Tổng giá trị]],-Table1[[#This Row],[Tổng giá trị]])) -> 12828510 | Q507: =IF(M507<>"",IF(O507<>0,O507,P507),0) -> 12828510 | R507: =Table1[[#This Row],[Số còn phải thu ĐK]]+Table1[[#This Row],[Giá Trị HD sau CK]]-Table1[[#This Row],[Số tiền đã thu]] -> 0 | S507: =IF(Table1[[#This Row],[Ngày hóa đơn]]<>"",Table1[[#This Row],[Ngày hóa đơn]],IF(Table1[[#This Row],[Ngày hạch toán]]<>"",Table1[[#This Row],[Ngày hạch toán]],"")) -> 46065 | U507: =IF(Table1[[#This Row],[Ngày tính CN]]="","",S507+T507) -> 46065 | V507: =IF(Table1[[#This Row],[Hạn thanh toán]]="","",IF((U507-NOW())<0,0,(U507-NOW()))) -> 0 | X507: =IF(OR(U507="",R507=0),"",IF((U507-NOW())<0,-(U507-NOW()),0)) | Y507: =IF(R507=0,"Đã thanh toán",IF(X507="","",IF(X507<=0,"Chưa đến hạn thanh toán",IF(X507<=30,"Nợ quá hạn 30 ngày",IF(X507<=60,"Nợ quá hạn từ 30 ngày đến 60 ngày",IF(X507<=90,"Nợ quá hạn từ 60 ngày đến 90 ngày",IF(X507<=120,"Nợ quá hạn từ 90 ngày đến 120 ngày","Nợ quá hạn hơn 120 ngày có khả năng mất thanh toán"))))))) -> Đã thanh toán | Z507: =IF(S507="","",S507) -> 46065 | AA507: =IF(M507="","",M507) -> 46099 | AB507: Hóa đơn đã bị điều chỉnh giảm về 0 | AD507: =VLOOKUP($A507,MA_KH!$A:$Q,MA_KH!O$1,0) -> MEGA | AE507: =VLOOKUP($A507,MA_KH!$A:$Q,MA_KH!P$1,0) -> CÔNG TY TNHH MM MEGA MARKET (VIỆT NAM) | AG507: =(Table1[[#This Row],[Số hóa đơn]])&IF(OR(Table1[[#This Row],[Phân loại]]="Hàng trả",Table1[[#This Row],[Phân loại]]="Giảm công nợ"),-Table1[[#This Row],[Tổng giá trị]],Table1[[#This Row],[Tổng giá trị]]) -> 0001206912828510 | AH507: =_xlfn.XLOOKUP(Table1[[#This Row],[Column1]],'Chi tiết tt Mega gửi'!P:P,'Chi tiết tt Mega gửi'!N:N) -> #N/A
A508: MEGA-HNI-BTL--001 | B508: CHI NHÁNH CÔNG TY TNHH MM MEGA MARKET (VIỆT NAM) TẠI THÀNH PHỐ HÀ NỘI | C508: 46063 | D508: BH17550 | E508: 46065 | F508: 00012070 | G508: 14103197 | H508: 12162930 | I508: 0 | J508: 973034 | K508: 13135964 | L508: Bán hàng | M508: 46105 | O508: =IF(Table1[[#This Row],[Phân loại]]="Tồn đầu kỳ",Table1[[#This Row],[Tổng giá trị]],0) -> 0 | P508: =IF(Table1[[#This Row],[Số còn phải thu ĐK]]<>0,0,IF(Table1[[#This Row],[Phân loại]]="Bán hàng",Table1[[#This Row],[Tổng giá trị]],-Table1[[#This Row],[Tổng giá trị]])) -> 13135964 | Q508: =IF(M508<>"",IF(O508<>0,O508,P508),0) -> 13135964 | R508: =Table1[[#This Row],[Số còn phải thu ĐK]]+Table1[[#This Row],[Giá Trị HD sau CK]]-Table1[[#This Row],[Số tiền đã thu]] -> 0 | S508: =IF(Table1[[#This Row],[Ngày hóa đơn]]<>"",Table1[[#This Row],[Ngày hóa đơn]],IF(Table1[[#This Row],[Ngày hạch toán]]<>"",Table1[[#This Row],[Ngày hạch toán]],"")) -> 46065 | U508: =IF(Table1[[#This Row],[Ngày tính CN]]="","",S508+T508) -> 46065 | V508: =IF(Table1[[#This Row],[Hạn thanh toán]]="","",IF((U508-NOW())<0,0,(U508-NOW()))) -> 0 | X508: =IF(OR(U508="",R508=0),"",IF((U508-NOW())<0,-(U508-NOW()),0)) | Y508: =IF(R508=0,"Đã thanh toán",IF(X508="","",IF(X508<=0,"Chưa đến hạn thanh toán",IF(X508<=30,"Nợ quá hạn 30 ngày",IF(X508<=60,"Nợ quá hạn từ 30 ngày đến 60 ngày",IF(X508<=90,"Nợ quá hạn từ 60 ngày đến 90 ngày",IF(X508<=120,"Nợ quá hạn từ 90 ngày đến 120 ngày","Nợ quá hạn hơn 120 ngày có khả năng mất thanh toán"))))))) -> Đã thanh toán | Z508: =IF(S508="","",S508) -> 46065 | AA508: =IF(M508="","",M508) -> 46105 | AD508: =VLOOKUP($A508,MA_KH!$A:$Q,MA_KH!O$1,0) -> MEGA | AE508: =VLOOKUP($A508,MA_KH!$A:$Q,MA_KH!P$1,0) -> CÔNG TY TNHH MM MEGA MARKET (VIỆT NAM) | AG508: =(Table1[[#This Row],[Số hóa đơn]])&IF(OR(Table1[[#This Row],[Phân loại]]="Hàng trả",Table1[[#This Row],[Phân loại]]="Giảm công nợ"),-Table1[[#This Row],[Tổng giá trị]],Table1[[#This Row],[Tổng giá trị]]) -> 0001207013135964 | AH508: =_xlfn.XLOOKUP(Table1[[#This Row],[Column1]],'Chi tiết tt Mega gửi'!P:P,'Chi tiết tt Mega gửi'!N:N) -> #N/A
A509: MEGA-HNI-BTL--001 | B509: CHI NHÁNH CÔNG TY TNHH MM MEGA MARKET (VIỆT NAM) TẠI THÀNH PHỐ HÀ NỘI | C509: 46063 | D509: BH17551 | E509: 46065 | F509: 00012071 | G509: 14102767 | H509: 32162600 | I509: 0 | J509: 2573008 | K509: 34735608 | L509: Bán hàng | M509: 46105 | O509: =IF(Table1[[#This Row],[Phân loại]]="Tồn đầu kỳ",Table1[[#This Row],[Tổng giá trị]],0) -> 0 | P509: =IF(Table1[[#This Row],[Số còn phải thu ĐK]]<>0,0,IF(Table1[[#This Row],[Phân loại]]="Bán hàng",Table1[[#This Row],[Tổng giá trị]],-Table1[[#This Row],[Tổng giá trị]])) -> 34735608 | Q509: =IF(M509<>"",IF(O509<>0,O509,P509),0) -> 34735608 | R509: =Table1[[#This Row],[Số còn phải thu ĐK]]+Table1[[#This Row],[Giá Trị HD sau CK]]-Table1[[#This Row],[Số tiền đã thu]] -> 0 | S509: =IF(Table1[[#This Row],[Ngày hóa đơn]]<>"",Table1[[#This Row],[Ngày hóa đơn]],IF(Table1[[#This Row],[Ngày hạch toán]]<>"",Table1[[#This Row],[Ngày hạch toán]],"")) -> 46065 | U509: =IF(Table1[[#This Row],[Ngày tính CN]]="","",S509+T509) -> 46065 | V509: =IF(Table1[[#This Row],[Hạn thanh toán]]="","",IF((U509-NOW())<0,0,(U509-NOW()))) -> 0 | X509: =IF(OR(U509="",R509=0),"",IF((U509-NOW())<0,-(U509-NOW()),0)) | Y509: =IF(R509=0,"Đã thanh toán",IF(X509="","",IF(X509<=0,"Chưa đến hạn thanh toán",IF(X509<=30,"Nợ quá hạn 30 ngày",IF(X509<=60,"Nợ quá hạn từ 30 ngày đến 60 ngày",IF(X509<=90,"Nợ quá hạn từ 60 ngày đến 90 ngày",IF(X509<=120,"Nợ quá hạn từ 90 ngày đến 120 ngày","Nợ quá hạn hơn 120 ngày có khả năng mất thanh toán"))))))) -> Đã thanh toán | Z509: =IF(S509="","",S509) -> 46065 | AA509: =IF(M509="","",M509) -> 46105 | AD509: =VLOOKUP($A509,MA_KH!$A:$Q,MA_KH!O$1,0) -> MEGA | AE509: =VLOOKUP($A509,MA_KH!$A:$Q,MA_KH!P$1,0) -> CÔNG TY TNHH MM MEGA MARKET (VIỆT NAM) | AG509: =(Table1[[#This Row],[Số hóa đơn]])&IF(OR(Table1[[#This Row],[Phân loại]]="Hàng trả",Table1[[#This Row],[Phân loại]]="Giảm công nợ"),-Table1[[#This Row],[Tổng giá trị]],Table1[[#This Row],[Tổng giá trị]]) -> 0001207134735608 | AH509: =_xlfn.XLOOKUP(Table1[[#This Row],[Column1]],'Chi tiết tt Mega gửi'!P:P,'Chi tiết tt Mega gửi'!N:N) -> #N/A
A510: MEGA-DNI-00--005 | B510: CHI NHÁNH CÔNG TY TNHH MM MEGA MARKET (VIỆT NAM) TẠI THÀNH PHỐ BIÊN HÒA | C510: 46064 | D510: BH05829 | E510: 46077 | F510: 00013165 | G510: 18614820 | H510: 10707580 | I510: 0 | J510: 856606 | K510: 11564186 | L510: Bán hàng | M510: 46105 | O510: =IF(Table1[[#This Row],[Phân loại]]="Tồn đầu kỳ",Table1[[#This Row],[Tổng giá trị]],0) -> 0 | P510: =IF(Table1[[#This Row],[Số còn phải thu ĐK]]<>0,0,IF(Table1[[#This Row],[Phân loại]]="Bán hàng",Table1[[#This Row],[Tổng giá trị]],-Table1[[#This Row],[Tổng giá trị]])) -> 11564186 | Q510: =IF(M510<>"",IF(O510<>0,O510,P510),0) -> 11564186 | R510: =Table1[[#This Row],[Số còn phải thu ĐK]]+Table1[[#This Row],[Giá Trị HD sau CK]]-Table1[[#This Row],[Số tiền đã thu]] -> 0 | S510: =IF(Table1[[#This Row],[Ngày hóa đơn]]<>"",Table1[[#This Row],[Ngày hóa đơn]],IF(Table1[[#This Row],[Ngày hạch toán]]<>"",Table1[[#This Row],[Ngày hạch toán]],"")) -> 46077 | U510: =IF(Table1[[#This Row],[Ngày tính CN]]="","",S510+T510) -> 46077 | V510: =IF(Table1[[#This Row],[Hạn thanh toán]]="","",IF((U510-NOW())<0,0,(U510-NOW()))) -> 0 | X510: =IF(OR(U510="",R510=0),"",IF((U510-NOW())<0,-(U510-NOW()),0)) | Y510: =IF(R510=0,"Đã thanh toán",IF(X510="","",IF(X510<=0,"Chưa đến hạn thanh toán",IF(X510<=30,"Nợ quá hạn 30 ngày",IF(X510<=60,"Nợ quá hạn từ 30 ngày đến 60 ngày",IF(X510<=90,"Nợ quá hạn từ 60 ngày đến 90 ngày",IF(X510<=120,"Nợ quá hạn từ 90 ngày đến 120 ngày","Nợ quá hạn hơn 120 ngày có khả năng mất thanh toán"))))))) -> Đã thanh toán | Z510: =IF(S510="","",S510) -> 46077 | AA510: =IF(M510="","",M510) -> 46105 | AD510: =VLOOKUP($A510,MA_KH!$A:$Q,MA_KH!O$1,0) -> MEGA | AE510: =VLOOKUP($A510,MA_KH!$A:$Q,MA_KH!P$1,0) -> CÔNG TY TNHH MM MEGA MARKET (VIỆT NAM) | AG510: =(Table1[[#This Row],[Số hóa đơn]])&IF(OR(Table1[[#This Row],[Phân loại]]="Hàng trả",Table1[[#This Row],[Phân loại]]="Giảm công nợ"),-Table1[[#This Row],[Tổng giá trị]],Table1[[#This Row],[Tổng giá trị]]) -> 0001316511564186 | AH510: =_xlfn.XLOOKUP(Table1[[#This Row],[Column1]],'Chi tiết tt Mega gửi'!P:P,'Chi tiết tt Mega gửi'!N:N) -> #N/A
A511: MEGA-HCM-Q2-49586 | B511: CÔNG TY TNHH MM MEGA MARKET (VIỆT NAM) | C511: 46064 | D511: MDV00120 | E511: 46064 | F511: 00001286 | G511: Ho tro phi van chuyen T12/2025 | H511: 9667501 | I511: 0 | J511: 773400 | K511: 10440901 | L511: Giảm công nợ | M511: 46077 | O511: =IF(Table1[[#This Row],[Phân loại]]="Tồn đầu kỳ",Table1[[#This Row],[Tổng giá trị]],0) -> 0 | P511: =IF(Table1[[#This Row],[Số còn phải thu ĐK]]<>0,0,IF(Table1[[#This Row],[Phân loại]]="Bán hàng",Table1[[#This Row],[Tổng giá trị]],-Table1[[#This Row],[Tổng giá trị]])) -> -10440901 | Q511: =IF(M511<>"",IF(O511<>0,O511,P511),0) -> -10440901 | R511: =Table1[[#This Row],[Số còn phải thu ĐK]]+Table1[[#This Row],[Giá Trị HD sau CK]]-Table1[[#This Row],[Số tiền đã thu]] -> 0 | S511: =IF(Table1[[#This Row],[Ngày hóa đơn]]<>"",Table1[[#This Row],[Ngày hóa đơn]],IF(Table1[[#This Row],[Ngày hạch toán]]<>"",Table1[[#This Row],[Ngày hạch toán]],"")) -> 46064 | U511: =IF(Table1[[#This Row],[Ngày tính CN]]="","",S511+T511) -> 46064 | V511: =IF(Table1[[#This Row],[Hạn thanh toán]]="","",IF((U511-NOW())<0,0,(U511-NOW()))) -> 0 | X511: =IF(OR(U511="",R511=0),"",IF((U511-NOW())<0,-(U511-NOW()),0)) | Y511: =IF(R511=0,"Đã thanh toán",IF(X511="","",IF(X511<=0,"Chưa đến hạn thanh toán",IF(X511<=30,"Nợ quá hạn 30 ngày",IF(X511<=60,"Nợ quá hạn từ 30 ngày đến 60 ngày",IF(X511<=90,"Nợ quá hạn từ 60 ngày đến 90 ngày",IF(X511<=120,"Nợ quá hạn từ 90 ngày đến 120 ngày","Nợ quá hạn hơn 120 ngày có khả năng mất thanh toán"))))))) -> Đã thanh toán | Z511: =IF(S511="","",S511) -> 46064 | AA511: =IF(M511="","",M511) -> 46077 | AD511: =VLOOKUP($A511,MA_KH!$A:$Q,MA_KH!O$1,0) -> MEGA | AE511: =VLOOKUP($A511,MA_KH!$A:$Q,MA_KH!P$1,0) -> CÔNG TY TNHH MM MEGA MARKET (VIỆT NAM) | AG511: =(Table1[[#This Row],[Số hóa đơn]])&IF(OR(Table1[[#This Row],[Phân loại]]="Hàng trả",Table1[[#This Row],[Phân loại]]="Giảm công nợ"),-Table1[[#This Row],[Tổng giá trị]],Table1[[#This Row],[Tổng giá trị]]) -> 00001286-10440901 | AH511: =_xlfn.XLOOKUP(Table1[[#This Row],[Column1]],'Chi tiết tt Mega gửi'!P:P,'Chi tiết tt Mega gửi'!N:N) -> #N/A
A512: MEGA-DNI-00--005 | B512: CHI NHÁNH CÔNG TY TNHH MM MEGA MARKET (VIỆT NAM) TẠI THÀNH PHỐ BIÊN HÒA | C512: 46065 | D512: BH05830 | E512: 46077 | F512: 00013166 | G512: 18616241 | H512: 14497230 | I512: 0 | J512: 1159778 | K512: 15657008 | L512: Bán hàng | M512: 46105 | O512: =IF(Table1[[#This Row],[Phân loại]]="Tồn đầu kỳ",Table1[[#This Row],[Tổng giá trị]],0) -> 0 | P512: =IF(Table1[[#This Row],[Số còn phải thu ĐK]]<>0,0,IF(Table1[[#This Row],[Phân loại]]="Bán hàng",Table1[[#This Row],[Tổng giá trị]],-Table1[[#This Row],[Tổng giá trị]])) -> 15657008 | Q512: =IF(M512<>"",IF(O512<>0,O512,P512),0) -> 15657008 | R512: =Table1[[#This Row],[Số còn phải thu ĐK]]+Table1[[#This Row],[Giá Trị HD sau CK]]-Table1[[#This Row],[Số tiền đã thu]] -> 0 | S512: =IF(Table1[[#This Row],[Ngày hóa đơn]]<>"",Table1[[#This Row],[Ngày hóa đơn]],IF(Table1[[#This Row],[Ngày hạch toán]]<>"",Table1[[#This Row],[Ngày hạch toán]],"")) -> 46077 | U512: =IF(Table1[[#This Row],[Ngày tính CN]]="","",S512+T512) -> 46077 | V512: =IF(Table1[[#This Row],[Hạn thanh toán]]="","",IF((U512-NOW())<0,0,(U512-NOW()))) -> 0 | X512: =IF(OR(U512="",R512=0),"",IF((U512-NOW())<0,-(U512-NOW()),0)) | Y512: =IF(R512=0,"Đã thanh toán",IF(X512="","",IF(X512<=0,"Chưa đến hạn thanh toán",IF(X512<=30,"Nợ quá hạn 30 ngày",IF(X512<=60,"Nợ quá hạn từ 30 ngày đến 60 ngày",IF(X512<=90,"Nợ quá hạn từ 60 ngày đến 90 ngày",IF(X512<=120,"Nợ quá hạn từ 90 ngày đến 120 ngày","Nợ quá hạn hơn 120 ngày có khả năng mất thanh toán"))))))) -> Đã thanh toán | Z512: =IF(S512="","",S512) -> 46077 | AA512: =IF(M512="","",M512) -> 46105 | AD512: =VLOOKUP($A512,MA_KH!$A:$Q,MA_KH!O$1,0) -> MEGA | AE512: =VLOOKUP($A512,MA_KH!$A:$Q,MA_KH!P$1,0) -> CÔNG TY TNHH MM MEGA MARKET (VIỆT NAM) | AG512: =(Table1[[#This Row],[Số hóa đơn]])&IF(OR(Table1[[#This Row],[Phân loại]]="Hàng trả",Table1[[#This Row],[Phân loại]]="Giảm công nợ"),-Table1[[#This Row],[Tổng giá trị]],Table1[[#This Row],[Tổng giá trị]]) -> 0001316615657008 | AH512: =_xlfn.XLOOKUP(Table1[[#This Row],[Column1]],'Chi tiết tt Mega gửi'!P:P,'Chi tiết tt Mega gửi'!N:N) -> #N/A
A513: MEGA-HCM-Q2-49586 | B513: CÔNG TY TNHH MM MEGA MARKET (VIỆT NAM) | C513: 46065 | D513: BH05833 | E513: 46077 | F513: 00013169 | G513: 12210539 - Mega Hiệp Phú | H513: 2144100 | I513: 0 | J513: 171528 | K513: 2315628 | L513: Bán hàng | M513: 46105 | O513: =IF(Table1[[#This Row],[Phân loại]]="Tồn đầu kỳ",Table1[[#This Row],[Tổng giá trị]],0) -> 0 | P513: =IF(Table1[[#This Row],[Số còn phải thu ĐK]]<>0,0,IF(Table1[[#This Row],[Phân loại]]="Bán hàng",Table1[[#This Row],[Tổng giá trị]],-Table1[[#This Row],[Tổng giá trị]])) -> 2315628 | Q513: =IF(M513<>"",IF(O513<>0,O513,P513),0) -> 2315628 | R513: =Table1[[#This Row],[Số còn phải thu ĐK]]+Table1[[#This Row],[Giá Trị HD sau CK]]-Table1[[#This Row],[Số tiền đã thu]] -> 0 | S513: =IF(Table1[[#This Row],[Ngày hóa đơn]]<>"",Table1[[#This Row],[Ngày hóa đơn]],IF(Table1[[#This Row],[Ngày hạch toán]]<>"",Table1[[#This Row],[Ngày hạch toán]],"")) -> 46077 | U513: =IF(Table1[[#This Row],[Ngày tính CN]]="","",S513+T513) -> 46077 | V513: =IF(Table1[[#This Row],[Hạn thanh toán]]="","",IF((U513-NOW())<0,0,(U513-NOW()))) -> 0 | X513: =IF(OR(U513="",R513=0),"",IF((U513-NOW())<0,-(U513-NOW()),0)) | Y513: =IF(R513=0,"Đã thanh toán",IF(X513="","",IF(X513<=0,"Chưa đến hạn thanh toán",IF(X513<=30,"Nợ quá hạn 30 ngày",IF(X513<=60,"Nợ quá hạn từ 30 ngày đến 60 ngày",IF(X513<=90,"Nợ quá hạn từ 60 ngày đến 90 ngày",IF(X513<=120,"Nợ quá hạn từ 90 ngày đến 120 ngày","Nợ quá hạn hơn 120 ngày có khả năng mất thanh toán"))))))) -> Đã thanh toán | Z513: =IF(S513="","",S513) -> 46077 | AA513: =IF(M513="","",M513) -> 46105 | AD513: =VLOOKUP($A513,MA_KH!$A:$Q,MA_KH!O$1,0) -> MEGA | AE513: =VLOOKUP($A513,MA_KH!$A:$Q,MA_KH!P$1,0) -> CÔNG TY TNHH MM MEGA MARKET (VIỆT NAM) | AG513: =(Table1[[#This Row],[Số hóa đơn]])&IF(OR(Table1[[#This Row],[Phân loại]]="Hàng trả",Table1[[#This Row],[Phân loại]]="Giảm công nợ"),-Table1[[#This Row],[Tổng giá trị]],Table1[[#This Row],[Tổng giá trị]]) -> 000131692315628 | AH513: =_xlfn.XLOOKUP(Table1[[#This Row],[Column1]],'Chi tiết tt Mega gửi'!P:P,'Chi tiết tt Mega gửi'!N:N) -> #N/A
A514: MEGA-DNG-00--004 | B514: CHI NHÁNH CÔNG TY TNHH MM MEGA MARKET (VIỆT NAM) TẠI THÀNH PHỐ ĐÀ NẴNG | C514: 46065 | D514: BH05834 | E514: 46077 | F514: 00013170 | G514: TC91024042 - Trung tâm thương mại MM Mega Market Đà Nẵng | H514: 44595500 | I514: 0 | J514: 3567640 | K514: 48163140 | L514: Bán hàng | M514: 46105 | O514: =IF(Table1[[#This Row],[Phân loại]]="Tồn đầu kỳ",Table1[[#This Row],[Tổng giá trị]],0) -> 0 | P514: =IF(Table1[[#This Row],[Số còn phải thu ĐK]]<>0,0,IF(Table1[[#This Row],[Phân loại]]="Bán hàng",Table1[[#This Row],[Tổng giá trị]],-Table1[[#This Row],[Tổng giá trị]])) -> 48163140 | Q514: =IF(M514<>"",IF(O514<>0,O514,P514),0) -> 48163140 | R514: =Table1[[#This Row],[Số còn phải thu ĐK]]+Table1[[#This Row],[Giá Trị HD sau CK]]-Table1[[#This Row],[Số tiền đã thu]] -> 0 | S514: =IF(Table1[[#This Row],[Ngày hóa đơn]]<>"",Table1[[#This Row],[Ngày hóa đơn]],IF(Table1[[#This Row],[Ngày hạch toán]]<>"",Table1[[#This Row],[Ngày hạch toán]],"")) -> 46077 | U514: =IF(Table1[[#This Row],[Ngày tính CN]]="","",S514+T514) -> 46077 | V514: =IF(Table1[[#This Row],[Hạn thanh toán]]="","",IF((U514-NOW())<0,0,(U514-NOW()))) -> 0 | X514: =IF(OR(U514="",R514=0),"",IF((U514-NOW())<0,-(U514-NOW()),0)) | Y514: =IF(R514=0,"Đã thanh toán",IF(X514="","",IF(X514<=0,"Chưa đến hạn thanh toán",IF(X514<=30,"Nợ quá hạn 30 ngày",IF(X514<=60,"Nợ quá hạn từ 30 ngày đến 60 ngày",IF(X514<=90,"Nợ quá hạn từ 60 ngày đến 90 ngày",IF(X514<=120,"Nợ quá hạn từ 90 ngày đến 120 ngày","Nợ quá hạn hơn 120 ngày có khả năng mất thanh toán"))))))) -> Đã thanh toán | Z514: =IF(S514="","",S514) -> 46077 | AA514: =IF(M514="","",M514) -> 46105 | AD514: =VLOOKUP($A514,MA_KH!$A:$Q,MA_KH!O$1,0) -> MEGA | AE514: =VLOOKUP($A514,MA_KH!$A:$Q,MA_KH!P$1,0) -> CÔNG TY TNHH MM MEGA MARKET (VIỆT NAM) | AG514: =(Table1[[#This Row],[Số hóa đơn]])&IF(OR(Table1[[#This Row],[Phân loại]]="Hàng trả",Table1[[#This Row],[Phân loại]]="Giảm công nợ"),-Table1[[#This Row],[Tổng giá trị]],Table1[[#This Row],[Tổng giá trị]]) -> 0001317048163140 | AH514: =_xlfn.XLOOKUP(Table1[[#This Row],[Column1]],'Chi tiết tt Mega gửi'!P:P,'Chi tiết tt Mega gửi'!N:N) -> #N/A
A515: MEGA-GLI-00--007 | B515: CHI NHÁNH CÔNG TY TNHH MM MEGA MARKET (VIỆT NAM) TẠI TỈNH BÌNH ĐỊNH | C515: 46065 | D515: BH05835 | E515: 46077 | F515: 00013171 | G515: TC21467610 | H515: 1468620 | I515: 0 | J515: 117490 | K515: 1586110 | L515: Bán hàng | M515: 46105 | O515: =IF(Table1[[#This Row],[Phân loại]]="Tồn đầu kỳ",Table1[[#This Row],[Tổng giá trị]],0) -> 0 | P515: =IF(Table1[[#This Row],[Số còn phải thu ĐK]]<>0,0,IF(Table1[[#This Row],[Phân loại]]="Bán hàng",Table1[[#This Row],[Tổng giá trị]],-Table1[[#This Row],[Tổng giá trị]])) -> 1586110 | Q515: =IF(M515<>"",IF(O515<>0,O515,P515),0) -> 1586110 | R515: =Table1[[#This Row],[Số còn phải thu ĐK]]+Table1[[#This Row],[Giá Trị HD sau CK]]-Table1[[#This Row],[Số tiền đã thu]] -> 0 | S515: =IF(Table1[[#This Row],[Ngày hóa đơn]]<>"",Table1[[#This Row],[Ngày hóa đơn]],IF(Table1[[#This Row],[Ngày hạch toán]]<>"",Table1[[#This Row],[Ngày hạch toán]],"")) -> 46077 | U515: =IF(Table1[[#This Row],[Ngày tính CN]]="","",S515+T515) -> 46077 | V515: =IF(Table1[[#This Row],[Hạn thanh toán]]="","",IF((U515-NOW())<0,0,(U515-NOW()))) -> 0 | X515: =IF(OR(U515="",R515=0),"",IF((U515-NOW())<0,-(U515-NOW()),0)) | Y515: =IF(R515=0,"Đã thanh toán",IF(X515="","",IF(X515<=0,"Chưa đến hạn thanh toán",IF(X515<=30,"Nợ quá hạn 30 ngày",IF(X515<=60,"Nợ quá hạn từ 30 ngày đến 60 ngày",IF(X515<=90,"Nợ quá hạn từ 60 ngày đến 90 ngày",IF(X515<=120,"Nợ quá hạn từ 90 ngày đến 120 ngày","Nợ quá hạn hơn 120 ngày có khả năng mất thanh toán"))))))) -> Đã thanh toán | Z515: =IF(S515="","",S515) -> 46077 | AA515: =IF(M515="","",M515) -> 46105 | AD515: =VLOOKUP($A515,MA_KH!$A:$Q,MA_KH!O$1,0) -> MEGA | AE515: =VLOOKUP($A515,MA_KH!$A:$Q,MA_KH!P$1,0) -> CÔNG TY TNHH MM MEGA MARKET (VIỆT NAM) | AG515: =(Table1[[#This Row],[Số hóa đơn]])&IF(OR(Table1[[#This Row],[Phân loại]]="Hàng trả",Table1[[#This Row],[Phân loại]]="Giảm công nợ"),-Table1[[#This Row],[Tổng giá trị]],Table1[[#This Row],[Tổng giá trị]]) -> 000131711586110 | AH515: =_xlfn.XLOOKUP(Table1[[#This Row],[Column1]],'Chi tiết tt Mega gửi'!P:P,'Chi tiết tt Mega gửi'!N:N) -> #N/A
A516: MEGA-DNG-00--004 | B516: CHI NHÁNH CÔNG TY TNHH MM MEGA MARKET (VIỆT NAM) TẠI THÀNH PHỐ ĐÀ NẴNG | C516: 46065 | D516: BH05836 | E516: 46077 | F516: 00013172 | G516: TC17361031 | H516: 2144100 | I516: 0 | J516: 171528 | K516: 2315628 | L516: Bán hàng | M516: 46105 | O516: =IF(Table1[[#This Row],[Phân loại]]="Tồn đầu kỳ",Table1[[#This Row],[Tổng giá trị]],0) -> 0 | P516: =IF(Table1[[#This Row],[Số còn phải thu ĐK]]<>0,0,IF(Table1[[#This Row],[Phân loại]]="Bán hàng",Table1[[#This Row],[Tổng giá trị]],-Table1[[#This Row],[Tổng giá trị]])) -> 2315628 | Q516: =IF(M516<>"",IF(O516<>0,O516,P516),0) -> 2315628 | R516: =Table1[[#This Row],[Số còn phải thu ĐK]]+Table1[[#This Row],[Giá Trị HD sau CK]]-Table1[[#This Row],[Số tiền đã thu]] -> 0 | S516: =IF(Table1[[#This Row],[Ngày hóa đơn]]<>"",Table1[[#This Row],[Ngày hóa đơn]],IF(Table1[[#This Row],[Ngày hạch toán]]<>"",Table1[[#This Row],[Ngày hạch toán]],"")) -> 46077 | U516: =IF(Table1[[#This Row],[Ngày tính CN]]="","",S516+T516) -> 46077 | V516: =IF(Table1[[#This Row],[Hạn thanh toán]]="","",IF((U516-NOW())<0,0,(U516-NOW()))) -> 0 | X516: =IF(OR(U516="",R516=0),"",IF((U516-NOW())<0,-(U516-NOW()),0)) | Y516: =IF(R516=0,"Đã thanh toán",IF(X516="","",IF(X516<=0,"Chưa đến hạn thanh toán",IF(X516<=30,"Nợ quá hạn 30 ngày",IF(X516<=60,"Nợ quá hạn từ 30 ngày đến 60 ngày",IF(X516<=90,"Nợ quá hạn từ 60 ngày đến 90 ngày",IF(X516<=120,"Nợ quá hạn từ 90 ngày đến 120 ngày","Nợ quá hạn hơn 120 ngày có khả năng mất thanh toán"))))))) -> Đã thanh toán | Z516: =IF(S516="","",S516) -> 46077 | AA516: =IF(M516="","",M516) -> 46105 | AD516: =VLOOKUP($A516,MA_KH!$A:$Q,MA_KH!O$1,0) -> MEGA | AE516: =VLOOKUP($A516,MA_KH!$A:$Q,MA_KH!P$1,0) -> CÔNG TY TNHH MM MEGA MARKET (VIỆT NAM) | AG516: =(Table1[[#This Row],[Số hóa đơn]])&IF(OR(Table1[[#This Row],[Phân loại]]="Hàng trả",Table1[[#This Row],[Phân loại]]="Giảm công nợ"),-Table1[[#This Row],[Tổng giá trị]],Table1[[#This Row],[Tổng giá trị]]) -> 000131722315628 | AH516: =_xlfn.XLOOKUP(Table1[[#This Row],[Column1]],'Chi tiết tt Mega gửi'!P:P,'Chi tiết tt Mega gửi'!N:N) -> #N/A
A517: MEGA-HNI-BTL--001 | B517: CHI NHÁNH CÔNG TY TNHH MM MEGA MARKET (VIỆT NAM) TẠI THÀNH PHỐ HÀ NỘI | C517: 46065 | D517: HN/HT070118 | E517: 46065 | F517: 00000018 | G517: Hàng trả - Mega Thanh Xuân - MEGA-HNI-TXN-0008 | H517: 222380 | I517: 0 | J517: 17790 | K517: 240170 | L517: Hàng trả | M517: 46077 | O517: =IF(Table1[[#This Row],[Phân loại]]="Tồn đầu kỳ",Table1[[#This Row],[Tổng giá trị]],0) -> 0 | P517: =IF(Table1[[#This Row],[Số còn phải thu ĐK]]<>0,0,IF(Table1[[#This Row],[Phân loại]]="Bán hàng",Table1[[#This Row],[Tổng giá trị]],-Table1[[#This Row],[Tổng giá trị]])) -> -240170 | Q517: =IF(M517<>"",IF(O517<>0,O517,P517),0) -> -240170 | R517: =Table1[[#This Row],[Số còn phải thu ĐK]]+Table1[[#This Row],[Giá Trị HD sau CK]]-Table1[[#This Row],[Số tiền đã thu]] -> 0 | S517: =IF(Table1[[#This Row],[Ngày hóa đơn]]<>"",Table1[[#This Row],[Ngày hóa đơn]],IF(Table1[[#This Row],[Ngày hạch toán]]<>"",Table1[[#This Row],[Ngày hạch toán]],"")) -> 46065 | U517: =IF(Table1[[#This Row],[Ngày tính CN]]="","",S517+T517) -> 46065 | V517: =IF(Table1[[#This Row],[Hạn thanh toán]]="","",IF((U517-NOW())<0,0,(U517-NOW()))) -> 0 | X517: =IF(OR(U517="",R517=0),"",IF((U517-NOW())<0,-(U517-NOW()),0)) | Y517: =IF(R517=0,"Đã thanh toán",IF(X517="","",IF(X517<=0,"Chưa đến hạn thanh toán",IF(X517<=30,"Nợ quá hạn 30 ngày",IF(X517<=60,"Nợ quá hạn từ 30 ngày đến 60 ngày",IF(X517<=90,"Nợ quá hạn từ 60 ngày đến 90 ngày",IF(X517<=120,"Nợ quá hạn từ 90 ngày đến 120 ngày","Nợ quá hạn hơn 120 ngày có khả năng mất thanh toán"))))))) -> Đã thanh toán | Z517: =IF(S517="","",S517) -> 46065 | AA517: =IF(M517="","",M517) -> 46077 | AD517: =VLOOKUP($A517,MA_KH!$A:$Q,MA_KH!O$1,0) -> MEGA | AE517: =VLOOKUP($A517,MA_KH!$A:$Q,MA_KH!P$1,0) -> CÔNG TY TNHH MM MEGA MARKET (VIỆT NAM) | AG517: =(Table1[[#This Row],[Số hóa đơn]])&IF(OR(Table1[[#This Row],[Phân loại]]="Hàng trả",Table1[[#This Row],[Phân loại]]="Giảm công nợ"),-Table1[[#This Row],[Tổng giá trị]],Table1[[#This Row],[Tổng giá trị]]) -> 00000018-240170 | AH517: =_xlfn.XLOOKUP(Table1[[#This Row],[Column1]],'Chi tiết tt Mega gửi'!P:P,'Chi tiết tt Mega gửi'!N:N) -> #N/A
A518: MEGA-HCM-Q2-49586 | B518: CÔNG TY TNHH MM MEGA MARKET (VIỆT NAM) | C518: 46065 | D518: SG/HTRS102802LH | E518: 46065 | F518: 00000134 | G518: Hàng trả - Mega Hiệp Phú - MEGA-HCM-Q12-0004 | H518: 3117767 | I518: 0 | J518: 249422 | K518: 3367189 | L518: Hàng trả | M518: 46077 | O518: =IF(Table1[[#This Row],[Phân loại]]="Tồn đầu kỳ",Table1[[#This Row],[Tổng giá trị]],0) -> 0 | P518: =IF(Table1[[#This Row],[Số còn phải thu ĐK]]<>0,0,IF(Table1[[#This Row],[Phân loại]]="Bán hàng",Table1[[#This Row],[Tổng giá trị]],-Table1[[#This Row],[Tổng giá trị]])) -> -3367189 | Q518: =IF(M518<>"",IF(O518<>0,O518,P518),0) -> -3367189 | R518: =Table1[[#This Row],[Số còn phải thu ĐK]]+Table1[[#This Row],[Giá Trị HD sau CK]]-Table1[[#This Row],[Số tiền đã thu]] -> 0 | S518: =IF(Table1[[#This Row],[Ngày hóa đơn]]<>"",Table1[[#This Row],[Ngày hóa đơn]],IF(Table1[[#This Row],[Ngày hạch toán]]<>"",Table1[[#This Row],[Ngày hạch toán]],"")) -> 46065 | U518: =IF(Table1[[#This Row],[Ngày tính CN]]="","",S518+T518) -> 46065 | V518: =IF(Table1[[#This Row],[Hạn thanh toán]]="","",IF((U518-NOW())<0,0,(U518-NOW()))) -> 0 | X518: =IF(OR(U518="",R518=0),"",IF((U518-NOW())<0,-(U518-NOW()),0)) | Y518: =IF(R518=0,"Đã thanh toán",IF(X518="","",IF(X518<=0,"Chưa đến hạn thanh toán",IF(X518<=30,"Nợ quá hạn 30 ngày",IF(X518<=60,"Nợ quá hạn từ 30 ngày đến 60 ngày",IF(X518<=90,"Nợ quá hạn từ 60 ngày đến 90 ngày",IF(X518<=120,"Nợ quá hạn từ 90 ngày đến 120 ngày","Nợ quá hạn hơn 120 ngày có khả năng mất thanh toán"))))))) -> Đã thanh toán | Z518: =IF(S518="","",S518) -> 46065 | AA518: =IF(M518="","",M518) -> 46077 | AD518: =VLOOKUP($A518,MA_KH!$A:$Q,MA_KH!O$1,0) -> MEGA | AE518: =VLOOKUP($A518,MA_KH!$A:$Q,MA_KH!P$1,0) -> CÔNG TY TNHH MM MEGA MARKET (VIỆT NAM) | AG518: =(Table1[[#This Row],[Số hóa đơn]])&IF(OR(Table1[[#This Row],[Phân loại]]="Hàng trả",Table1[[#This Row],[Phân loại]]="Giảm công nợ"),-Table1[[#This Row],[Tổng giá trị]],Table1[[#This Row],[Tổng giá trị]]) -> 00000134-3367189 | AH518: =_xlfn.XLOOKUP(Table1[[#This Row],[Column1]],'Chi tiết tt Mega gửi'!P:P,'Chi tiết tt Mega gửi'!N:N) -> #N/A
A519: MEGA-DNI-00--005 | B519: CHI NHÁNH CÔNG TY TNHH MM MEGA MARKET (VIỆT NAM) TẠI THÀNH PHỐ BIÊN HÒA | C519: 46066 | D519: BH05828 | E519: 46077 | F519: 00013164 | G519: 18616903 | H519: 4743250 | I519: 0 | J519: 379460 | K519: 5122710 | L519: Bán hàng | M519: 46105 | O519: =IF(Table1[[#This Row],[Phân loại]]="Tồn đầu kỳ",Table1[[#This Row],[Tổng giá trị]],0) -> 0 | P519: =IF(Table1[[#This Row],[Số còn phải thu ĐK]]<>0,0,IF(Table1[[#This Row],[Phân loại]]="Bán hàng",Table1[[#This Row],[Tổng giá trị]],-Table1[[#This Row],[Tổng giá trị]])) -> 5122710 | Q519: =IF(M519<>"",IF(O519<>0,O519,P519),0) -> 5122710 | R519: =Table1[[#This Row],[Số còn phải thu ĐK]]+Table1[[#This Row],[Giá Trị HD sau CK]]-Table1[[#This Row],[Số tiền đã thu]] -> 0 | S519: =IF(Table1[[#This Row],[Ngày hóa đơn]]<>"",Table1[[#This Row],[Ngày hóa đơn]],IF(Table1[[#This Row],[Ngày hạch toán]]<>"",Table1[[#This Row],[Ngày hạch toán]],"")) -> 46077 | U519: =IF(Table1[[#This Row],[Ngày tính CN]]="","",S519+T519) -> 46077 | V519: =IF(Table1[[#This Row],[Hạn thanh toán]]="","",IF((U519-NOW())<0,0,(U519-NOW()))) -> 0 | X519: =IF(OR(U519="",R519=0),"",IF((U519-NOW())<0,-(U519-NOW()),0)) | Y519: =IF(R519=0,"Đã thanh toán",IF(X519="","",IF(X519<=0,"Chưa đến hạn thanh toán",IF(X519<=30,"Nợ quá hạn 30 ngày",IF(X519<=60,"Nợ quá hạn từ 30 ngày đến 60 ngày",IF(X519<=90,"Nợ quá hạn từ 60 ngày đến 90 ngày",IF(X519<=120,"Nợ quá hạn từ 90 ngày đến 120 ngày","Nợ quá hạn hơn 120 ngày có khả năng mất thanh toán"))))))) -> Đã thanh toán | Z519: =IF(S519="","",S519) -> 46077 | AA519: =IF(M519="","",M519) -> 46105 | AD519: =VLOOKUP($A519,MA_KH!$A:$Q,MA_KH!O$1,0) -> MEGA | AE519: =VLOOKUP($A519,MA_KH!$A:$Q,MA_KH!P$1,0) -> CÔNG TY TNHH MM MEGA MARKET (VIỆT NAM) | AG519: =(Table1[[#This Row],[Số hóa đơn]])&IF(OR(Table1[[#This Row],[Phân loại]]="Hàng trả",Table1[[#This Row],[Phân loại]]="Giảm công nợ"),-Table1[[#This Row],[Tổng giá trị]],Table1[[#This Row],[Tổng giá trị]]) -> 000131645122710 | AH519: =_xlfn.XLOOKUP(Table1[[#This Row],[Column1]],'Chi tiết tt Mega gửi'!P:P,'Chi tiết tt Mega gửi'!N:N) -> #N/A
... A571: MEGA-HPG-01--003 | B571: CHI NHÁNH CÔNG TY TNHH MM MEGA MARKET (VIỆT NAM) TẠI HẢI PHÒNG | C571: 46083 | D571: BH07471 | E571: 46087 | F571: 00016247 | G571: TC16159142 | H571: 558030 | I571: 0 | J571: 44642 | K571: 602672 | L571: Bán hàng | M571: 46136 | O571: =IF(Table1[[#This Row],[Phân loại]]="Tồn đầu kỳ",Table1[[#This Row],[Tổng giá trị]],0) -> 0 | P571: =IF(Table1[[#This Row],[Số còn phải thu ĐK]]<>0,0,IF(Table1[[#This Row],[Phân loại]]="Bán hàng",Table1[[#This Row],[Tổng giá trị]],-Table1[[#This Row],[Tổng giá trị]])) -> 602672 | Q571: =IF(M571<>"",IF(O571<>0,O571,P571),0) -> 602672 | R571: =Table1[[#This Row],[Số còn phải thu ĐK]]+Table1[[#This Row],[Giá Trị HD sau CK]]-Table1[[#This Row],[Số tiền đã thu]] -> 0 | S571: =IF(Table1[[#This Row],[Ngày hóa đơn]]<>"",Table1[[#This Row],[Ngày hóa đơn]],IF(Table1[[#This Row],[Ngày hạch toán]]<>"",Table1[[#This Row],[Ngày hạch toán]],"")) -> 46087 | U571: =IF(Table1[[#This Row],[Ngày tính CN]]="","",S571+T571) -> 46087 | V571: =IF(Table1[[#This Row],[Hạn thanh toán]]="","",IF((U571-NOW())<0,0,(U571-NOW()))) -> 0 | X571: =IF(OR(U571="",R571=0),"",IF((U571-NOW())<0,-(U571-NOW()),0)) | Y571: =IF(R571=0,"Đã thanh toán",IF(X571="","",IF(X571<=0,"Chưa đến hạn thanh toán",IF(X571<=30,"Nợ quá hạn 30 ngày",IF(X571<=60,"Nợ quá hạn từ 30 ngày đến 60 ngày",IF(X571<=90,"Nợ quá hạn từ 60 ngày đến 90 ngày",IF(X571<=120,"Nợ quá hạn từ 90 ngày đến 120 ngày","Nợ quá hạn hơn 120 ngày có khả năng mất thanh toán"))))))) -> Đã thanh toán | Z571: =IF(S571="","",S571) -> 46087 | AA571: =IF(M571="","",M571) -> 46136 | AD571: =VLOOKUP($A571,MA_KH!$A:$Q,MA_KH!O$1,0) -> MEGA | AE571: =VLOOKUP($A571,MA_KH!$A:$Q,MA_KH!P$1,0) -> CÔNG TY TNHH MM MEGA MARKET (VIỆT NAM) | AG571: =(Table1[[#This Row],[Số hóa đơn]])&IF(OR(Table1[[#This Row],[Phân loại]]="Hàng trả",Table1[[#This Row],[Phân loại]]="Giảm công nợ"),-Table1[[#This Row],[Tổng giá trị]],Table1[[#This Row],[Tổng giá trị]]) -> 00016247602672 | AH571: =_xlfn.XLOOKUP(Table1[[#This Row],[Column1]],'Chi tiết tt Mega gửi'!P:P,'Chi tiết tt Mega gửi'!N:N) -> #N/A
A572: MEGA-DNI-00--005 | B572: CHI NHÁNH CÔNG TY TNHH MM MEGA MARKET (VIỆT NAM) TẠI THÀNH PHỐ BIÊN HÒA | C572: 46084 | D572: BH07472 | E572: 46087 | F572: 00016248 | G572: 18619444 | H572: 4270196 | I572: 0 | J572: 341616 | K572: 4611812 | L572: Bán hàng | O572: =IF(Table1[[#This Row],[Phân loại]]="Tồn đầu kỳ",Table1[[#This Row],[Tổng giá trị]],0) -> 0 | P572: =IF(Table1[[#This Row],[Số còn phải thu ĐK]]<>0,0,IF(Table1[[#This Row],[Phân loại]]="Bán hàng",Table1[[#This Row],[Tổng giá trị]],-Table1[[#This Row],[Tổng giá trị]])) -> 4611812 | Q572: =IF(M572<>"",IF(O572<>0,O572,P572),0) -> 0 | R572: =Table1[[#This Row],[Số còn phải thu ĐK]]+Table1[[#This Row],[Giá Trị HD sau CK]]-Table1[[#This Row],[Số tiền đã thu]] -> 4611812 | S572: =IF(Table1[[#This Row],[Ngày hóa đơn]]<>"",Table1[[#This Row],[Ngày hóa đơn]],IF(Table1[[#This Row],[Ngày hạch toán]]<>"",Table1[[#This Row],[Ngày hạch toán]],"")) -> 46087 | U572: =IF(Table1[[#This Row],[Ngày tính CN]]="","",S572+T572) -> 46087 | V572: =IF(Table1[[#This Row],[Hạn thanh toán]]="","",IF((U572-NOW())<0,0,(U572-NOW()))) -> 0 | X572: =IF(OR(U572="",R572=0),"",IF((U572-NOW())<0,-(U572-NOW()),0)) -> 207.35975 | Y572: =IF(R572=0,"Đã thanh toán",IF(X572="","",IF(X572<=0,"Chưa đến hạn thanh toán",IF(X572<=30,"Nợ quá hạn 30 ngày",IF(X572<=60,"Nợ quá hạn từ 30 ngày đến 60 ngày",IF(X572<=90,"Nợ quá hạn từ 60 ngày đến 90 ngày",IF(X572<=120,"Nợ quá hạn từ 90 ngày đến 120 ngày","Nợ quá hạn hơn 120 ngày có khả năng mất thanh toán"))))))) -> Nợ quá hạn hơn 120 ngày có khả năng mất thanh toán | Z572: =IF(S572="","",S572) -> 46087 | AA572: =IF(M572="","",M572) | AD572: =VLOOKUP($A572,MA_KH!$A:$Q,MA_KH!O$1,0) -> MEGA | AE572: =VLOOKUP($A572,MA_KH!$A:$Q,MA_KH!P$1,0) -> CÔNG TY TNHH MM MEGA MARKET (VIỆT NAM) | AG572: =(Table1[[#This Row],[Số hóa đơn]])&IF(OR(Table1[[#This Row],[Phân loại]]="Hàng trả",Table1[[#This Row],[Phân loại]]="Giảm công nợ"),-Table1[[#This Row],[Tổng giá trị]],Table1[[#This Row],[Tổng giá trị]]) -> 000162484611812 | AH572: =_xlfn.XLOOKUP(Table1[[#This Row],[Column1]],'Chi tiết tt Mega gửi'!P:P,'Chi tiết tt Mega gửi'!N:N) -> #N/A
A573: MEGA-HCM-Q2-49586 | B573: CÔNG TY TNHH MM MEGA MARKET (VIỆT NAM) | C573: 46084 | D573: MDV00171 | E573: 46084 | F573: 00014261 | G573: NIT-HO TRO SAN PHAM MOI 2% | H573: 16619007 | I573: 0 | J573: 1329521 | K573: 17948528 | L573: Giảm công nợ | M573: 46105 | O573: =IF(Table1[[#This Row],[Phân loại]]="Tồn đầu kỳ",Table1[[#This Row],[Tổng giá trị]],0) -> 0 | P573: =IF(Table1[[#This Row],[Số còn phải thu ĐK]]<>0,0,IF(Table1[[#This Row],[Phân loại]]="Bán hàng",Table1[[#This Row],[Tổng giá trị]],-Table1[[#This Row],[Tổng giá trị]])) -> -17948528 | Q573: =IF(M573<>"",IF(O573<>0,O573,P573),0) -> -17948528 | R573: =Table1[[#This Row],[Số còn phải thu ĐK]]+Table1[[#This Row],[Giá Trị HD sau CK]]-Table1[[#This Row],[Số tiền đã thu]] -> 0 | S573: =IF(Table1[[#This Row],[Ngày hóa đơn]]<>"",Table1[[#This Row],[Ngày hóa đơn]],IF(Table1[[#This Row],[Ngày hạch toán]]<>"",Table1[[#This Row],[Ngày hạch toán]],"")) -> 46084 | U573: =IF(Table1[[#This Row],[Ngày tính CN]]="","",S573+T573) -> 46084 | V573: =IF(Table1[[#This Row],[Hạn thanh toán]]="","",IF((U573-NOW())<0,0,(U573-NOW()))) -> 0 | X573: =IF(OR(U573="",R573=0),"",IF((U573-NOW())<0,-(U573-NOW()),0)) | Y573: =IF(R573=0,"Đã thanh toán",IF(X573="","",IF(X573<=0,"Chưa đến hạn thanh toán",IF(X573<=30,"Nợ quá hạn 30 ngày",IF(X573<=60,"Nợ quá hạn từ 30 ngày đến 60 ngày",IF(X573<=90,"Nợ quá hạn từ 60 ngày đến 90 ngày",IF(X573<=120,"Nợ quá hạn từ 90 ngày đến 120 ngày","Nợ quá hạn hơn 120 ngày có khả năng mất thanh toán"))))))) -> Đã thanh toán | Z573: =IF(S573="","",S573) -> 46084 | AA573: =IF(M573="","",M573) -> 46105 | AD573: =VLOOKUP($A573,MA_KH!$A:$Q,MA_KH!O$1,0) -> MEGA | AE573: =VLOOKUP($A573,MA_KH!$A:$Q,MA_KH!P$1,0) -> CÔNG TY TNHH MM MEGA MARKET (VIỆT NAM) | AG573: =(Table1[[#This Row],[Số hóa đơn]])&IF(OR(Table1[[#This Row],[Phân loại]]="Hàng trả",Table1[[#This Row],[Phân loại]]="Giảm công nợ"),-Table1[[#This Row],[Tổng giá trị]],Table1[[#This Row],[Tổng giá trị]]) -> 00014261-17948528 | AH573: =_xlfn.XLOOKUP(Table1[[#This Row],[Column1]],'Chi tiết tt Mega gửi'!P:P,'Chi tiết tt Mega gửi'!N:N) -> #N/A
A574: MEGA-HCM-Q2-49586 | B574: CÔNG TY TNHH MM MEGA MARKET (VIỆT NAM) | C574: 46084 | D574: MDV00171 | E574: 46084 | F574: 00014264 | G574: CTG - HO TRO NHOM HANG TRONG DIEM 4% | H574: 33238014 | I574: 0 | J574: 2659041 | K574: 35897055 | L574: Giảm công nợ | M574: 46105 | O574: =IF(Table1[[#This Row],[Phân loại]]="Tồn đầu kỳ",Table1[[#This Row],[Tổng giá trị]],0) -> 0 | P574: =IF(Table1[[#This Row],[Số còn phải thu ĐK]]<>0,0,IF(Table1[[#This Row],[Phân loại]]="Bán hàng",Table1[[#This Row],[Tổng giá trị]],-Table1[[#This Row],[Tổng giá trị]])) -> -35897055 | Q574: =IF(M574<>"",IF(O574<>0,O574,P574),0) -> -35897055 | R574: =Table1[[#This Row],[Số còn phải thu ĐK]]+Table1[[#This Row],[Giá Trị HD sau CK]]-Table1[[#This Row],[Số tiền đã thu]] -> 0 | S574: =IF(Table1[[#This Row],[Ngày hóa đơn]]<>"",Table1[[#This Row],[Ngày hóa đơn]],IF(Table1[[#This Row],[Ngày hạch toán]]<>"",Table1[[#This Row],[Ngày hạch toán]],"")) -> 46084 | U574: =IF(Table1[[#This Row],[Ngày tính CN]]="","",S574+T574) -> 46084 | V574: =IF(Table1[[#This Row],[Hạn thanh toán]]="","",IF((U574-NOW())<0,0,(U574-NOW()))) -> 0 | X574: =IF(OR(U574="",R574=0),"",IF((U574-NOW())<0,-(U574-NOW()),0)) | Y574: =IF(R574=0,"Đã thanh toán",IF(X574="","",IF(X574<=0,"Chưa đến hạn thanh toán",IF(X574<=30,"Nợ quá hạn 30 ngày",IF(X574<=60,"Nợ quá hạn từ 30 ngày đến 60 ngày",IF(X574<=90,"Nợ quá hạn từ 60 ngày đến 90 ngày",IF(X574<=120,"Nợ quá hạn từ 90 ngày đến 120 ngày","Nợ quá hạn hơn 120 ngày có khả năng mất thanh toán"))))))) -> Đã thanh toán | Z574: =IF(S574="","",S574) -> 46084 | AA574: =IF(M574="","",M574) -> 46105 | AD574: =VLOOKUP($A574,MA_KH!$A:$Q,MA_KH!O$1,0) -> MEGA | AE574: =VLOOKUP($A574,MA_KH!$A:$Q,MA_KH!P$1,0) -> CÔNG TY TNHH MM MEGA MARKET (VIỆT NAM) | AG574: =(Table1[[#This Row],[Số hóa đơn]])&IF(OR(Table1[[#This Row],[Phân loại]]="Hàng trả",Table1[[#This Row],[Phân loại]]="Giảm công nợ"),-Table1[[#This Row],[Tổng giá trị]],Table1[[#This Row],[Tổng giá trị]]) -> 00014264-35897055 | AH574: =_xlfn.XLOOKUP(Table1[[#This Row],[Column1]],'Chi tiết tt Mega gửi'!P:P,'Chi tiết tt Mega gửi'!N:N) -> #N/A
A575: MEGA-HCM-Q2-49586 | B575: CÔNG TY TNHH MM MEGA MARKET (VIỆT NAM) | C575: 46084 | D575: MDV00171 | E575: 46084 | F575: 00014217 | G575: DIS - HO TRO TRUNG BAY SAN PHAM 2.3% | H575: 19111858 | I575: 0 | J575: 1528949 | K575: 20640807 | L575: Giảm công nợ | M575: 46105 | O575: =IF(Table1[[#This Row],[Phân loại]]="Tồn đầu kỳ",Table1[[#This Row],[Tổng giá trị]],0) -> 0 | P575: =IF(Table1[[#This Row],[Số còn phải thu ĐK]]<>0,0,IF(Table1[[#This Row],[Phân loại]]="Bán hàng",Table1[[#This Row],[Tổng giá trị]],-Table1[[#This Row],[Tổng giá trị]])) -> -20640807 | Q575: =IF(M575<>"",IF(O575<>0,O575,P575),0) -> -20640807 | R575: =Table1[[#This Row],[Số còn phải thu ĐK]]+Table1[[#This Row],[Giá Trị HD sau CK]]-Table1[[#This Row],[Số tiền đã thu]] -> 0 | S575: =IF(Table1[[#This Row],[Ngày hóa đơn]]<>"",Table1[[#This Row],[Ngày hóa đơn]],IF(Table1[[#This Row],[Ngày hạch toán]]<>"",Table1[[#This Row],[Ngày hạch toán]],"")) -> 46084 | U575: =IF(Table1[[#This Row],[Ngày tính CN]]="","",S575+T575) -> 46084 | V575: =IF(Table1[[#This Row],[Hạn thanh toán]]="","",IF((U575-NOW())<0,0,(U575-NOW()))) -> 0 | X575: =IF(OR(U575="",R575=0),"",IF((U575-NOW())<0,-(U575-NOW()),0)) | Y575: =IF(R575=0,"Đã thanh toán",IF(X575="","",IF(X575<=0,"Chưa đến hạn thanh toán",IF(X575<=30,"Nợ quá hạn 30 ngày",IF(X575<=60,"Nợ quá hạn từ 30 ngày đến 60 ngày",IF(X575<=90,"Nợ quá hạn từ 60 ngày đến 90 ngày",IF(X575<=120,"Nợ quá hạn từ 90 ngày đến 120 ngày","Nợ quá hạn hơn 120 ngày có khả năng mất thanh toán"))))))) -> Đã thanh toán | Z575: =IF(S575="","",S575) -> 46084 | AA575: =IF(M575="","",M575) -> 46105 | AD575: =VLOOKUP($A575,MA_KH!$A:$Q,MA_KH!O$1,0) -> MEGA | AE575: =VLOOKUP($A575,MA_KH!$A:$Q,MA_KH!P$1,0) -> CÔNG TY TNHH MM MEGA MARKET (VIỆT NAM) | AG575: =(Table1[[#This Row],[Số hóa đơn]])&IF(OR(Table1[[#This Row],[Phân loại]]="Hàng trả",Table1[[#This Row],[Phân loại]]="Giảm công nợ"),-Table1[[#This Row],[Tổng giá trị]],Table1[[#This Row],[Tổng giá trị]]) -> 00014217-20640807 | AH575: =_xlfn.XLOOKUP(Table1[[#This Row],[Column1]],'Chi tiết tt Mega gửi'!P:P,'Chi tiết tt Mega gửi'!N:N) -> #N/A
A576: MEGA-HCM-Q2-49586 | B576: CÔNG TY TNHH MM MEGA MARKET (VIỆT NAM) | C576: 46084 | D576: MDV00171 | E576: 46084 | F576: 00017840 | G576: DTS-HO TRO CUNG CAP THONG TIN 0.5% | H576: 4154752 | I576: 0 | J576: 332380 | K576: 4487132 | L576: Giảm công nợ | M576: 46105 | O576: =IF(Table1[[#This Row],[Phân loại]]="Tồn đầu kỳ",Table1[[#This Row],[Tổng giá trị]],0) -> 0 | P576: =IF(Table1[[#This Row],[Số còn phải thu ĐK]]<>0,0,IF(Table1[[#This Row],[Phân loại]]="Bán hàng",Table1[[#This Row],[Tổng giá trị]],-Table1[[#This Row],[Tổng giá trị]])) -> -4487132 | Q576: =IF(M576<>"",IF(O576<>0,O576,P576),0) -> -4487132 | R576: =Table1[[#This Row],[Số còn phải thu ĐK]]+Table1[[#This Row],[Giá Trị HD sau CK]]-Table1[[#This Row],[Số tiền đã thu]] -> 0 | S576: =IF(Table1[[#This Row],[Ngày hóa đơn]]<>"",Table1[[#This Row],[Ngày hóa đơn]],IF(Table1[[#This Row],[Ngày hạch toán]]<>"",Table1[[#This Row],[Ngày hạch toán]],"")) -> 46084 | U576: =IF(Table1[[#This Row],[Ngày tính CN]]="","",S576+T576) -> 46084 | V576: =IF(Table1[[#This Row],[Hạn thanh toán]]="","",IF((U576-NOW())<0,0,(U576-NOW()))) -> 0 | X576: =IF(OR(U576="",R576=0),"",IF((U576-NOW())<0,-(U576-NOW()),0)) | Y576: =IF(R576=0,"Đã thanh toán",IF(X576="","",IF(X576<=0,"Chưa đến hạn thanh toán",IF(X576<=30,"Nợ quá hạn 30 ngày",IF(X576<=60,"Nợ quá hạn từ 30 ngày đến 60 ngày",IF(X576<=90,"Nợ quá hạn từ 60 ngày đến 90 ngày",IF(X576<=120,"Nợ quá hạn từ 90 ngày đến 120 ngày","Nợ quá hạn hơn 120 ngày có khả năng mất thanh toán"))))))) -> Đã thanh toán | Z576: =IF(S576="","",S576) -> 46084 | AA576: =IF(M576="","",M576) -> 46105 | AD576: =VLOOKUP($A576,MA_KH!$A:$Q,MA_KH!O$1,0) -> MEGA | AE576: =VLOOKUP($A576,MA_KH!$A:$Q,MA_KH!P$1,0) -> CÔNG TY TNHH MM MEGA MARKET (VIỆT NAM) | AG576: =(Table1[[#This Row],[Số hóa đơn]])&IF(OR(Table1[[#This Row],[Phân loại]]="Hàng trả",Table1[[#This Row],[Phân loại]]="Giảm công nợ"),-Table1[[#This Row],[Tổng giá trị]],Table1[[#This Row],[Tổng giá trị]]) -> 00017840-4487132 | AH576: =_xlfn.XLOOKUP(Table1[[#This Row],[Column1]],'Chi tiết tt Mega gửi'!P:P,'Chi tiết tt Mega gửi'!N:N) -> #N/A
A577: MEGA-HCM-Q2-49586 | B577: CÔNG TY TNHH MM MEGA MARKET (VIỆT NAM) | C577: 46084 | D577: MDV00171 | E577: 46084 | F577: 00017740 | G577: BUS - HO TRO CUNG HOP TAC 2.25% | H577: 18696383 | I577: 0 | J577: 1495711 | K577: 20192094 | L577: Giảm công nợ | M577: 46105 | O577: =IF(Table1[[#This Row],[Phân loại]]="Tồn đầu kỳ",Table1[[#This Row],[Tổng giá trị]],0) -> 0 | P577: =IF(Table1[[#This Row],[Số còn phải thu ĐK]]<>0,0,IF(Table1[[#This Row],[Phân loại]]="Bán hàng",Table1[[#This Row],[Tổng giá trị]],-Table1[[#This Row],[Tổng giá trị]])) -> -20192094 | Q577: =IF(M577<>"",IF(O577<>0,O577,P577),0) -> -20192094 | R577: =Table1[[#This Row],[Số còn phải thu ĐK]]+Table1[[#This Row],[Giá Trị HD sau CK]]-Table1[[#This Row],[Số tiền đã thu]] -> 0 | S577: =IF(Table1[[#This Row],[Ngày hóa đơn]]<>"",Table1[[#This Row],[Ngày hóa đơn]],IF(Table1[[#This Row],[Ngày hạch toán]]<>"",Table1[[#This Row],[Ngày hạch toán]],"")) -> 46084 | U577: =IF(Table1[[#This Row],[Ngày tính CN]]="","",S577+T577) -> 46084 | V577: =IF(Table1[[#This Row],[Hạn thanh toán]]="","",IF((U577-NOW())<0,0,(U577-NOW()))) -> 0 | X577: =IF(OR(U577="",R577=0),"",IF((U577-NOW())<0,-(U577-NOW()),0)) | Y577: =IF(R577=0,"Đã thanh toán",IF(X577="","",IF(X577<=0,"Chưa đến hạn thanh toán",IF(X577<=30,"Nợ quá hạn 30 ngày",IF(X577<=60,"Nợ quá hạn từ 30 ngày đến 60 ngày",IF(X577<=90,"Nợ quá hạn từ 60 ngày đến 90 ngày",IF(X577<=120,"Nợ quá hạn từ 90 ngày đến 120 ngày","Nợ quá hạn hơn 120 ngày có khả năng mất thanh toán"))))))) -> Đã thanh toán | Z577: =IF(S577="","",S577) -> 46084 | AA577: =IF(M577="","",M577) -> 46105 | AD577: =VLOOKUP($A577,MA_KH!$A:$Q,MA_KH!O$1,0) -> MEGA | AE577: =VLOOKUP($A577,MA_KH!$A:$Q,MA_KH!P$1,0) -> CÔNG TY TNHH MM MEGA MARKET (VIỆT NAM) | AG577: =(Table1[[#This Row],[Số hóa đơn]])&IF(OR(Table1[[#This Row],[Phân loại]]="Hàng trả",Table1[[#This Row],[Phân loại]]="Giảm công nợ"),-Table1[[#This Row],[Tổng giá trị]],Table1[[#This Row],[Tổng giá trị]]) -> 00017740-20192094 | AH577: =_xlfn.XLOOKUP(Table1[[#This Row],[Column1]],'Chi tiết tt Mega gửi'!P:P,'Chi tiết tt Mega gửi'!N:N) -> #N/A
A578: MEGA-HCM-Q2-49586 | B578: CÔNG TY TNHH MM MEGA MARKET (VIỆT NAM) | C578: 46084 | D578: MDV00171 | E578: 46084 | F578: 00016799 | G578: ADS - HO TRO THEM 1% | H578: 8309504 | I578: 0 | J578: 664760 | K578: 8974264 | L578: Giảm công nợ | M578: 46105 | O578: =IF(Table1[[#This Row],[Phân loại]]="Tồn đầu kỳ",Table1[[#This Row],[Tổng giá trị]],0) -> 0 | P578: =IF(Table1[[#This Row],[Số còn phải thu ĐK]]<>0,0,IF(Table1[[#This Row],[Phân loại]]="Bán hàng",Table1[[#This Row],[Tổng giá trị]],-Table1[[#This Row],[Tổng giá trị]])) -> -8974264 | Q578: =IF(M578<>"",IF(O578<>0,O578,P578),0) -> -8974264 | R578: =Table1[[#This Row],[Số còn phải thu ĐK]]+Table1[[#This Row],[Giá Trị HD sau CK]]-Table1[[#This Row],[Số tiền đã thu]] -> 0 | S578: =IF(Table1[[#This Row],[Ngày hóa đơn]]<>"",Table1[[#This Row],[Ngày hóa đơn]],IF(Table1[[#This Row],[Ngày hạch toán]]<>"",Table1[[#This Row],[Ngày hạch toán]],"")) -> 46084 | U578: =IF(Table1[[#This Row],[Ngày tính CN]]="","",S578+T578) -> 46084 | V578: =IF(Table1[[#This Row],[Hạn thanh toán]]="","",IF((U578-NOW())<0,0,(U578-NOW()))) -> 0 | X578: =IF(OR(U578="",R578=0),"",IF((U578-NOW())<0,-(U578-NOW()),0)) | Y578: =IF(R578=0,"Đã thanh toán",IF(X578="","",IF(X578<=0,"Chưa đến hạn thanh toán",IF(X578<=30,"Nợ quá hạn 30 ngày",IF(X578<=60,"Nợ quá hạn từ 30 ngày đến 60 ngày",IF(X578<=90,"Nợ quá hạn từ 60 ngày đến 90 ngày",IF(X578<=120,"Nợ quá hạn từ 90 ngày đến 120 ngày","Nợ quá hạn hơn 120 ngày có khả năng mất thanh toán"))))))) -> Đã thanh toán | Z578: =IF(S578="","",S578) -> 46084 | AA578: =IF(M578="","",M578) -> 46105 | AD578: =VLOOKUP($A578,MA_KH!$A:$Q,MA_KH!O$1,0) -> MEGA | AE578: =VLOOKUP($A578,MA_KH!$A:$Q,MA_KH!P$1,0) -> CÔNG TY TNHH MM MEGA MARKET (VIỆT NAM) | AG578: =(Table1[[#This Row],[Số hóa đơn]])&IF(OR(Table1[[#This Row],[Phân loại]]="Hàng trả",Table1[[#This Row],[Phân loại]]="Giảm công nợ"),-Table1[[#This Row],[Tổng giá trị]],Table1[[#This Row],[Tổng giá trị]]) -> 00016799-8974264 | AH578: =_xlfn.XLOOKUP(Table1[[#This Row],[Column1]],'Chi tiết tt Mega gửi'!P:P,'Chi tiết tt Mega gửi'!N:N) -> #N/A
A579: MEGA-HCM-Q2-49586 | B579: CÔNG TY TNHH MM MEGA MARKET (VIỆT NAM) | C579: 46084 | D579: MDV00220 | E579: 46084 | F579: DN_32026T900414 | G579: LOB - Thưởng khách hàng thân thiết 3.3% | H579: 27421362 | I579: 0 | J579: 0 | K579: 27421362 | L579: Giảm công nợ | O579: =IF(Table1[[#This Row],[Phân loại]]="Tồn đầu kỳ",Table1[[#This Row],[Tổng giá trị]],0) -> 0 | P579: =IF(Table1[[#This Row],[Số còn phải thu ĐK]]<>0,0,IF(Table1[[#This Row],[Phân loại]]="Bán hàng",Table1[[#This Row],[Tổng giá trị]],-Table1[[#This Row],[Tổng giá trị]])) -> -27421362 | Q579: =IF(M579<>"",IF(O579<>0,O579,P579),0) -> 0 | R579: =Table1[[#This Row],[Số còn phải thu ĐK]]+Table1[[#This Row],[Giá Trị HD sau CK]]-Table1[[#This Row],[Số tiền đã thu]] -> -27421362 | S579: =IF(Table1[[#This Row],[Ngày hóa đơn]]<>"",Table1[[#This Row],[Ngày hóa đơn]],IF(Table1[[#This Row],[Ngày hạch toán]]<>"",Table1[[#This Row],[Ngày hạch toán]],"")) -> 46084 | U579: =IF(Table1[[#This Row],[Ngày tính CN]]="","",S579+T579) -> 46084 | V579: =IF(Table1[[#This Row],[Hạn thanh toán]]="","",IF((U579-NOW())<0,0,(U579-NOW()))) -> 0 | X579: =IF(OR(U579="",R579=0),"",IF((U579-NOW())<0,-(U579-NOW()),0)) -> 210.35975 | Y579: =IF(R579=0,"Đã thanh toán",IF(X579="","",IF(X579<=0,"Chưa đến hạn thanh toán",IF(X579<=30,"Nợ quá hạn 30 ngày",IF(X579<=60,"Nợ quá hạn từ 30 ngày đến 60 ngày",IF(X579<=90,"Nợ quá hạn từ 60 ngày đến 90 ngày",IF(X579<=120,"Nợ quá hạn từ 90 ngày đến 120 ngày","Nợ quá hạn hơn 120 ngày có khả năng mất thanh toán"))))))) -> Nợ quá hạn hơn 120 ngày có khả năng mất thanh toán | Z579: =IF(S579="","",S579) -> 46084 | AA579: =IF(M579="","",M579) | AD579: =VLOOKUP($A579,MA_KH!$A:$Q,MA_KH!O$1,0) -> MEGA | AE579: =VLOOKUP($A579,MA_KH!$A:$Q,MA_KH!P$1,0) -> CÔNG TY TNHH MM MEGA MARKET (VIỆT NAM) | AG579: =(Table1[[#This Row],[Số hóa đơn]])&IF(OR(Table1[[#This Row],[Phân loại]]="Hàng trả",Table1[[#This Row],[Phân loại]]="Giảm công nợ"),-Table1[[#This Row],[Tổng giá trị]],Table1[[#This Row],[Tổng giá trị]]) -> DN_32026T900414-27421362 | AH579: =_xlfn.XLOOKUP(Table1[[#This Row],[Column1]],'Chi tiết tt Mega gửi'!P:P,'Chi tiết tt Mega gửi'!N:N) -> #N/A
A580: MEGA-HCM-00--008 | B580: CHI NHÁNH CÔNG TY TNHH MM MEGA MARKET (VIỆT NAM) TẠI TỈNH BÌNH DƯƠNG | C580: 46085 | D580: BH07666 | E580: 46090 | F580: 00017188 | G580: 19093421 | H580: 3600530 | I580: 0 | J580: 288042 | K580: 3888572 | L580: Bán hàng | M580: 46122 | O580: =IF(Table1[[#This Row],[Phân loại]]="Tồn đầu kỳ",Table1[[#This Row],[Tổng giá trị]],0) -> 0 | P580: =IF(Table1[[#This Row],[Số còn phải thu ĐK]]<>0,0,IF(Table1[[#This Row],[Phân loại]]="Bán hàng",Table1[[#This Row],[Tổng giá trị]],-Table1[[#This Row],[Tổng giá trị]])) -> 3888572 | Q580: =IF(M580<>"",IF(O580<>0,O580,P580),0) -> 3888572 | R580: =Table1[[#This Row],[Số còn phải thu ĐK]]+Table1[[#This Row],[Giá Trị HD sau CK]]-Table1[[#This Row],[Số tiền đã thu]] -> 0 | S580: =IF(Table1[[#This Row],[Ngày hóa đơn]]<>"",Table1[[#This Row],[Ngày hóa đơn]],IF(Table1[[#This Row],[Ngày hạch toán]]<>"",Table1[[#This Row],[Ngày hạch toán]],"")) -> 46090 | U580: =IF(Table1[[#This Row],[Ngày tính CN]]="","",S580+T580) -> 46090 | V580: =IF(Table1[[#This Row],[Hạn thanh toán]]="","",IF((U580-NOW())<0,0,(U580-NOW()))) -> 0 | X580: =IF(OR(U580="",R580=0),"",IF((U580-NOW())<0,-(U580-NOW()),0)) | Y580: =IF(R580=0,"Đã thanh toán",IF(X580="","",IF(X580<=0,"Chưa đến hạn thanh toán",IF(X580<=30,"Nợ quá hạn 30 ngày",IF(X580<=60,"Nợ quá hạn từ 30 ngày đến 60 ngày",IF(X580<=90,"Nợ quá hạn từ 60 ngày đến 90 ngày",IF(X580<=120,"Nợ quá hạn từ 90 ngày đến 120 ngày","Nợ quá hạn hơn 120 ngày có khả năng mất thanh toán"))))))) -> Đã thanh toán | Z580: =IF(S580="","",S580) -> 46090 | AA580: =IF(M580="","",M580) -> 46122 | AD580: =VLOOKUP($A580,MA_KH!$A:$Q,MA_KH!O$1,0) -> MEGA | AE580: =VLOOKUP($A580,MA_KH!$A:$Q,MA_KH!P$1,0) -> CÔNG TY TNHH MM MEGA MARKET (VIỆT NAM) | AG580: =(Table1[[#This Row],[Số hóa đơn]])&IF(OR(Table1[[#This Row],[Phân loại]]="Hàng trả",Table1[[#This Row],[Phân loại]]="Giảm công nợ"),-Table1[[#This Row],[Tổng giá trị]],Table1[[#This Row],[Tổng giá trị]]) -> 000171883888572 | AH580: =_xlfn.XLOOKUP(Table1[[#This Row],[Column1]],'Chi tiết tt Mega gửi'!P:P,'Chi tiết tt Mega gửi'!N:N) -> #N/A
A581: MEGA-HCM-Q2-49586 | B581: CÔNG TY TNHH MM MEGA MARKET (VIỆT NAM) | C581: 46085 | D581: BH07667 | E581: 46090 | F581: 00017189 | G581: 10160128 - Mega An Phú | H581: 12386628 | I581: 0 | J581: 990930 | K581: 13377558 | L581: Bán hàng | M581: 46122 | O581: =IF(Table1[[#This Row],[Phân loại]]="Tồn đầu kỳ",Table1[[#This Row],[Tổng giá trị]],0) -> 0 | P581: =IF(Table1[[#This Row],[Số còn phải thu ĐK]]<>0,0,IF(Table1[[#This Row],[Phân loại]]="Bán hàng",Table1[[#This Row],[Tổng giá trị]],-Table1[[#This Row],[Tổng giá trị]])) -> 13377558 | Q581: =IF(M581<>"",IF(O581<>0,O581,P581),0) -> 13377558 | R581: =Table1[[#This Row],[Số còn phải thu ĐK]]+Table1[[#This Row],[Giá Trị HD sau CK]]-Table1[[#This Row],[Số tiền đã thu]] -> 0 | S581: =IF(Table1[[#This Row],[Ngày hóa đơn]]<>"",Table1[[#This Row],[Ngày hóa đơn]],IF(Table1[[#This Row],[Ngày hạch toán]]<>"",Table1[[#This Row],[Ngày hạch toán]],"")) -> 46090 | U581: =IF(Table1[[#This Row],[Ngày tính CN]]="","",S581+T581) -> 46090 | V581: =IF(Table1[[#This Row],[Hạn thanh toán]]="","",IF((U581-NOW())<0,0,(U581-NOW()))) -> 0 | X581: =IF(OR(U581="",R581=0),"",IF((U581-NOW())<0,-(U581-NOW()),0)) | Y581: =IF(R581=0,"Đã thanh toán",IF(X581="","",IF(X581<=0,"Chưa đến hạn thanh toán",IF(X581<=30,"Nợ quá hạn 30 ngày",IF(X581<=60,"Nợ quá hạn từ 30 ngày đến 60 ngày",IF(X581<=90,"Nợ quá hạn từ 60 ngày đến 90 ngày",IF(X581<=120,"Nợ quá hạn từ 90 ngày đến 120 ngày","Nợ quá hạn hơn 120 ngày có khả năng mất thanh toán"))))))) -> Đã thanh toán | Z581: =IF(S581="","",S581) -> 46090 | AA581: =IF(M581="","",M581) -> 46122 | AD581: =VLOOKUP($A581,MA_KH!$A:$Q,MA_KH!O$1,0) -> MEGA | AE581: =VLOOKUP($A581,MA_KH!$A:$Q,MA_KH!P$1,0) -> CÔNG TY TNHH MM MEGA MARKET (VIỆT NAM) | AG581: =(Table1[[#This Row],[Số hóa đơn]])&IF(OR(Table1[[#This Row],[Phân loại]]="Hàng trả",Table1[[#This Row],[Phân loại]]="Giảm công nợ"),-Table1[[#This Row],[Tổng giá trị]],Table1[[#This Row],[Tổng giá trị]]) -> 0001718913377558 | AH581: =_xlfn.XLOOKUP(Table1[[#This Row],[Column1]],'Chi tiết tt Mega gửi'!P:P,'Chi tiết tt Mega gửi'!N:N) -> #N/A
